Workbook

Sheet Context
A1: Context
A3: entity
A4: identifier | B4: entityCode
A5: scheme | B5: http://www.idx.co.id/xbrl
A7: period
A8: startDate | B8: 40544
A9: endDate | B9: 40816
A10: instant | B10: 40816
A11: startDate | B11: 40179
A12: endDate | B12: 40543
A13: instant | B13: 40543
A14: startDate | B14: 40179
A15: endDate | B15: 40451
A16: instant | B16: 40451
A17: instant | B17: 40178
A19: CurrentYearDuration
A20: entity
A21: identifier | B21: entityCode
A22: scheme | B22: http://www.idx.co.id/xbrl
A23: period
A24: startDate | B24: 40544
A25: endDate | B25: 40816
A27: CurrentYearInstant
A28: entity
A29: identifier | B29: entityCode
A30: scheme | B30: http://www.idx.co.id/xbrl
A31: period
A32: instant | B32: 40816
A34: PriorEndYearDuration
A35: entity
A36: identifier | B36: entityCode
A37: scheme | B37: http://www.idx.co.id/xbrl
A38: period
A39: startDate | B39: 40179
A40: endDate | B40: 40543
A42: PriorEndYearInstant
A43: entity
A44: identifier | B44: entityCode
A45: scheme | B45: http://www.idx.co.id/xbrl
A46: period
A47: instant | B47: 40543
A49: PriorYearDuration
A50: entity
A51: identifier | B51: entityCode
A52: scheme | B52: http://www.idx.co.id/xbrl
A53: period
A54: startDate | B54: 40179
A55: endDate | B55: 40451
A57: PriorYearInstant
A58: entity
A59: identifier | B59: entityCode
A60: scheme | B60: http://www.idx.co.id/xbrl
A61: period
A62: instant | B62: 40451
A64: Prior2YearsInstant
A65: entity
A66: identifier | B66: entityCode
A67: scheme | B67: http://www.idx.co.id/xbrl
A68: period
A69: instant | B69: 40178

Sheet InlineXBRL
A1: Inline XBRL file names | B1: Worksheet names
A2: 1000000.html | B2: 1000000

Sheet GENERAL INFO
A1: Informasi umum
A3: Period | C3: 2019-12-31 | D3: 2020-12-31 | E3: 2021-12-31 | F3: 2022-12-31 | G3: 2023-12-31 | H3: 2024-12-31 | I3: 2025-12-31
A4: Informasi umum
A5: Nama entitas | C5: PT Bank Maybank Indonesia Tbk | D5: PT Bank Maybank Indonesia Tbk | E5: PT Bank Maybank Indonesia Tbk | F5: PT Bank Maybank Indonesia Tbk | G5: PT Bank Maybank Indonesia Tbk | H5: PT Bank Maybank Indonesia Tbk | I5: PT Bank Maybank Indonesia Tbk
A6: Penjelasan perubahan nama dari akhir periode laporan sebelumnya
A7: Kode entitas | C7: BNII | D7: BNII | E7: BNII | F7: BNII | G7: BNII | H7: BNII | I7: BNII
A8: Nomor identifikasi entitas | C8: AA053 | D8: AA053 | E8: AA053 | F8: AA053 | G8: AA053 | H8: AA053 | I8: AA053
A9: Industri utama entitas | C9: Keuangan dan Syariah / Financial and Sharia | D9: Keuangan dan Syariah / Financial and Sharia | E9: Keuangan dan Syariah / Financial and Sharia | F9: Keuangan dan Syariah / Financial and Sharia | G9: Keuangan dan Syariah / Financial and Sharia | H9: Keuangan dan Syariah / Financial and Sharia | I9: Keuangan dan Syariah / Financial and Sharia
A10: Standar akutansi yang dipilih | F10: PSAK | G10: PSAK | H10: PSAK | I10: PSAK
A11: Sektor | C11: 8. Finance | D11: 8. Finance | E11: 8. Finance | F11: G. Financials | G11: G. Financials | H11: G. Financials | I11: G. Financials
A12: Subsektor | C12: 81. Bank | D12: 81. Bank | E12: 81. Bank | F12: G1. Banks | G12: G1. Banks | H12: G1. Banks | I12: G1. Banks
A13: Industri | F13: G11. Banks | G13: G11. Banks | H13: G11. Banks | I13: G11. Banks
A14: Subindustri | F14: G111. Banks | G14: G111. Banks | H14: G111. Banks | I14: G111. Banks
A15: Informasi pemegang saham pengendali | C15: Foreign Corporation | D15: Foreign Corporation | E15: Foreign Corporation | F15: Foreign Corporation | G15: Foreign Corporation | H15: Foreign Corporation | I15: Foreign Corporation
A16: Jenis entitas | C16: Local Company - Indonesia Jurisdiction | D16: Local Company - Indonesia Jurisdiction | E16: Local Company - Indonesia Jurisdiction | F16: Local Company - Indonesia Jurisdiction | G16: Local Company - Indonesia Jurisdiction | H16: Local Company - Indonesia Jurisdiction | I16: Local Company - Indonesia Jurisdiction
A17: Jenis efek yang dicatatkan | C17: Saham dan Obligasi / Stock and Bond | D17: Saham dan Obligasi / Stock and Bond | E17: Saham dan Obligasi / Stock and Bond | F17: Saham dan Obligasi / Stock and Bond | G17: Saham dan Obligasi / Stock and Bond | H17: Saham dan Obligasi / Stock and Bond | I17: Saham dan Obligasi / Stock and Bond
A18: Jenis papan perdagangan tempat entitas tercatat | F18: Utama / Main | G18: Utama / Main | H18: Utama / Main | I18: Utama / Main
A19: Apakah merupakan laporan keuangan satu entitas atau suatu kelompok entitas | C19: Entitas grup / Group entity | D19: Entitas grup / Group entity | E19: Entitas grup / Group entity | F19: Entitas grup / Group entity | G19: Entitas grup / Group entity | H19: Entitas grup / Group entity | I19: Entitas grup / Group entity
A20: Periode penyampaian laporan keuangan | C20: Tahunan / Annual | D20: Tahunan / Annual | E20: Tahunan / Annual | F20: Tahunan / Annual | G20: Tahunan / Annual | H20: Tahunan / Annual | I20: Tahunan / Annual
A21: Tanggal Surat Pernyataan Direksi | G21: 2024-02-23 | H21: 2024-02-20 | I21: 2025-02-25
A22: Tanggal awal periode berjalan | C22: 2019-01-01 | D22: 2020-01-01 | E22: 2021-01-01 | F22: 2022-01-01 | G22: 2023-01-01 | H22: 2024-01-01 | I22: 2025-01-01
A23: Tanggal akhir periode berjalan | C23: 2019-12-31 | D23: 2020-12-31 | E23: 2021-12-31 | F23: 2022-12-31 | G23: 2023-12-31 | H23: 2024-12-31 | I23: 2025-12-31
A24: Tanggal akhir tahun sebelumnya | C24: 2018-12-31 | D24: 2019-12-31 | E24: 2020-12-31 | F24: 2021-12-31 | G24: 2022-12-31 | H24: 2023-12-31 | I24: 2024-12-31
A25: Tanggal awal periode sebelumnya | C25: 2018-01-01 | D25: 2019-01-01 | E25: 2020-01-01 | F25: 2021-01-01 | G25: 2022-01-01 | H25: 2023-01-01 | I25: 2024-01-01
A26: Tanggal akhir periode sebelumnya | C26: 2018-12-31 | D26: 2019-12-31 | E26: 2020-12-31 | F26: 2021-12-31 | G26: 2022-12-31 | H26: 2023-12-31 | I26: 2024-12-31
A27: Tanggal akhir 2 tahun sebelumnya | F27: 2020-12-31 | G27: 2021-12-31 | H27: 2022-12-31 | I27: 2023-12-31
A28: Mata uang pelaporan | C28: Rupiah / IDR | D28: Rupiah / IDR | E28: Rupiah / IDR | F28: Rupiah / IDR | G28: Rupiah / IDR | H28: Rupiah / IDR | I28: Rupiah / IDR
A29: Kurs konversi pada tanggal pelaporan jika mata uang penyajian selain rupiah
A30: Pembulatan yang digunakan dalam penyajian jumlah dalam laporan keuangan | C30: Jutaan / In Million | D30: Jutaan / In Million | E30: Jutaan / In Million | F30: Jutaan / In Million | G30: Jutaan / In Million | H30: Jutaan / In Million | I30: Jutaan / In Million
A31: Jenis laporan atas laporan keuangan | C31: Diaudit / Audited | D31: Diaudit / Audited | E31: Diaudit / Audited | F31: Diaudit / Audited | G31: Diaudit / Audited | H31: Diaudit / Audited | I31: Diaudit / Audited
A32: Jenis opini auditor | C32: Wajar Tanpa Pengecualian / Unqualified | D32: Wajar Tanpa Pengecualian / Unqualified | E32: Wajar Tanpa Pengecualian / Unqualified | F32: Wajar Tanpa Modifikasian / Unqualified | G32: Wajar Tanpa Modifikasian / Unqualified | H32: Wajar Tanpa Modifikasian / Unqualified | I32: Wajar Tanpa Modifikasian / Unqualified
A33: Hal yang diungkapkan dalam paragraf pendapat untuk penekanan atas suatu masalah atau paragraf penjelasan lainnya, jika ada | I33: Seperti yang dijelaskan dalam Catatan 12 dan 13 atas laporan keuangan konsolidasian, pada tanggal 31 Desember 2025, cadangan kerugian penurunan nilai atas kredit yang diberikan dan piutang/pembiayaan syariah dan piutang pembiayaan konsumen adalah masing-masng sebesar Rp3.181.985 juta dan Rp126.843 juta. Informasi kebijakan akuntansi material atas cadangan kerugian penurunan nilai diungkapkan dalam Catatan 2 dalam laporan keuangan konsolidasian terlampir.
A34: Hasil penugasan review
A35: Opini Hal Audit Utama | F35: Ya / Yes | G35: Ya / Yes | H35: Ya / Yes | I35: Ya / Yes
A36: Jumlah Hal Audit Utama | F36: 3 | G36: 5 | H36: 4 | I36: 5
A37: Paragraf Hal Audit Utama | F37: Cadangan kerugian penurunan nilai atas kredit yang diberikan dan piutang/pembiayaan syariah dan piutang pembiayaan konsumen. | G37: Cadangan kerugian penurunan nilai atas kredit yang diberikan dan piutang/pembiayaan syariah dan piutang pembiayaan konsumen | H37: Hal audit utama adalah hal-hal yang, menurut pertimbangan profesional kami, merupakan hal-hal paling signifikan dalam audit kami atas laporan keuangan konsolidasian periode kini. Hal audit utama tersebut disampaikan dalam konteks audit kami atas laporan keuangan konsolidasian secara keseluruhan dan dalam merumuskan opini kami atas laporan keuangan konsolidasian terkait, dan kami tidak menyatakan suatu opini terpisah atas hal audit utama tersebut. Untuk hal audit utama di bawah ini, penjelasan kami tentang bagaimana audit kami merespons hal tersebut disampaikan dalam konteks tersebut. Kami telah memenuhi tanggung jawab yang diuraikan dalam paragraf Tanggung Jawab Auditor terhadap Audit atas Laporan Keuangan Konsolidasian pada laporan kami, termasuk sehubungan dengan hal audit utama yang dikomunikasikan di bawah ini. Oleh karena itu, audit kami mencakup pelaksanaan prosedur yang didesain untuk merespons penilaian kami atas risiko kesalahan penyajian material dalam laporan keuangan konsolidasian terlampir. Hasil prosedur audit kami, termasuk prosedur yang dilakukan untuk merespons hal audit utama di bawah ini, menyediakan basis bagi opini kami atas laporan keuangan konsolidasian terlampir. Cadangan kerugian penurunan nilai atas kredit yang diberikan dan piutang/pembiayaan syariah dan piutang pembiayaan konsumen Penjelasan atas hal audit utama: Seperti yang dijelaskan dalam Catatan 12 dan 13 atas laporan keuangan konsolidasian, pada tanggal 31 Desember 2024, cadangan kerugian penurunan nilai atas kredit yang diberikan dan piutang/pembiayaan syariah dan piutang pembiayaan konsumen adalah masing-masing sebesar Rp3.902.938 juta dan Rp116.486 juta. Informasi kebijakan akuntansi material atas cadangan kerugian penurunan nilai diungkapkan dalam Catatan 2 dalam laporan keuangan konsolidasian terlampir. Kami fokus pada area ini karena nilai tercatat atas kredit yang diberikan dan piutang/ pembiayaan syariah dan piutang pembiayaan konsumen dan cadangan kerugian penurunan nilai terkait adalah signifikan terhadap laporan keuangan konsolidasian Grup terlampir. Penentuan cadangan kerugian penurunan nilai memerlukan pertimbangan dan ketidakpastian estimasi yang penentuan model untuk menghitung cadangan kerugian penurunan nilai, identifikasi eksposur kredit yang mengalami penurunan kualitas kredit yang signifikan, dan penentuan asumsi yang digunakan dalam model perhitungan cadangan kerugian penurunan nilai (untuk eksposur yang dinilai secara individu atau kolektif), termasuk faktor ekonomi makro masa depan. Respon audit: Kami menguji pengendalian utama atas pemberian, segmentasi, penilaian kualitas kredit internal secara regular, pencatatan dan piutang/pembiayaan syariah dan piutang pembiayaan konsumen. Kami memeroleh pemahaman dan menilai metodologi pengukuran penurunan nilai, validasi model cadangan kerugian penurunan nilai, dan data masukan, dasar dan asumsi yang digunakan oleh Grup dalam menghitung cadangan kerugian penurunan nilai, serta menguji tiga tahapan kualitas kredit portofolio sesuai dengan kriteria tingkatan (staging) yang disusun oleh Grup untuk kredit yang diberikan dan piutang pembiayaan konsumen. Kami menguji apakah pengalaman historis mewakili keadaan saat ini dan kerugian terkini yang terjadi dalam portofolio, serta menilai kewajaran atas penyesuaian asumsi masa depan, analisis faktor ekonomi makro, dan beberapa skenario probabilitas tertimbang untuk kredit yang diberikan dan piutang pembiayaan konsumen. Untuk cadangan kerugian penurunan nilai yang dinilai secara individual, kami menguji sampel kredit yang diberikan dan piutang/pembiayaan syariah untuk mengevaluasi ketepatan waktu Grup dalam melakukan identifikasi eksposur yang mengalami penurunan kualitas kredit yang signifikan atau yang telah mengalami penurunan nilai; untuk kasus-kasus di mana penurunan nilai telah diidentifikasi, kami menilai asumsi Grup atas arus kas masa depan yang akan diterima, termasuk nilai agunan yang dapat direalisasikan berdasarkan informasi pasar yang tersedia atau penitaian yang dilakukan oleh penilai independen. Kami memeriksa keakurasian perhitungan jumlah cadangan kerugian penurunan nilai dengan melakukan perhitungan ulang atas keseluruhan portofolio yang penurunan nilainya dinilai secara kolektif dan melakukan perhitungan ulang atas penurunan nilai yang dinilai secara individual berdasarkan sampel. Kami menilai apakah pengungkapan di laporan keuangan cukup dan secara memadai mencerminkan eksposur Grup terhadap risiko kredit. Kami melibatkan pakar auditor internal kami untuk membantu kami dalam melakukan prosedur-prosedur di atas ketika keahlian spesifik mereka diperlukan. | I37: Seperti yang dijelaskan dalam Catatan 12 dan 13 atas laporan keuangan konsolidasian, pada tanggal 31 Desember 2025, cadangan kerugian penurunan nilai atas kredit yang diberikan dan piutang/pembiayaan syariah dan piutang pembiayaan konsumen adalah masing-masng sebesar Rp3.181.985 juta dan Rp126.843 juta. Informasi kebijakan akuntansi material atas cadangan kerugian penurunan nilai diungkapkan dalam Catatan 2 dalam laporan keuangan konsolidasian terlampir.
A38: Tanggal laporan audit atau hasil laporan review | C38: February 17, 2020 | D38: February 18, 2020 | E38: February 17, 2022 | F38: 16 Februari 2023 | G38: 2024-02-23 | H38: 2025-02-20 | I38: 2026-02-25
A39: Auditor tahun berjalan | C39: Purwantono,Sungkoro,& Surja | D39: Purwantono, Sungkoro & Surja | E39: Purwantono,Sungkoro,& Surja | F39: Purwantono,Sungkoro,& Surja | G39: Purwantono, Sungkoro dan Surja | H39: KAP Purwantono, Sungkoro dan Surja | I39: KAP Purwanto Susanti dan Surja
A40: Nama partner audit tahun berjalan | C40: Benyanto Suherman | D40: Benyanto Suherman | E40: Christophorus Alvin Kossim | F40: Muhammad Kurniawan | G40: Yasir | H40: Yasir | I40: Yasir
A41: Lama tahun penugasan partner yang menandatangani | D41: 2 | E41: 1 | F41: 1 | G41: 4 | H41: 5 | I41: 6
A42: Auditor tahun sebelumnya | C42: Purwantono, Suherman & Surja | D42: Purwantono, Sungkoro & Surja | E42: Purwantono, Sungkoro & Surja | F42: Purwantono,Sungkoro,& Surja | G42: Purwantono, Sungkoro & Surja | H42: KAP Purwantono, Sungkoro dan Surja | I42: KAP Purwantono, Sungkoro dan Surja
A43: Nama partner audit tahun sebelumnya | C43: Danil S. Handaja | D43: Benyanto Suherman | E43: Benyanto Suherman | F43: Christophorus Alvin Kossim | G43: Muhammad Kurniawan | H43: Yasir | I43: Yasir
A44: Kepatuhan terhadap pemenuhan peraturan OJK Nomor: 75/POJK.04/2017 tentang Tanggung Jawab Direksi Atas Laporan Keuangan | C44: Ya / Yes | D44: Ya / Yes | E44: Ya / Yes | F44: Ya / Yes | G44: Ya / Yes | H44: Ya / Yes | I44: Ya / Yes
A45: Kepatuhan terhadap pemenuhan independensi akuntan yang memberikan jasa audit di pasar modal sesuai dengan POJK Nomor 13/POJK.03/2017 tentang Penggunaan Jasa Akuntan Publik dalam Kegiatan Jasa Keuangan | C45: Ya / Yes | D45: Ya / Yes | E45: Ya / Yes | F45: Ya / Yes | G45: Ya / Yes | H45: Ya / Yes | I45: Ya / Yes

Sheet BALANCE SHEET
A1: Laporan posisi keuangan
A3: Period | C3: 2018-12-31 | D3: 2019-12-31 | E3: 2020-12-31 | F3: 2021-12-31 | G3: 2022-12-31 | H3: 2023-12-31 | I3: 2024-12-31 | J3: 2025-12-31
A4: Laporan posisi keuangan
A5: Aset
A6: Kas | C6: 1604.849 | D6: 1776.134 | E6: 1538.167 | F6: 1618.419 | G6: 1524.955 | H6: 1570.03 | I6: 1861.87 | J6: 1717.615
A7: Dana yang dibatasi penggunaannya | C7: 0
A8: Giro pada Bank Indonesia | C8: 8941.078 | D8: 7730.335 | E8: 5049.53 | F8: 4499.947 | G8: 9654.266 | H8: 8152.106 | I8: 10696.358 | J8: 7099.181
A9: Giro pada bank lain | C9: =C10+C11-C12 | D9: =D10+D11-D12 | E9: =E10+E11-E12 | F9: =F10+F11-F12 | G9: =G10+G11-G12 | H9: =H10+H11-H12 | I9: =I10+I11-I12 | J9: =J10+J11-J12 | ... AM9: =AM10+AM11-AM12
A10: Giro pada bank lain pihak ketiga | C10: 2092.401 | D10: 3424.889 | E10: 4945.618 | F10: 3727.203 | G10: 1973.389 | H10: 2097.274 | I10: 2511.034 | J10: 3283.524
A11: Giro pada bank lain pihak berelasi | C11: 69.614 | D11: 32.825 | E11: 75.995 | F11: 26.891 | G11: 57.932 | H11: 96.818 | I11: 60.915 | J11: 115.242
A12: Cadangan kerugian penurunan nilai pada giro pada bank lain | C12: 0.225 | D12: 0.183 | E12: 3.495 | F12: 5.176 | G12: 1.537 | H12: 1.81 | I12: 1.108 | J12: 0.89
A13: Penempatan pada Bank Indonesia dan bank lain | C13: =C14+C15-C16 | D13: =D14+D15-D16 | E13: =E14+E15-E16 | F13: =F14+F15-F16 | G13: =G14+G15-G16 | H13: =H14+H15-H16 | I13: =I14+I15-I16 | J13: =J14+J15-J16 | ... AM13: =AM14+AM15-AM16
A14: Penempatan pada Bank Indonesia dan bank lain pihak ketiga | C14: 4978.245 | D14: 5284.323 | E14: 13029.821 | F14: 14395.316 | G14: 2529.355 | H14: 2496.502 | I14: 2998.966 | J14: 2788.331
A15: Penempatan pada Bank Indonesia dan bank lain pihak berelasi | C15: 0 | D15: 0
A16: Cadangan kerugian penurunan nilai pada penempatan pada bank lain | C16: 0 | D16: 0 | E16: 0.023 | F16: 0 | G16: 3 | H16: 2.016 | J16: 6.039
A17: Total Cash | C17: =C6+C8+C9+C13 | D17: =D6+D8+D9+D13 | E17: =E6+E8+E9+E13 | F17: =F6+F8+F9+F13 | G17: =G6+G8+G9+G13 | H17: =H6+H8+H9+H13 | I17: =I6+I8+I9+I13 | J17: =J6+J8+J9+J13 | ... AM17: =AM6+AM8+AM9+AM13
A18: Expense from IS | C18: =IFERROR(HLOOKUP(C3,'INCOME STATEMENT'!$C$3:$AH$256, 82, FALSE), 0) + IFERROR(HLOOKUP(C3,'INCOME STATEMENT'!$C$3:$AH$256, 84, FALSE), 0) + IFERROR(HLOOKUP(C3,'INCOME STATEMENT'!$C$3:$AH$256, 85, FALSE), 0) + IFERROR(HLOOKUP(C3,'INCOME STATEMENT'!$C$3:$AH$256, 86, FALSE), 0) + IFERROR(HLOOKUP(C3,'INCOME STATEMENT'!$C$3:$AH$256, 75, FALSE), 0) | D18: =IFERROR(HLOOKUP(D3,'INCOME STATEMENT'!$C$3:$AH$256, 82, FALSE), 0) + IFERROR(HLOOKUP(D3,'INCOME STATEMENT'!$C$3:$AH$256, 84, FALSE), 0) + IFERROR(HLOOKUP(D3,'INCOME STATEMENT'!$C$3:$AH$256, 85, FALSE), 0) + IFERROR(HLOOKUP(D3,'INCOME STATEMENT'!$C$3:$AH$256, 86, FALSE), 0) + IFERROR(HLOOKUP(D3,'INCOME STATEMENT'!$C$3:$AH$256, 75, FALSE), 0) | E18: =IFERROR(HLOOKUP(E3,'INCOME STATEMENT'!$C$3:$AH$256, 82, FALSE), 0) + IFERROR(HLOOKUP(E3,'INCOME STATEMENT'!$C$3:$AH$256, 84, FALSE), 0) + IFERROR(HLOOKUP(E3,'INCOME STATEMENT'!$C$3:$AH$256, 85, FALSE), 0) + IFERROR(HLOOKUP(E3,'INCOME STATEMENT'!$C$3:$AH$256, 86, FALSE), 0) + IFERROR(HLOOKUP(E3,'INCOME STATEMENT'!$C$3:$AH$256, 75, FALSE), 0) | F18: =IFERROR(HLOOKUP(F3,'INCOME STATEMENT'!$C$3:$AH$256, 82, FALSE), 0) + IFERROR(HLOOKUP(F3,'INCOME STATEMENT'!$C$3:$AH$256, 84, FALSE), 0) + IFERROR(HLOOKUP(F3,'INCOME STATEMENT'!$C$3:$AH$256, 85, FALSE), 0) + IFERROR(HLOOKUP(F3,'INCOME STATEMENT'!$C$3:$AH$256, 86, FALSE), 0) + IFERROR(HLOOKUP(F3,'INCOME STATEMENT'!$C$3:$AH$256, 75, FALSE), 0) | G18: =IFERROR(HLOOKUP(G3,'INCOME STATEMENT'!$C$3:$AH$256, 82, FALSE), 0) + IFERROR(HLOOKUP(G3,'INCOME STATEMENT'!$C$3:$AH$256, 84, FALSE), 0) + IFERROR(HLOOKUP(G3,'INCOME STATEMENT'!$C$3:$AH$256, 85, FALSE), 0) + IFERROR(HLOOKUP(G3,'INCOME STATEMENT'!$C$3:$AH$256, 86, FALSE), 0) + IFERROR(HLOOKUP(G3,'INCOME STATEMENT'!$C$3:$AH$256, 75, FALSE), 0) | H18: =IFERROR(HLOOKUP(H3,'INCOME STATEMENT'!$C$3:$AH$256, 82, FALSE), 0) + IFERROR(HLOOKUP(H3,'INCOME STATEMENT'!$C$3:$AH$256, 84, FALSE), 0) + IFERROR(HLOOKUP(H3,'INCOME STATEMENT'!$C$3:$AH$256, 85, FALSE), 0) + IFERROR(HLOOKUP(H3,'INCOME STATEMENT'!$C$3:$AH$256, 86, FALSE), 0) + IFERROR(HLOOKUP(H3,'INCOME STATEMENT'!$C$3:$AH$256, 75, FALSE), 0) | I18: =IFERROR(HLOOKUP(I3,'INCOME STATEMENT'!$C$3:$AH$256, 82, FALSE), 0) + IFERROR(HLOOKUP(I3,'INCOME STATEMENT'!$C$3:$AH$256, 84, FALSE), 0) + IFERROR(HLOOKUP(I3,'INCOME STATEMENT'!$C$3:$AH$256, 85, FALSE), 0) + IFERROR(HLOOKUP(I3,'INCOME STATEMENT'!$C$3:$AH$256, 86, FALSE), 0) + IFERROR(HLOOKUP(I3,'INCOME STATEMENT'!$C$3:$AH$256, 75, FALSE), 0) | J18: =IFERROR(HLOOKUP(J3,'INCOME STATEMENT'!$C$3:$AH$256, 82, FALSE), 0) + IFERROR(HLOOKUP(J3,'INCOME STATEMENT'!$C$3:$AH$256, 84, FALSE), 0) + IFERROR(HLOOKUP(J3,'INCOME STATEMENT'!$C$3:$AH$256, 85, FALSE), 0) + IFERROR(HLOOKUP(J3,'INCOME STATEMENT'!$C$3:$AH$256, 86, FALSE), 0) + IFERROR(HLOOKUP(J3,'INCOME STATEMENT'!$C$3:$AH$256, 75, FALSE), 0) | ... AM18: =IFERROR(HLOOKUP(AM3,'INCOME STATEMENT'!$C$3:$AH$256, 82, FALSE), 0) + IFERROR(HLOOKUP(AM3,'INCOME STATEMENT'!$C$3:$AH$256, 84, FALSE), 0) + IFERROR(HLOOKUP(AM3,'INCOME STATEMENT'!$C$3:$AH$256, 85, FALSE), 0) + IFERROR(HLOOKUP(AM3,'INCOME STATEMENT'!$C$3:$AH$256, 86, FALSE), 0) + IFERROR(HLOOKUP(AM3,'INCOME STATEMENT'!$C$3:$AH$256, 75, FALSE), 0)
A19: Cash Buffer (Days) | C19: =IFERROR(C17/((C18/365)), 0) | D19: =IFERROR(D17/((D18/365)), 0) | E19: =IFERROR(E17/((E18/365)), 0) | F19: =IFERROR(F17/((F18/365)), 0) | G19: =IFERROR(G17/((G18/365)), 0) | H19: =IFERROR(H17/((H18/365)), 0) | I19: =IFERROR(I17/((I18/365)), 0) | J19: =IFERROR(J17/((J18/365)), 0) | ... AM19: =IFERROR(AM17/((AM18/365)), 0)
A20: Cash to Deposit (%) | C20: =IFERROR(C17/C135, 0) | D20: =IFERROR(D17/D135, 0) | E20: =IFERROR(E17/E135, 0) | F20: =IFERROR(F17/F135, 0) | G20: =IFERROR(G17/G135, 0) | H20: =IFERROR(H17/H135, 0) | I20: =IFERROR(I17/I135, 0) | J20: =IFERROR(J17/J135, 0) | ... AM20: =IFERROR(AM17/AM135, 0)
A21: Piutang asuransi | C21: =C22+C23-C24 | D21: =D22+D23-D24 | E21: =E22+E23-E24 | F21: =F22+F23-F24 | G21: =G22+G23-G24 | H21: =H22+H23-H24 | I21: =I22+I23-I24 | J21: =J22+J23-J24 | ... AM21: =AM22+AM23-AM24
A22: Piutang asuransi pihak ketiga
A23: Piutang asuransi pihak berelasi
A24: Cadangan kerugian penurunan nilai pada piutang asuransi
A25: Biaya akuisisi tangguhan
A26: Deposito pada lembaga kliring dan penjaminan
A27: Efek-efek yang diperdagangkan | C27: =C28+C29-C30 | D27: =D28+D29-D30 | E27: =E28+E29-E30 | F27: =F28+F29-F30 | G27: =G28+G29-G30 | H27: =H28+H29-H30 | I27: =I28+I29-I30 | J27: =J28+J29-J30 | ... AM27: =AM28+AM29-AM30
A28: Efek-efek yang diperdagangkan pihak ketiga | C28: 188.033 | D28: 1599.041 | E28: 1134.802 | F28: 1897.444 | G28: 479.836 | H28: 1297.687 | I28: 1941.629 | J28: 4553.2
A29: Efek-efek yang diperdagangkan pihak berelasi
A30: Cadangan kerugian penurunan nilai pada efek-efek yang diperdagangkan
A31: Investasi pemegang polis pada kontrak unit-linked
A32: Efek yang dibeli dengan janji dijual kembali | C32: 44.457 | D32: 2454.895 | E32: 10766.459 | F32: 3538.304 | G32: 1537.216 | H32: 2333.072 | I32: 838.276 | J32: 204.791
A33: Wesel ekspor dan tagihan lainnya | C33: =C34+C35-C36 | D33: =D34+D35-D36 | E33: =E34+E35-E36 | F33: =F34+F35-F36 | G33: =G34+G35-G36 | H33: =H34+H35-H36 | I33: =I34+I35-I36 | J33: =J34+J35-J36 | ... AM33: =AM34+AM35-AM36
A34: Wesel ekspor dan tagihan lainnya pihak ketiga | C34: 1403.727 | D34: 2025.82 | E34: 1007.855 | F34: 831.694 | G34: 1016.823 | H34: 410.693 | I34: 1720.337 | J34: 1510.673
A35: Wesel ekspor dan tagihan lainnya pihak berelasi | C35: 9.875 | D35: 0 | E35: 0.566 | F35: 0 | H35: 0
A36: Cadangan kerugian penurunan nilai pada wesel ekspor dan tagihan lainnya | C36: 0.07 | D36: 0 | E36: 3.243 | F36: 2.385 | G36: 1.827 | H36: 0.38 | I36: 1.011 | J36: 0.942
A37: Tagihan akseptasi | C37: =C38+C39-C40 | D37: =D38+D39-D40 | E37: =E38+E39-E40 | F37: =F38+F39-F40 | G37: =G38+G39-G40 | H37: =H38+H39-H40 | I37: =I38+I39-I40 | J37: =J38+J39-J40 | ... AM37: =AM38+AM39-AM40
A38: Tagihan akseptasi pihak ketiga | C38: 2813.73 | D38: 1753.529 | E38: 1116.588 | F38: 1667.96 | G38: 1276.546 | H38: 786.695 | I38: 1574.241 | J38: 1916.52
A39: Tagihan akseptasi pihak berelasi | G39: 0.735 | H39: 0 | J39: 2.157
A40: Cadangan kerugian penurunan nilai pada tagihan akseptasi | C40: 0 | D40: 13.141 | E40: 3.303 | F40: 3.833 | G40: 14.441 | H40: 1.065 | I40: 3.176 | J40: 3.367
A41: Tagihan derivatif | C41: =C42+C43 | D41: =D42+D43 | E41: =E42+E43 | F41: =F42+F43 | G41: =G42+G43 | H41: =H42+H43 | I41: =I42+I43 | J41: =J42+J43 | ... AM41: =AM42+AM43
A42: Tagihan derivatif pihak ketiga | C42: 770.262 | D42: 558.579 | E42: 975.947 | F42: 467.247 | G42: 507.533 | H42: 707.331 | I42: 934.809 | J42: 1207.585
A43: Tagihan derivatif pihak berelasi | C43: 519.716 | D43: 189.829 | E43: 271.925 | F43: 93.403 | G43: 168.248 | H43: 273.66 | I43: 446.622 | J43: 503.709
A44: Total Credit | C44: =C47+C52+C56+C60+C64+C68+C72+C76+C80+C84+C96 | D44: =D47+D52+D56+D60+D64+D68+D72+D76+D80+D84+D96 | E44: =E47+E52+E56+E60+E64+E68+E72+E76+E80+E84+E96 | F44: =F47+F52+F56+F60+F64+F68+F72+F76+F80+F84+F96 | G44: =G47+G52+G56+G60+G64+G68+G72+G76+G80+G84+G96 | H44: =H47+H52+H56+H60+H64+H68+H72+H76+H80+H84+H96 | I44: =I47+I52+I56+I60+I64+I68+I72+I76+I80+I84+I96 | J44: =J47+J52+J56+J60+J64+J68+J72+J76+J80+J84+J96 | ... AM44: =AM47+AM52+AM56+AM60+AM64+AM68+AM72+AM76+AM80+AM84+AM96
A45: Credit Growth (%) | C45: =IFERROR(IF(((C44-B44)/B44)=-1, "", (C44-B44)/B44), "") | D45: =IFERROR(IF(((D44-C44)/C44)=-1, "", (D44-C44)/C44), "") | E45: =IFERROR(IF(((E44-D44)/D44)=-1, "", (E44-D44)/D44), "") | F45: =IFERROR(IF(((F44-E44)/E44)=-1, "", (F44-E44)/E44), "") | G45: =IFERROR(IF(((G44-F44)/F44)=-1, "", (G44-F44)/F44), "") | H45: =IFERROR(IF(((H44-G44)/G44)=-1, "", (H44-G44)/G44), "") | I45: =IFERROR(IF(((I44-H44)/H44)=-1, "", (I44-H44)/H44), "") | J45: =IFERROR(IF(((J44-I44)/I44)=-1, "", (J44-I44)/I44), "") | ... AM45: =IFERROR(IF(((AM44-AL44)/AL44)=-1, "", (AM44-AL44)/AL44), "")
A46: Credit to Asset (%) | C46: =IFERROR(C44/C125, 0) | D46: =IFERROR(D44/D125, 0) | E46: =IFERROR(E44/E125, 0) | F46: =IFERROR(F44/F125, 0) | G46: =IFERROR(G44/G125, 0) | H46: =IFERROR(H44/H125, 0) | I46: =IFERROR(I44/I125, 0) | J46: =IFERROR(J44/J125, 0) | ... AM46: =IFERROR(AM44/AM125, 0)
A47: Pinjaman yang diberikan | C47: =C48+C49-C50 | D47: =D48+D49-D50 | E47: =E48+E49-E50 | F47: =F48+F49-F50 | G47: =G48+G49-G50 | H47: =H48+H49-H50 | I47: =I48+I49-I50 | J47: =J48+J49-J50 | ... AM47: =AM48+AM49-AM50
A48: Pinjaman yang diberikan pihak ketiga | C48: 121756.03 | D48: 111503.42 | E48: 96926.566 | F48: 93439.654 | G48: 99830.098 | H48: 107804.98 | I48: 120245.1 | J48: 115919.48
A49: Pinjaman yang diberikan pihak berelasi | C49: 216.837 | D49: 108.472 | E49: 112.284 | F49: 368.119 | G49: 108.545 | H49: 251.301 | I49: 143.478 | J49: 410.83
A50: Cadangan kerugian penurunan nilai pada pinjaman yang diberikan | C50: 2063.085 | D50: 2432.556 | E50: 3058.951 | F50: 3131.881 | G50: 3235.997 | H50: 3376.813 | I50: 3902.938 | J50: 3181.985
A51: Piutang dari lembaga kliring dan penjaminan
A52: Piutang nasabah | C52: =C53+C54-C55 | D52: =D53+D54-D55 | E52: =E53+E54-E55 | F52: =F53+F54-F55 | G52: =G53+G54-G55 | H52: =H53+H54-H55 | I52: =I53+I54-I55 | J52: =J53+J54-J55 | ... AM52: =AM53+AM54-AM55
A53: Piutang nasabah pihak ketiga
A54: Piutang nasabah pihak berelasi
A55: Cadangan kerugian penurunan nilai pada piutang nasabah
A56: Piutang murabahah | C56: =C57+C58-C59 | D56: =D57+D58-D59 | E56: =E57+E58-E59 | F56: =F57+F58-F59 | G56: =G57+G58-G59 | H56: =H57+H58-H59 | I56: =I57+I58-I59 | J56: =J57+J58-J59 | ... AM56: =AM57+AM58-AM59
A57: Piutang murabahah pihak ketiga
A58: Piutang murabahah pihak berelasi
A59: Cadangan kerugian penurunan nilai pada piutang murabahah
A60: Piutang istishna | C60: =C61+C62-C63 | D60: =D61+D62-D63 | E60: =E61+E62-E63 | F60: =F61+F62-F63 | G60: =G61+G62-G63 | H60: =H61+H62-H63 | I60: =I61+I62-I63 | J60: =J61+J62-J63 | ... AM60: =AM61+AM62-AM63
A61: Piutang istishna pihak ketiga
A62: Piutang istishna pihak berelasi
A63: Cadangan kerugian penurunan nilai pada piutang istishna
A64: Piutang ijarah | C64: =C65+C66-C67 | D64: =D65+D66-D67 | E64: =E65+E66-E67 | F64: =F65+F66-F67 | G64: =G65+G66-G67 | H64: =H65+H66-H67 | I64: =I65+I66-I67 | J64: =J65+J66-J67 | ... AM64: =AM65+AM66-AM67
A65: Piutang ijarah pihak ketiga
A66: Piutang ijarah pihak berelasi
A67: Cadangan kerugian penurunan nilai pada piutang ijarah
A68: Piutang pembiayaan konsumen | C68: =C69+C70-C71 | D68: =D69+D70-D71 | E68: =E69+E70-E71 | F68: =F69+F70-F71 | G68: =G69+G70-G71 | H68: =H69+H70-H71 | I68: =I69+I70-I71 | J68: =J69+J70-J71 | ... AM68: =AM69+AM70-AM71
A69: Piutang pembiayaan konsumen pihak ketiga | C69: 11376.61 | D69: 10966.865 | E69: 8232.48 | F69: 7962.758 | G69: 7876.444 | H69: 7945.729 | I69: 7192.434 | J69: 7306.916
A70: Piutang pembiayaan konsumen pihak berelasi
A71: Cadangan kerugian penurunan nilai pada piutang pembiayaan konsumen | C71: 214.691 | D71: 127.434 | E71: 170.826 | F71: 135.766 | G71: 122.471 | H71: 145.288 | I71: 116.486 | J71: 126.843
A72: Pinjaman qardh | C72: =C73+C74-C75 | D72: =D73+D74-D75 | E72: =E73+E74-E75 | F72: =F73+F74-F75 | G72: =G73+G74-G75 | H72: =H73+H74-H75 | I72: =I73+I74-I75 | J72: =J73+J74-J75 | ... AM72: =AM73+AM74-AM75
A73: Pinjaman qardh pihak ketiga
A74: Pinjaman qardh pihak berelasi
A75: Cadangan kerugian penurunan nilai pada pinjaman qardh
A76: Pembiayaan mudharabah | C76: =C77+C78-C79 | D76: =D77+D78-D79 | E76: =E77+E78-E79 | F76: =F77+F78-F79 | G76: =G77+G78-G79 | H76: =H77+H78-H79 | I76: =I77+I78-I79 | J76: =J77+J78-J79 | ... AM76: =AM77+AM78-AM79
A77: Pembiayaan mudharabah pihak ketiga
A78: Pembiayaan mudharabah pihak berelasi
A79: Cadangan kerugian penurunan nilai pada pembiayaan mudharabah
A80: Pembiayaan musyarakah | C80: =C81+C82-C83 | D80: =D81+D82-D83 | E80: =E81+E82-E83 | F80: =F81+F82-F83 | G80: =G81+G82-G83 | H80: =H81+H82-H83 | I80: =I81+I82-I83 | J80: =J81+J82-J83 | ... AM80: =AM81+AM82-AM83
A81: Pembiayaan musyarakah pihak ketiga
A82: Pembiayaan musyarakah pihak berelasi
A83: Cadangan kerugian penurunan nilai pada pembiayaan musyarakah
A84: Investasi sewa | C84: =C85+C86+C87+C88+C89-C90 | D84: =D85+D86+D87+D88+D89-D90 | E84: =E85+E86+E87+E88+E89-E90 | F84: =F85+F86+F87+F88+F89-F90 | G84: =G85+G86+G87+G88+G89-G90 | H84: =H85+H86+H87+H88+H89-H90 | I84: =I85+I86+I87+I88+I89-I90 | J84: =J85+J86+J87+J88+J89-J90 | ... AM84: =AM85+AM86+AM87+AM88+AM89-AM90
A85: Investasi sewa pihak ketiga
A86: Investasi sewa pihak berelasi
A87: Investasi sewa nilai residu yang terjamin
A88: Investasi sewa pendapatan pembiayaan tangguhan
A89: Investasi sewa simpanan jaminan
A90: Cadangan kerugian penurunan nilai pada investasi sewa
A91: Tagihan anjak piutang | C91: =C92+C93+C94-C95 | D91: =D92+D93+D94-D95 | E91: =E92+E93+E94-E95 | F91: =F92+F93+F94-F95 | G91: =G92+G93+G94-G95 | H91: =H92+H93+H94-H95 | I91: =I92+I93+I94-I95 | J91: =J92+J93+J94-J95 | ... AM91: =AM92+AM93+AM94-AM95
A92: Tagihan anjak piutang pihak ketiga
A93: Tagihan anjak piutang pihak berelasi
A94: Tagihan anjak piutang pada pendapatan anjak piutang tangguhan
A95: Cadangan kerugian penurunan nilai pada tagihan anjak piutang
A96: Piutang lainnya | C96: =C97+C98-C99 | D96: =D97+D98-D99 | E96: =E97+E98-E99 | F96: =F97+F98-F99 | G96: =G97+G98-G99 | H96: =H97+H98-H99 | I96: =I97+I98-I99 | J96: =J97+J98-J99 | ... AM96: =AM97+AM98-AM99
A97: Piutang lainnya pihak ketiga
A98: Piutang lainnya pihak berelasi
A99: Cadangan kerugian penurunan nilai pada piutang lainnya
A100: Aset keuangan lainnya | C100: 12199.61 | D100: 13360.487 | E100: 23261.586 | F100: 28439.947 | G100: 27580.3 | H100: 30341.264 | I100: 38431.839 | J100: 37641.917
A101: Obligasi pemerintah | C101: 2926.842 | D101: 1122.91 | E101: 0 | F101: 0
...

Sheet Asset Composition
A1: Asset Composition
C3: ='BALANCE SHEET'!C3 | D3: ='BALANCE SHEET'!D3 | E3: ='BALANCE SHEET'!E3 | F3: ='BALANCE SHEET'!F3 | G3: ='BALANCE SHEET'!G3 | H3: ='BALANCE SHEET'!H3 | I3: ='BALANCE SHEET'!I3 | J3: ='BALANCE SHEET'!J3 | ... AM3: ='BALANCE SHEET'!AM3
A4: Absolute
A5: Cash | C5: =IFERROR(HLOOKUP(C3,'BALANCE SHEET'!$C$3:$AM$258, 15, FALSE), 0) | D5: =IFERROR(HLOOKUP(D3,'BALANCE SHEET'!$C$3:$AM$258, 15, FALSE), 0) | E5: =IFERROR(HLOOKUP(E3,'BALANCE SHEET'!$C$3:$AM$258, 15, FALSE), 0) | F5: =IFERROR(HLOOKUP(F3,'BALANCE SHEET'!$C$3:$AM$258, 15, FALSE), 0) | G5: =IFERROR(HLOOKUP(G3,'BALANCE SHEET'!$C$3:$AM$258, 15, FALSE), 0) | H5: =IFERROR(HLOOKUP(H3,'BALANCE SHEET'!$C$3:$AM$258, 15, FALSE), 0) | I5: =IFERROR(HLOOKUP(I3,'BALANCE SHEET'!$C$3:$AM$258, 15, FALSE), 0) | J5: =IFERROR(HLOOKUP(J3,'BALANCE SHEET'!$C$3:$AM$258, 15, FALSE), 0) | ... AM5: =IFERROR(HLOOKUP(AM3,'BALANCE SHEET'!$C$3:$AM$258, 15, FALSE), 0)
A6: Credit | C6: =IFERROR(HLOOKUP(C3,'BALANCE SHEET'!$C$3:$AM$258, 42, FALSE), 0) | D6: =IFERROR(HLOOKUP(D3,'BALANCE SHEET'!$C$3:$AM$258, 42, FALSE), 0) | E6: =IFERROR(HLOOKUP(E3,'BALANCE SHEET'!$C$3:$AM$258, 42, FALSE), 0) | F6: =IFERROR(HLOOKUP(F3,'BALANCE SHEET'!$C$3:$AM$258, 42, FALSE), 0) | G6: =IFERROR(HLOOKUP(G3,'BALANCE SHEET'!$C$3:$AM$258, 42, FALSE), 0) | H6: =IFERROR(HLOOKUP(H3,'BALANCE SHEET'!$C$3:$AM$258, 42, FALSE), 0) | I6: =IFERROR(HLOOKUP(I3,'BALANCE SHEET'!$C$3:$AM$258, 42, FALSE), 0) | J6: =IFERROR(HLOOKUP(J3,'BALANCE SHEET'!$C$3:$AM$258, 42, FALSE), 0) | ... AM6: =IFERROR(HLOOKUP(AM3,'BALANCE SHEET'!$C$3:$AM$258, 42, FALSE), 0)
A7: PPE | C7: =IFERROR(HLOOKUP(C3,'BALANCE SHEET'!$C$3:$AM$258, 116, FALSE) + HLOOKUP(C3,'BALANCE SHEET'!$C$3:$AM$258, 118, FALSE) + HLOOKUP(C3,'BALANCE SHEET'!$C$3:$AM$258, 119, FALSE), 0) | D7: =IFERROR(HLOOKUP(D3,'BALANCE SHEET'!$C$3:$AM$258, 116, FALSE) + HLOOKUP(D3,'BALANCE SHEET'!$C$3:$AM$258, 118, FALSE) + HLOOKUP(D3,'BALANCE SHEET'!$C$3:$AM$258, 119, FALSE), 0) | E7: =IFERROR(HLOOKUP(E3,'BALANCE SHEET'!$C$3:$AM$258, 116, FALSE) + HLOOKUP(E3,'BALANCE SHEET'!$C$3:$AM$258, 118, FALSE) + HLOOKUP(E3,'BALANCE SHEET'!$C$3:$AM$258, 119, FALSE), 0) | F7: =IFERROR(HLOOKUP(F3,'BALANCE SHEET'!$C$3:$AM$258, 116, FALSE) + HLOOKUP(F3,'BALANCE SHEET'!$C$3:$AM$258, 118, FALSE) + HLOOKUP(F3,'BALANCE SHEET'!$C$3:$AM$258, 119, FALSE), 0) | G7: =IFERROR(HLOOKUP(G3,'BALANCE SHEET'!$C$3:$AM$258, 116, FALSE) + HLOOKUP(G3,'BALANCE SHEET'!$C$3:$AM$258, 118, FALSE) + HLOOKUP(G3,'BALANCE SHEET'!$C$3:$AM$258, 119, FALSE), 0) | H7: =IFERROR(HLOOKUP(H3,'BALANCE SHEET'!$C$3:$AM$258, 116, FALSE) + HLOOKUP(H3,'BALANCE SHEET'!$C$3:$AM$258, 118, FALSE) + HLOOKUP(H3,'BALANCE SHEET'!$C$3:$AM$258, 119, FALSE), 0) | I7: =IFERROR(HLOOKUP(I3,'BALANCE SHEET'!$C$3:$AM$258, 116, FALSE) + HLOOKUP(I3,'BALANCE SHEET'!$C$3:$AM$258, 118, FALSE) + HLOOKUP(I3,'BALANCE SHEET'!$C$3:$AM$258, 119, FALSE), 0) | J7: =IFERROR(HLOOKUP(J3,'BALANCE SHEET'!$C$3:$AM$258, 116, FALSE) + HLOOKUP(J3,'BALANCE SHEET'!$C$3:$AM$258, 118, FALSE) + HLOOKUP(J3,'BALANCE SHEET'!$C$3:$AM$258, 119, FALSE), 0) | ... AM7: =IFERROR(HLOOKUP(AM3,'BALANCE SHEET'!$C$3:$AM$258, 116, FALSE) + HLOOKUP(AM3,'BALANCE SHEET'!$C$3:$AM$258, 118, FALSE) + HLOOKUP(AM3,'BALANCE SHEET'!$C$3:$AM$258, 119, FALSE), 0)
A8: Investment | C8: =IFERROR(HLOOKUP(C3,'BALANCE SHEET'!$C$3:$AM$258, 25, FALSE) + HLOOKUP(C3,'BALANCE SHEET'!$C$3:$AM$258, 30, FALSE) + HLOOKUP(C3,'BALANCE SHEET'!$C$3:$AM$258, 99, FALSE) + HLOOKUP(C3,'BALANCE SHEET'!$C$3:$AM$258, 108, FALSE) + HLOOKUP(C3,'BALANCE SHEET'!$C$3:$AM$258, 109, FALSE), 0) | D8: =IFERROR(HLOOKUP(D3,'BALANCE SHEET'!$C$3:$AM$258, 25, FALSE) + HLOOKUP(D3,'BALANCE SHEET'!$C$3:$AM$258, 30, FALSE) + HLOOKUP(D3,'BALANCE SHEET'!$C$3:$AM$258, 99, FALSE) + HLOOKUP(D3,'BALANCE SHEET'!$C$3:$AM$258, 108, FALSE) + + HLOOKUP(D3,'BALANCE SHEET'!$C$3:$AM$258, 109, FALSE), 0) | E8: =IFERROR(HLOOKUP(E3,'BALANCE SHEET'!$C$3:$AM$258, 25, FALSE) + HLOOKUP(E3,'BALANCE SHEET'!$C$3:$AM$258, 30, FALSE) + HLOOKUP(E3,'BALANCE SHEET'!$C$3:$AM$258, 99, FALSE) + HLOOKUP(E3,'BALANCE SHEET'!$C$3:$AM$258, 108, FALSE) + + HLOOKUP(E3,'BALANCE SHEET'!$C$3:$AM$258, 109, FALSE), 0) | F8: =IFERROR(HLOOKUP(F3,'BALANCE SHEET'!$C$3:$AM$258, 25, FALSE) + HLOOKUP(F3,'BALANCE SHEET'!$C$3:$AM$258, 30, FALSE) + HLOOKUP(F3,'BALANCE SHEET'!$C$3:$AM$258, 99, FALSE) + HLOOKUP(F3,'BALANCE SHEET'!$C$3:$AM$258, 108, FALSE) + + HLOOKUP(F3,'BALANCE SHEET'!$C$3:$AM$258, 109, FALSE), 0) | G8: =IFERROR(HLOOKUP(G3,'BALANCE SHEET'!$C$3:$AM$258, 25, FALSE) + HLOOKUP(G3,'BALANCE SHEET'!$C$3:$AM$258, 30, FALSE) + HLOOKUP(G3,'BALANCE SHEET'!$C$3:$AM$258, 99, FALSE) + HLOOKUP(G3,'BALANCE SHEET'!$C$3:$AM$258, 108, FALSE) + + HLOOKUP(G3,'BALANCE SHEET'!$C$3:$AM$258, 109, FALSE), 0) | H8: =IFERROR(HLOOKUP(H3,'BALANCE SHEET'!$C$3:$AM$258, 25, FALSE) + HLOOKUP(H3,'BALANCE SHEET'!$C$3:$AM$258, 30, FALSE) + HLOOKUP(H3,'BALANCE SHEET'!$C$3:$AM$258, 99, FALSE) + HLOOKUP(H3,'BALANCE SHEET'!$C$3:$AM$258, 108, FALSE) + + HLOOKUP(H3,'BALANCE SHEET'!$C$3:$AM$258, 109, FALSE), 0) | I8: =IFERROR(HLOOKUP(I3,'BALANCE SHEET'!$C$3:$AM$258, 25, FALSE) + HLOOKUP(I3,'BALANCE SHEET'!$C$3:$AM$258, 30, FALSE) + HLOOKUP(I3,'BALANCE SHEET'!$C$3:$AM$258, 99, FALSE) + HLOOKUP(I3,'BALANCE SHEET'!$C$3:$AM$258, 108, FALSE) + + HLOOKUP(I3,'BALANCE SHEET'!$C$3:$AM$258, 109, FALSE), 0) | J8: =IFERROR(HLOOKUP(J3,'BALANCE SHEET'!$C$3:$AM$258, 25, FALSE) + HLOOKUP(J3,'BALANCE SHEET'!$C$3:$AM$258, 30, FALSE) + HLOOKUP(J3,'BALANCE SHEET'!$C$3:$AM$258, 99, FALSE) + HLOOKUP(J3,'BALANCE SHEET'!$C$3:$AM$258, 108, FALSE) + + HLOOKUP(J3,'BALANCE SHEET'!$C$3:$AM$258, 109, FALSE), 0) | K8: =IFERROR(HLOOKUP(K3,'BALANCE SHEET'!$C$3:$AM$258, 25, FALSE) + HLOOKUP(K3,'BALANCE SHEET'!$C$3:$AM$258, 30, FALSE) + HLOOKUP(K3,'BALANCE SHEET'!$C$3:$AM$258, 99, FALSE) + HLOOKUP(K3,'BALANCE SHEET'!$C$3:$AM$258, 108, FALSE) + + HLOOKUP(K3,'BALANCE SHEET'!$C$3:$AM$258, 109, FALSE), 0) | ... AM8: =IFERROR(HLOOKUP(AM3,'BALANCE SHEET'!$C$3:$AM$258, 25, FALSE) + HLOOKUP(AM3,'BALANCE SHEET'!$C$3:$AM$258, 30, FALSE) + HLOOKUP(AM3,'BALANCE SHEET'!$C$3:$AM$258, 99, FALSE) + HLOOKUP(AM3,'BALANCE SHEET'!$C$3:$AM$258, 108, FALSE) + + HLOOKUP(AM3,'BALANCE SHEET'!$C$3:$AM$258, 109, FALSE), 0)
A9: Others | C9: =IFERROR(HLOOKUP(C3,'BALANCE SHEET'!$C$3:$AM$258, 5, FALSE) + HLOOKUP(C3,'BALANCE SHEET'!$C$3:$AM$258, 19, FALSE) + HLOOKUP(C3,'BALANCE SHEET'!$C$3:$AM$258, 23, FALSE) + HLOOKUP(C3,'BALANCE SHEET'!$C$3:$AM$258, 24, FALSE) + HLOOKUP(C3,'BALANCE SHEET'!$C$3:$AM$258, 29, FALSE) + HLOOKUP(C3,'BALANCE SHEET'!$C$3:$AM$258, 31, FALSE) + HLOOKUP(C3,'BALANCE SHEET'!$C$3:$AM$258, 35, FALSE)+ HLOOKUP(C3,'BALANCE SHEET'!$C$3:$AM$258, 39, FALSE) + HLOOKUP(C3,'BALANCE SHEET'!$C$3:$AM$258, 49, FALSE) + HLOOKUP(C3,'BALANCE SHEET'!$C$3:$AM$258, 89, FALSE) + HLOOKUP(C3,'BALANCE SHEET'!$C$3:$AM$258, 98, FALSE) + HLOOKUP(C3,'BALANCE SHEET'!$C$3:$AM$258, 100, FALSE)+ HLOOKUP(C3,'BALANCE SHEET'!$C$3:$AM$258, 101, FALSE)+ HLOOKUP(C3,'BALANCE SHEET'!$C$3:$AM$258, 102, FALSE)+ HLOOKUP(C3,'BALANCE SHEET'!$C$3:$AM$258, 103, FALSE)+ HLOOKUP(C3,'BALANCE SHEET'!$C$3:$AM$258, 104, FALSE)+ HLOOKUP(C3,'BALANCE SHEET'!$C$3:$AM$258, 105, FALSE)+ HLOOKUP(C3,'BALANCE SHEET'!$C$3:$AM$258, 106, FALSE) + + HLOOKUP(C3,'BALANCE SHEET'!$C$3:$AM$258, 107, FALSE) + HLOOKUP(C3,'BALANCE SHEET'!$C$3:$AM$258, 112, FALSE)+ HLOOKUP(C3,'BALANCE SHEET'!$C$3:$AM$258, 113, FALSE)+ HLOOKUP(C3,'BALANCE SHEET'!$C$3:$AM$258, 114, FALSE)+ HLOOKUP(C3,'BALANCE SHEET'!$C$3:$AM$258, 115, FALSE)+ HLOOKUP(C3,'BALANCE SHEET'!$C$3:$AM$258, 117, FALSE)+ HLOOKUP(C3,'BALANCE SHEET'!$C$3:$AM$258, 120, FALSE)+ HLOOKUP(C3,'BALANCE SHEET'!$C$3:$AM$258, 121, FALSE)+ HLOOKUP(C3,'BALANCE SHEET'!$C$3:$AM$258, 122, FALSE), 0) | D9: =IFERROR(HLOOKUP(D3,'BALANCE SHEET'!$C$3:$AM$258, 5, FALSE) + HLOOKUP(D3,'BALANCE SHEET'!$C$3:$AM$258, 19, FALSE) + HLOOKUP(D3,'BALANCE SHEET'!$C$3:$AM$258, 23, FALSE) + HLOOKUP(D3,'BALANCE SHEET'!$C$3:$AM$258, 24, FALSE) + HLOOKUP(D3,'BALANCE SHEET'!$C$3:$AM$258, 29, FALSE) + HLOOKUP(D3,'BALANCE SHEET'!$C$3:$AM$258, 31, FALSE) + HLOOKUP(D3,'BALANCE SHEET'!$C$3:$AM$258, 35, FALSE)+ HLOOKUP(D3,'BALANCE SHEET'!$C$3:$AM$258, 39, FALSE) + HLOOKUP(D3,'BALANCE SHEET'!$C$3:$AM$258, 49, FALSE) + HLOOKUP(D3,'BALANCE SHEET'!$C$3:$AM$258, 89, FALSE) + HLOOKUP(D3,'BALANCE SHEET'!$C$3:$AM$258, 98, FALSE) + HLOOKUP(D3,'BALANCE SHEET'!$C$3:$AM$258, 100, FALSE)+ HLOOKUP(D3,'BALANCE SHEET'!$C$3:$AM$258, 101, FALSE)+ HLOOKUP(D3,'BALANCE SHEET'!$C$3:$AM$258, 102, FALSE)+ HLOOKUP(D3,'BALANCE SHEET'!$C$3:$AM$258, 103, FALSE)+ HLOOKUP(D3,'BALANCE SHEET'!$C$3:$AM$258, 104, FALSE)+ HLOOKUP(D3,'BALANCE SHEET'!$C$3:$AM$258, 105, FALSE)+ HLOOKUP(D3,'BALANCE SHEET'!$C$3:$AM$258, 106, FALSE) + + HLOOKUP(D3,'BALANCE SHEET'!$C$3:$AM$258, 107, FALSE) + HLOOKUP(D3,'BALANCE SHEET'!$C$3:$AM$258, 112, FALSE)+ HLOOKUP(D3,'BALANCE SHEET'!$C$3:$AM$258, 113, FALSE)+ HLOOKUP(D3,'BALANCE SHEET'!$C$3:$AM$258, 114, FALSE)+ HLOOKUP(D3,'BALANCE SHEET'!$C$3:$AM$258, 115, FALSE)+ HLOOKUP(D3,'BALANCE SHEET'!$C$3:$AM$258, 117, FALSE)+ HLOOKUP(D3,'BALANCE SHEET'!$C$3:$AM$258, 120, FALSE)+ HLOOKUP(D3,'BALANCE SHEET'!$C$3:$AM$258, 121, FALSE)+ HLOOKUP(D3,'BALANCE SHEET'!$C$3:$AM$258, 122, FALSE), 0) | E9: =IFERROR(HLOOKUP(E3,'BALANCE SHEET'!$C$3:$AM$258, 5, FALSE) + HLOOKUP(E3,'BALANCE SHEET'!$C$3:$AM$258, 19, FALSE) + HLOOKUP(E3,'BALANCE SHEET'!$C$3:$AM$258, 23, FALSE) + HLOOKUP(E3,'BALANCE SHEET'!$C$3:$AM$258, 24, FALSE) + HLOOKUP(E3,'BALANCE SHEET'!$C$3:$AM$258, 29, FALSE) + HLOOKUP(E3,'BALANCE SHEET'!$C$3:$AM$258, 31, FALSE) + HLOOKUP(E3,'BALANCE SHEET'!$C$3:$AM$258, 35, FALSE)+ HLOOKUP(E3,'BALANCE SHEET'!$C$3:$AM$258, 39, FALSE) + HLOOKUP(E3,'BALANCE SHEET'!$C$3:$AM$258, 49, FALSE) + HLOOKUP(E3,'BALANCE SHEET'!$C$3:$AM$258, 89, FALSE) + HLOOKUP(E3,'BALANCE SHEET'!$C$3:$AM$258, 98, FALSE) + HLOOKUP(E3,'BALANCE SHEET'!$C$3:$AM$258, 100, FALSE)+ HLOOKUP(E3,'BALANCE SHEET'!$C$3:$AM$258, 101, FALSE)+ HLOOKUP(E3,'BALANCE SHEET'!$C$3:$AM$258, 102, FALSE)+ HLOOKUP(E3,'BALANCE SHEET'!$C$3:$AM$258, 103, FALSE)+ HLOOKUP(E3,'BALANCE SHEET'!$C$3:$AM$258, 104, FALSE)+ HLOOKUP(E3,'BALANCE SHEET'!$C$3:$AM$258, 105, FALSE)+ HLOOKUP(E3,'BALANCE SHEET'!$C$3:$AM$258, 106, FALSE) + + HLOOKUP(E3,'BALANCE SHEET'!$C$3:$AM$258, 107, FALSE) + HLOOKUP(E3,'BALANCE SHEET'!$C$3:$AM$258, 112, FALSE)+ HLOOKUP(E3,'BALANCE SHEET'!$C$3:$AM$258, 113, FALSE)+ HLOOKUP(E3,'BALANCE SHEET'!$C$3:$AM$258, 114, FALSE)+ HLOOKUP(E3,'BALANCE SHEET'!$C$3:$AM$258, 115, FALSE)+ HLOOKUP(E3,'BALANCE SHEET'!$C$3:$AM$258, 117, FALSE)+ HLOOKUP(E3,'BALANCE SHEET'!$C$3:$AM$258, 120, FALSE)+ HLOOKUP(E3,'BALANCE SHEET'!$C$3:$AM$258, 121, FALSE)+ HLOOKUP(E3,'BALANCE SHEET'!$C$3:$AM$258, 122, FALSE), 0) | F9: =IFERROR(HLOOKUP(F3,'BALANCE SHEET'!$C$3:$AM$258, 5, FALSE) + HLOOKUP(F3,'BALANCE SHEET'!$C$3:$AM$258, 19, FALSE) + HLOOKUP(F3,'BALANCE SHEET'!$C$3:$AM$258, 23, FALSE) + HLOOKUP(F3,'BALANCE SHEET'!$C$3:$AM$258, 24, FALSE) + HLOOKUP(F3,'BALANCE SHEET'!$C$3:$AM$258, 29, FALSE) + HLOOKUP(F3,'BALANCE SHEET'!$C$3:$AM$258, 31, FALSE) + HLOOKUP(F3,'BALANCE SHEET'!$C$3:$AM$258, 35, FALSE)+ HLOOKUP(F3,'BALANCE SHEET'!$C$3:$AM$258, 39, FALSE) + HLOOKUP(F3,'BALANCE SHEET'!$C$3:$AM$258, 49, FALSE) + HLOOKUP(F3,'BALANCE SHEET'!$C$3:$AM$258, 89, FALSE) + HLOOKUP(F3,'BALANCE SHEET'!$C$3:$AM$258, 98, FALSE) + HLOOKUP(F3,'BALANCE SHEET'!$C$3:$AM$258, 100, FALSE)+ HLOOKUP(F3,'BALANCE SHEET'!$C$3:$AM$258, 101, FALSE)+ HLOOKUP(F3,'BALANCE SHEET'!$C$3:$AM$258, 102, FALSE)+ HLOOKUP(F3,'BALANCE SHEET'!$C$3:$AM$258, 103, FALSE)+ HLOOKUP(F3,'BALANCE SHEET'!$C$3:$AM$258, 104, FALSE)+ HLOOKUP(F3,'BALANCE SHEET'!$C$3:$AM$258, 105, FALSE)+ HLOOKUP(F3,'BALANCE SHEET'!$C$3:$AM$258, 106, FALSE) + + HLOOKUP(F3,'BALANCE SHEET'!$C$3:$AM$258, 107, FALSE) + HLOOKUP(F3,'BALANCE SHEET'!$C$3:$AM$258, 112, FALSE)+ HLOOKUP(F3,'BALANCE SHEET'!$C$3:$AM$258, 113, FALSE)+ HLOOKUP(F3,'BALANCE SHEET'!$C$3:$AM$258, 114, FALSE)+ HLOOKUP(F3,'BALANCE SHEET'!$C$3:$AM$258, 115, FALSE)+ HLOOKUP(F3,'BALANCE SHEET'!$C$3:$AM$258, 117, FALSE)+ HLOOKUP(F3,'BALANCE SHEET'!$C$3:$AM$258, 120, FALSE)+ HLOOKUP(F3,'BALANCE SHEET'!$C$3:$AM$258, 121, FALSE)+ HLOOKUP(F3,'BALANCE SHEET'!$C$3:$AM$258, 122, FALSE), 0) | G9: =IFERROR(HLOOKUP(G3,'BALANCE SHEET'!$C$3:$AM$258, 5, FALSE) + HLOOKUP(G3,'BALANCE SHEET'!$C$3:$AM$258, 19, FALSE) + HLOOKUP(G3,'BALANCE SHEET'!$C$3:$AM$258, 23, FALSE) + HLOOKUP(G3,'BALANCE SHEET'!$C$3:$AM$258, 24, FALSE) + HLOOKUP(G3,'BALANCE SHEET'!$C$3:$AM$258, 29, FALSE) + HLOOKUP(G3,'BALANCE SHEET'!$C$3:$AM$258, 31, FALSE) + HLOOKUP(G3,'BALANCE SHEET'!$C$3:$AM$258, 35, FALSE)+ HLOOKUP(G3,'BALANCE SHEET'!$C$3:$AM$258, 39, FALSE) + HLOOKUP(G3,'BALANCE SHEET'!$C$3:$AM$258, 49, FALSE) + HLOOKUP(G3,'BALANCE SHEET'!$C$3:$AM$258, 89, FALSE) + HLOOKUP(G3,'BALANCE SHEET'!$C$3:$AM$258, 98, FALSE) + HLOOKUP(G3,'BALANCE SHEET'!$C$3:$AM$258, 100, FALSE)+ HLOOKUP(G3,'BALANCE SHEET'!$C$3:$AM$258, 101, FALSE)+ HLOOKUP(G3,'BALANCE SHEET'!$C$3:$AM$258, 102, FALSE)+ HLOOKUP(G3,'BALANCE SHEET'!$C$3:$AM$258, 103, FALSE)+ HLOOKUP(G3,'BALANCE SHEET'!$C$3:$AM$258, 104, FALSE)+ HLOOKUP(G3,'BALANCE SHEET'!$C$3:$AM$258, 105, FALSE)+ HLOOKUP(G3,'BALANCE SHEET'!$C$3:$AM$258, 106, FALSE) + + HLOOKUP(G3,'BALANCE SHEET'!$C$3:$AM$258, 107, FALSE) + HLOOKUP(G3,'BALANCE SHEET'!$C$3:$AM$258, 112, FALSE)+ HLOOKUP(G3,'BALANCE SHEET'!$C$3:$AM$258, 113, FALSE)+ HLOOKUP(G3,'BALANCE SHEET'!$C$3:$AM$258, 114, FALSE)+ HLOOKUP(G3,'BALANCE SHEET'!$C$3:$AM$258, 115, FALSE)+ HLOOKUP(G3,'BALANCE SHEET'!$C$3:$AM$258, 117, FALSE)+ HLOOKUP(G3,'BALANCE SHEET'!$C$3:$AM$258, 120, FALSE)+ HLOOKUP(G3,'BALANCE SHEET'!$C$3:$AM$258, 121, FALSE)+ HLOOKUP(G3,'BALANCE SHEET'!$C$3:$AM$258, 122, FALSE), 0) | H9: =IFERROR(HLOOKUP(H3,'BALANCE SHEET'!$C$3:$AM$258, 5, FALSE) + HLOOKUP(H3,'BALANCE SHEET'!$C$3:$AM$258, 19, FALSE) + HLOOKUP(H3,'BALANCE SHEET'!$C$3:$AM$258, 23, FALSE) + HLOOKUP(H3,'BALANCE SHEET'!$C$3:$AM$258, 24, FALSE) + HLOOKUP(H3,'BALANCE SHEET'!$C$3:$AM$258, 29, FALSE) + HLOOKUP(H3,'BALANCE SHEET'!$C$3:$AM$258, 31, FALSE) + HLOOKUP(H3,'BALANCE SHEET'!$C$3:$AM$258, 35, FALSE)+ HLOOKUP(H3,'BALANCE SHEET'!$C$3:$AM$258, 39, FALSE) + HLOOKUP(H3,'BALANCE SHEET'!$C$3:$AM$258, 49, FALSE) + HLOOKUP(H3,'BALANCE SHEET'!$C$3:$AM$258, 89, FALSE) + HLOOKUP(H3,'BALANCE SHEET'!$C$3:$AM$258, 98, FALSE) + HLOOKUP(H3,'BALANCE SHEET'!$C$3:$AM$258, 100, FALSE)+ HLOOKUP(H3,'BALANCE SHEET'!$C$3:$AM$258, 101, FALSE)+ HLOOKUP(H3,'BALANCE SHEET'!$C$3:$AM$258, 102, FALSE)+ HLOOKUP(H3,'BALANCE SHEET'!$C$3:$AM$258, 103, FALSE)+ HLOOKUP(H3,'BALANCE SHEET'!$C$3:$AM$258, 104, FALSE)+ HLOOKUP(H3,'BALANCE SHEET'!$C$3:$AM$258, 105, FALSE)+ HLOOKUP(H3,'BALANCE SHEET'!$C$3:$AM$258, 106, FALSE) + + HLOOKUP(H3,'BALANCE SHEET'!$C$3:$AM$258, 107, FALSE) + HLOOKUP(H3,'BALANCE SHEET'!$C$3:$AM$258, 112, FALSE)+ HLOOKUP(H3,'BALANCE SHEET'!$C$3:$AM$258, 113, FALSE)+ HLOOKUP(H3,'BALANCE SHEET'!$C$3:$AM$258, 114, FALSE)+ HLOOKUP(H3,'BALANCE SHEET'!$C$3:$AM$258, 115, FALSE)+ HLOOKUP(H3,'BALANCE SHEET'!$C$3:$AM$258, 117, FALSE)+ HLOOKUP(H3,'BALANCE SHEET'!$C$3:$AM$258, 120, FALSE)+ HLOOKUP(H3,'BALANCE SHEET'!$C$3:$AM$258, 121, FALSE)+ HLOOKUP(H3,'BALANCE SHEET'!$C$3:$AM$258, 122, FALSE), 0) | I9: =IFERROR(HLOOKUP(I3,'BALANCE SHEET'!$C$3:$AM$258, 5, FALSE) + HLOOKUP(I3,'BALANCE SHEET'!$C$3:$AM$258, 19, FALSE) + HLOOKUP(I3,'BALANCE SHEET'!$C$3:$AM$258, 23, FALSE) + HLOOKUP(I3,'BALANCE SHEET'!$C$3:$AM$258, 24, FALSE) + HLOOKUP(I3,'BALANCE SHEET'!$C$3:$AM$258, 29, FALSE) + HLOOKUP(I3,'BALANCE SHEET'!$C$3:$AM$258, 31, FALSE) + HLOOKUP(I3,'BALANCE SHEET'!$C$3:$AM$258, 35, FALSE)+ HLOOKUP(I3,'BALANCE SHEET'!$C$3:$AM$258, 39, FALSE) + HLOOKUP(I3,'BALANCE SHEET'!$C$3:$AM$258, 49, FALSE) + HLOOKUP(I3,'BALANCE SHEET'!$C$3:$AM$258, 89, FALSE) + HLOOKUP(I3,'BALANCE SHEET'!$C$3:$AM$258, 98, FALSE) + HLOOKUP(I3,'BALANCE SHEET'!$C$3:$AM$258, 100, FALSE)+ HLOOKUP(I3,'BALANCE SHEET'!$C$3:$AM$258, 101, FALSE)+ HLOOKUP(I3,'BALANCE SHEET'!$C$3:$AM$258, 102, FALSE)+ HLOOKUP(I3,'BALANCE SHEET'!$C$3:$AM$258, 103, FALSE)+ HLOOKUP(I3,'BALANCE SHEET'!$C$3:$AM$258, 104, FALSE)+ HLOOKUP(I3,'BALANCE SHEET'!$C$3:$AM$258, 105, FALSE)+ HLOOKUP(I3,'BALANCE SHEET'!$C$3:$AM$258, 106, FALSE) + + HLOOKUP(I3,'BALANCE SHEET'!$C$3:$AM$258, 107, FALSE) + HLOOKUP(I3,'BALANCE SHEET'!$C$3:$AM$258, 112, FALSE)+ HLOOKUP(I3,'BALANCE SHEET'!$C$3:$AM$258, 113, FALSE)+ HLOOKUP(I3,'BALANCE SHEET'!$C$3:$AM$258, 114, FALSE)+ HLOOKUP(I3,'BALANCE SHEET'!$C$3:$AM$258, 115, FALSE)+ HLOOKUP(I3,'BALANCE SHEET'!$C$3:$AM$258, 117, FALSE)+ HLOOKUP(I3,'BALANCE SHEET'!$C$3:$AM$258, 120, FALSE)+ HLOOKUP(I3,'BALANCE SHEET'!$C$3:$AM$258, 121, FALSE)+ HLOOKUP(I3,'BALANCE SHEET'!$C$3:$AM$258, 122, FALSE), 0) | J9: =IFERROR(HLOOKUP(J3,'BALANCE SHEET'!$C$3:$AM$258, 5, FALSE) + HLOOKUP(J3,'BALANCE SHEET'!$C$3:$AM$258, 19, FALSE) + HLOOKUP(J3,'BALANCE SHEET'!$C$3:$AM$258, 23, FALSE) + HLOOKUP(J3,'BALANCE SHEET'!$C$3:$AM$258, 24, FALSE) + HLOOKUP(J3,'BALANCE SHEET'!$C$3:$AM$258, 29, FALSE) + HLOOKUP(J3,'BALANCE SHEET'!$C$3:$AM$258, 31, FALSE) + HLOOKUP(J3,'BALANCE SHEET'!$C$3:$AM$258, 35, FALSE)+ HLOOKUP(J3,'BALANCE SHEET'!$C$3:$AM$258, 39, FALSE) + HLOOKUP(J3,'BALANCE SHEET'!$C$3:$AM$258, 49, FALSE) + HLOOKUP(J3,'BALANCE SHEET'!$C$3:$AM$258, 89, FALSE) + HLOOKUP(J3,'BALANCE SHEET'!$C$3:$AM$258, 98, FALSE) + HLOOKUP(J3,'BALANCE SHEET'!$C$3:$AM$258, 100, FALSE)+ HLOOKUP(J3,'BALANCE SHEET'!$C$3:$AM$258, 101, FALSE)+ HLOOKUP(J3,'BALANCE SHEET'!$C$3:$AM$258, 102, FALSE)+ HLOOKUP(J3,'BALANCE SHEET'!$C$3:$AM$258, 103, FALSE)+ HLOOKUP(J3,'BALANCE SHEET'!$C$3:$AM$258, 104, FALSE)+ HLOOKUP(J3,'BALANCE SHEET'!$C$3:$AM$258, 105, FALSE)+ HLOOKUP(J3,'BALANCE SHEET'!$C$3:$AM$258, 106, FALSE) + + HLOOKUP(J3,'BALANCE SHEET'!$C$3:$AM$258, 107, FALSE) + HLOOKUP(J3,'BALANCE SHEET'!$C$3:$AM$258, 112, FALSE)+ HLOOKUP(J3,'BALANCE SHEET'!$C$3:$AM$258, 113, FALSE)+ HLOOKUP(J3,'BALANCE SHEET'!$C$3:$AM$258, 114, FALSE)+ HLOOKUP(J3,'BALANCE SHEET'!$C$3:$AM$258, 115, FALSE)+ HLOOKUP(J3,'BALANCE SHEET'!$C$3:$AM$258, 117, FALSE)+ HLOOKUP(J3,'BALANCE SHEET'!$C$3:$AM$258, 120, FALSE)+ HLOOKUP(J3,'BALANCE SHEET'!$C$3:$AM$258, 121, FALSE)+ HLOOKUP(J3,'BALANCE SHEET'!$C$3:$AM$258, 122, FALSE), 0) | ... AM9: =IFERROR(HLOOKUP(AM3,'BALANCE SHEET'!$C$3:$AM$258, 5, FALSE) + HLOOKUP(AM3,'BALANCE SHEET'!$C$3:$AM$258, 19, FALSE) + HLOOKUP(AM3,'BALANCE SHEET'!$C$3:$AM$258, 23, FALSE) + HLOOKUP(AM3,'BALANCE SHEET'!$C$3:$AM$258, 24, FALSE) + HLOOKUP(AM3,'BALANCE SHEET'!$C$3:$AM$258, 29, FALSE) + HLOOKUP(AM3,'BALANCE SHEET'!$C$3:$AM$258, 31, FALSE) + HLOOKUP(AM3,'BALANCE SHEET'!$C$3:$AM$258, 35, FALSE)+ HLOOKUP(AM3,'BALANCE SHEET'!$C$3:$AM$258, 39, FALSE) + HLOOKUP(AM3,'BALANCE SHEET'!$C$3:$AM$258, 49, FALSE) + HLOOKUP(AM3,'BALANCE SHEET'!$C$3:$AM$258, 89, FALSE) + HLOOKUP(AM3,'BALANCE SHEET'!$C$3:$AM$258, 98, FALSE) + HLOOKUP(AM3,'BALANCE SHEET'!$C$3:$AM$258, 100, FALSE)+ HLOOKUP(AM3,'BALANCE SHEET'!$C$3:$AM$258, 101, FALSE)+ HLOOKUP(AM3,'BALANCE SHEET'!$C$3:$AM$258, 102, FALSE)+ HLOOKUP(AM3,'BALANCE SHEET'!$C$3:$AM$258, 103, FALSE)+ HLOOKUP(AM3,'BALANCE SHEET'!$C$3:$AM$258, 104, FALSE)+ HLOOKUP(AM3,'BALANCE SHEET'!$C$3:$AM$258, 105, FALSE)+ HLOOKUP(AM3,'BALANCE SHEET'!$C$3:$AM$258, 106, FALSE) + + HLOOKUP(AM3,'BALANCE SHEET'!$C$3:$AM$258, 107, FALSE) + HLOOKUP(AM3,'BALANCE SHEET'!$C$3:$AM$258, 112, FALSE)+ HLOOKUP(AM3,'BALANCE SHEET'!$C$3:$AM$258, 113, FALSE)+ HLOOKUP(AM3,'BALANCE SHEET'!$C$3:$AM$258, 114, FALSE)+ HLOOKUP(AM3,'BALANCE SHEET'!$C$3:$AM$258, 115, FALSE)+ HLOOKUP(AM3,'BALANCE SHEET'!$C$3:$AM$258, 117, FALSE)+ HLOOKUP(AM3,'BALANCE SHEET'!$C$3:$AM$258, 120, FALSE)+ HLOOKUP(AM3,'BALANCE SHEET'!$C$3:$AM$258, 121, FALSE)+ HLOOKUP(AM3,'BALANCE SHEET'!$C$3:$AM$258, 122, FALSE), 0)
A10: Total Asset Sum | C10: =SUM(C5:C9) | D10: =SUM(D5:D9) | E10: =SUM(E5:E9) | F10: =SUM(F5:F9) | G10: =SUM(G5:G9) | H10: =SUM(H5:H9) | I10: =SUM(I5:I9) | J10: =SUM(J5:J9) | ... AM10: =SUM(AM5:AM9)
A11: Total Asset Check | C11: =IFERROR(HLOOKUP(C3,'BALANCE SHEET'!$C$3:$AM$258, 123, FALSE), 0) | D11: =IFERROR(HLOOKUP(D3,'BALANCE SHEET'!$C$3:$AM$258, 123, FALSE), 0) | E11: =IFERROR(HLOOKUP(E3,'BALANCE SHEET'!$C$3:$AM$258, 123, FALSE), 0) | F11: =IFERROR(HLOOKUP(F3,'BALANCE SHEET'!$C$3:$AM$258, 123, FALSE), 0) | G11: =IFERROR(HLOOKUP(G3,'BALANCE SHEET'!$C$3:$AM$258, 123, FALSE), 0) | H11: =IFERROR(HLOOKUP(H3,'BALANCE SHEET'!$C$3:$AM$258, 123, FALSE), 0) | I11: =IFERROR(HLOOKUP(I3,'BALANCE SHEET'!$C$3:$AM$258, 123, FALSE), 0) | J11: =IFERROR(HLOOKUP(J3,'BALANCE SHEET'!$C$3:$AM$258, 123, FALSE), 0) | ... AM11: =IFERROR(HLOOKUP(AM3,'BALANCE SHEET'!$C$3:$AM$258, 123, FALSE), 0)
A12: Percentage
A13: Cash | C13: =IFERROR(C5/C$10, 0) | D13: =IFERROR(D5/D$10, 0) | E13: =IFERROR(E5/E$10, 0) | F13: =IFERROR(F5/F$10, 0) | G13: =IFERROR(G5/G$10, 0) | H13: =IFERROR(H5/H$10, 0) | I13: =IFERROR(I5/I$10, 0) | J13: =IFERROR(J5/J$10, 0) | ... AM13: =IFERROR(AM5/AM$10, 0)
A14: Credit | C14: =IFERROR(C6/C$10, 0) | D14: =IFERROR(D6/D$10, 0) | E14: =IFERROR(E6/E$10, 0) | F14: =IFERROR(F6/F$10, 0) | G14: =IFERROR(G6/G$10, 0) | H14: =IFERROR(H6/H$10, 0) | I14: =IFERROR(I6/I$10, 0) | J14: =IFERROR(J6/J$10, 0) | ... AM14: =IFERROR(AM6/AM$10, 0)
A15: PPE | C15: =IFERROR(C7/C$10, 0) | D15: =IFERROR(D7/D$10, 0) | E15: =IFERROR(E7/E$10, 0) | F15: =IFERROR(F7/F$10, 0) | G15: =IFERROR(G7/G$10, 0) | H15: =IFERROR(H7/H$10, 0) | I15: =IFERROR(I7/I$10, 0) | J15: =IFERROR(J7/J$10, 0) | ... AM15: =IFERROR(AM7/AM$10, 0)
A16: Investment | C16: =IFERROR(C8/C$10, 0) | D16: =IFERROR(D8/D$10, 0) | E16: =IFERROR(E8/E$10, 0) | F16: =IFERROR(F8/F$10, 0) | G16: =IFERROR(G8/G$10, 0) | H16: =IFERROR(H8/H$10, 0) | I16: =IFERROR(I8/I$10, 0) | J16: =IFERROR(J8/J$10, 0) | ... AM16: =IFERROR(AM8/AM$10, 0)
A17: Others | C17: =IFERROR(C9/C$10, 0) | D17: =IFERROR(D9/D$10, 0) | E17: =IFERROR(E9/E$10, 0) | F17: =IFERROR(F9/F$10, 0) | G17: =IFERROR(G9/G$10, 0) | H17: =IFERROR(H9/H$10, 0) | I17: =IFERROR(I9/I$10, 0) | J17: =IFERROR(J9/J$10, 0) | ... AM17: =IFERROR(AM9/AM$10, 0)
A18: Total Percentage Sum | C18: =SUM(C13:C17) | D18: =SUM(D13:D17) | E18: =SUM(E13:E17) | F18: =SUM(F13:F17) | G18: =SUM(G13:G17) | H18: =SUM(H13:H17) | I18: =SUM(I13:I17) | J18: =SUM(J13:J17) | ... AM18: =SUM(AM13:AM17)

Sheet INCOME STATEMENT
A1: Laporan laba rugi dan penghasilan komprehensif lain
A3: Period | C3: 2018-12-31 | D3: 2019-12-31 | E3: 2020-12-31 | F3: 2021-12-31 | G3: 2022-12-31 | H3: 2023-12-31 | I3: 2024-12-31 | J3: 2025-12-31
A4: Laporan laba rugi dan penghasilan komprehensif lain
A5: Gross Operating Revenue (without recoveries, change in fair value, & one off) | C5: =C11+C19+C20+C28+C29+C30+C22+C25+C27+C33+C34+C38+C47+C48+C49+C50+C61+C52+C53+C54+C55+C56+C57+C60+C63+C62+C64+C69 | D5: =D11+D19+D20+D28+D29+D30+D22+D25+D27+D33+D34+D38+D47+D48+D49+D50+D61+D52+D53+D54+D55+D56+D57+D60+D63+D62+D64+D69 | E5: =E11+E19+E20+E28+E29+E30+E22+E25+E27+E33+E34+E38+E47+E48+E49+E50+E61+E52+E53+E54+E55+E56+E57+E60+E63+E62+E64+E69 | F5: =F11+F19+F20+F28+F29+F30+F22+F25+F27+F33+F34+F38+F47+F48+F49+F50+F61+F52+F53+F54+F55+F56+F57+F60+F63+F62+F64+F69 | G5: =G11+G19+G20+G28+G29+G30+G22+G25+G27+G33+G34+G38+G47+G48+G49+G50+G61+G52+G53+G54+G55+G56+G57+G60+G63+G62+G64+G69 | H5: =H11+H19+H20+H28+H29+H30+H22+H25+H27+H33+H34+H38+H47+H48+H49+H50+H61+H52+H53+H54+H55+H56+H57+H60+H63+H62+H64+H69 | I5: =I11+I19+I20+I28+I29+I30+I22+I25+I27+I33+I34+I38+I47+I48+I49+I50+I61+I52+I53+I54+I55+I56+I57+I60+I63+I62+I64+I69 | J5: =J11+J19+J20+J28+J29+J30+J22+J25+J27+J33+J34+J38+J47+J48+J49+J50+J61+J52+J53+J54+J55+J56+J57+J60+J63+J62+J64+J69 | ... AL5: =AL11+AL19+AL20+AL28+AL29+AL30+AL22+AL25+AL27+AL33+AL34+AL38+AL47+AL48+AL49+AL50+AL61+AL52+AL53+AL54+AL55+AL56+AL57+AL60+AL63+AL62+AL64+AL69
A6: Gross Operating Revenue Growth (%) | C6: =IFERROR(IF(((C5-B5)/B5)=-1, "", (C5-B5)/B5), "") | D6: =IFERROR(IF(((D5-C5)/C5)=-1, "", (D5-C5)/C5), "") | E6: =IFERROR(IF(((E5-D5)/D5)=-1, "", (E5-D5)/D5), "") | F6: =IFERROR(IF(((F5-E5)/E5)=-1, "", (F5-E5)/E5), "") | G6: =IFERROR(IF(((G5-F5)/F5)=-1, "", (G5-F5)/F5), "") | H6: =IFERROR(IF(((H5-G5)/G5)=-1, "", (H5-G5)/G5), "") | I6: =IFERROR(IF(((I5-H5)/H5)=-1, "", (I5-H5)/H5), "") | J6: =IFERROR(IF(((J5-I5)/I5)=-1, "", (J5-I5)/I5), "") | ... AL6: =IFERROR(IF(((AL5-AK5)/AK5)=-1, "", (AL5-AK5)/AK5), "")
A7: Net Operating Revenue (without recoveries, change in fair value, & one off) | C7: =C5 - (C14+C23+C24+C26+C32+C35+C36+C37+C39+C40+C41+C42+C43+C77) | D7: =D5 - (D14+D23+D24+D26+D32+D35+D36+D37+D39+D40+D41+D42+D43+D77) | E7: =E5 - (E14+E23+E24+E26+E32+E35+E36+E37+E39+E40+E41+E42+E43+E77) | F7: =F5 - (F14+F23+F24+F26+F32+F35+F36+F37+F39+F40+F41+F42+F43+F77) | G7: =G5 - (G14+G23+G24+G26+G32+G35+G36+G37+G39+G40+G41+G42+G43+G77) | H7: =H5 - (H14+H23+H24+H26+H32+H35+H36+H37+H39+H40+H41+H42+H43+H77) | I7: =I5 - (I14+I23+I24+I26+I32+I35+I36+I37+I39+I40+I41+I42+I43+I77) | J7: =J5 - (J14+J23+J24+J26+J32+J35+J36+J37+J39+J40+J41+J42+J43+J77) | ... AL7: =AL5 - (AL14+AL23+AL24+AL26+AL32+AL35+AL36+AL37+AL39+AL40+AL41+AL42+AL43+AL77)
A8: Net Operating Revenue Growth (%) | C8: =IFERROR(IF(((C7-B7)/B7)=-1, "", (C7-B7)/B7), "") | D8: =IFERROR(IF(((D7-C7)/C7)=-1, "", (D7-C7)/C7), "") | E8: =IFERROR(IF(((E7-D7)/D7)=-1, "", (E7-D7)/D7), "") | F8: =IFERROR(IF(((F7-E7)/E7)=-1, "", (F7-E7)/E7), "") | G8: =IFERROR(IF(((G7-F7)/F7)=-1, "", (G7-F7)/F7), "") | H8: =IFERROR(IF(((H7-G7)/G7)=-1, "", (H7-G7)/G7), "") | I8: =IFERROR(IF(((I7-H7)/H7)=-1, "", (I7-H7)/H7), "") | J8: =IFERROR(IF(((J7-I7)/I7)=-1, "", (J7-I7)/I7), "") | ... AL8: =IFERROR(IF(((AL7-AK7)/AK7)=-1, "", (AL7-AK7)/AK7), "")
A9: Total Asset Turnover Ratio (TATO) (%) | C9: =IFERROR(C7/HLOOKUP(C3,'BALANCE SHEET'!$C$3:$AH$258, 123, FALSE), "") | D9: =IFERROR(D7/HLOOKUP(D3,'BALANCE SHEET'!$C$3:$AH$258, 123, FALSE), "") | E9: =IFERROR(E7/HLOOKUP(E3,'BALANCE SHEET'!$C$3:$AH$258, 123, FALSE), "") | F9: =IFERROR(F7/HLOOKUP(F3,'BALANCE SHEET'!$C$3:$AH$258, 123, FALSE), "") | G9: =IFERROR(G7/HLOOKUP(G3,'BALANCE SHEET'!$C$3:$AH$258, 123, FALSE), "") | H9: =IFERROR(H7/HLOOKUP(H3,'BALANCE SHEET'!$C$3:$AH$258, 123, FALSE), "") | I9: =IFERROR(I7/HLOOKUP(I3,'BALANCE SHEET'!$C$3:$AH$258, 123, FALSE), "") | J9: =IFERROR(J7/HLOOKUP(J3,'BALANCE SHEET'!$C$3:$AH$258, 123, FALSE), "") | ... AL9: =IFERROR(AL7/HLOOKUP(AL3,'BALANCE SHEET'!$C$3:$AH$258, 123, FALSE), "")
A10: Pendapatan dan beban operasional
A11: Pendapatan bunga | C11: 14790.035 | D11: 15479.869 | E11: 12826.683 | F11: 10730.035 | G11: 10400.454 | H11: 11883.891 | I11: 13062.202 | J11: 13205.854
A12: Gross Interest Income Growth (%) | C12: =IFERROR(IF(((C11-B11)/B11)=-1, "", (C11-B11)/B11), "") | D12: =IFERROR(IF(((D11-C11)/C11)=-1, "", (D11-C11)/C11), "") | E12: =IFERROR(IF(((E11-D11)/D11)=-1, "", (E11-D11)/D11), "") | F12: =IFERROR(IF(((F11-E11)/E11)=-1, "", (F11-E11)/E11), "") | G12: =IFERROR(IF(((G11-F11)/F11)=-1, "", (G11-F11)/F11), "") | H12: =IFERROR(IF(((H11-G11)/G11)=-1, "", (H11-G11)/G11), "") | I12: =IFERROR(IF(((I11-H11)/H11)=-1, "", (I11-H11)/H11), "") | J12: =IFERROR(IF(((J11-I11)/I11)=-1, "", (J11-I11)/I11), "") | ... AL12: =IFERROR(IF(((AL11-AK11)/AK11)=-1, "", (AL11-AK11)/AK11), "")
A13: Gross Interest Margin (GIM) (%) | C13: =IFERROR(C11/HLOOKUP(C3,'BALANCE SHEET'!$C$3:$AH$258, 125, FALSE), "") | D13: =IFERROR(D11/HLOOKUP(D3,'BALANCE SHEET'!$C$3:$AH$258, 125, FALSE), "") | E13: =IFERROR(E11/HLOOKUP(E3,'BALANCE SHEET'!$C$3:$AH$258, 125, FALSE), "") | F13: =IFERROR(F11/HLOOKUP(F3,'BALANCE SHEET'!$C$3:$AH$258, 125, FALSE), "") | G13: =IFERROR(G11/HLOOKUP(G3,'BALANCE SHEET'!$C$3:$AH$258, 125, FALSE), "") | H13: =IFERROR(H11/HLOOKUP(H3,'BALANCE SHEET'!$C$3:$AH$258, 125, FALSE), "") | I13: =IFERROR(I11/HLOOKUP(I3,'BALANCE SHEET'!$C$3:$AH$258, 125, FALSE), "") | J13: =IFERROR(J11/HLOOKUP(J3,'BALANCE SHEET'!$C$3:$AH$258, 125, FALSE), "") | ... AL13: =IFERROR(AL11/HLOOKUP(AL3,'BALANCE SHEET'!$C$3:$AH$258, 125, FALSE), "")
A14: Beban bunga | C14: 6690.157 | D14: 7311.894 | E14: 5566.873 | F14: 3612.756 | G14: 3191.688 | H14: 4650.268 | I14: 5956.792 | J14: 5983.952
A15: Cost of Fund (COF) (%) | C15: =IFERROR(C$14/HLOOKUP(C$3,'BALANCE SHEET'!$C$3:$AH$258, 203, FALSE), "") | D15: =IFERROR(D$14/HLOOKUP(D$3,'BALANCE SHEET'!$C$3:$AH$258, 203, FALSE), "") | E15: =IFERROR(E$14/HLOOKUP(E$3,'BALANCE SHEET'!$C$3:$AH$258, 203, FALSE), "") | F15: =IFERROR(F$14/HLOOKUP(F$3,'BALANCE SHEET'!$C$3:$AH$258, 203, FALSE), "") | G15: =IFERROR(G$14/HLOOKUP(G$3,'BALANCE SHEET'!$C$3:$AH$258, 203, FALSE), "") | H15: =IFERROR(H$14/HLOOKUP(H$3,'BALANCE SHEET'!$C$3:$AH$258, 203, FALSE), "") | I15: =IFERROR(I$14/HLOOKUP(I$3,'BALANCE SHEET'!$C$3:$AH$258, 203, FALSE), "") | J15: =IFERROR(J$14/HLOOKUP(J$3,'BALANCE SHEET'!$C$3:$AH$258, 203, FALSE), "") | ... AL15: =IFERROR(AL$14/HLOOKUP(AL$3,'BALANCE SHEET'!$C$3:$AH$258, 203, FALSE), "")
A16: Pendapatan bunga bersih | C16: =C11-C14 | D16: =D11-D14 | E16: =E11-E14 | F16: =F11-F14 | G16: =G11-G14 | H16: =H11-H14 | I16: =I11-I14 | J16: =J11-J14 | ... AL16: =AL11-AL14
A17: Net Interest Income Growth (%) | C17: =IFERROR(IF(((C16-B16)/B16)=-1, "", (C16-B16)/B16), "") | D17: =IFERROR(IF(((D16-C16)/C16)=-1, "", (D16-C16)/C16), "") | E17: =IFERROR(IF(((E16-D16)/D16)=-1, "", (E16-D16)/D16), "") | F17: =IFERROR(IF(((F16-E16)/E16)=-1, "", (F16-E16)/E16), "") | G17: =IFERROR(IF(((G16-F16)/F16)=-1, "", (G16-F16)/F16), "") | H17: =IFERROR(IF(((H16-G16)/G16)=-1, "", (H16-G16)/G16), "") | I17: =IFERROR(IF(((I16-H16)/H16)=-1, "", (I16-H16)/H16), "") | J17: =IFERROR(IF(((J16-I16)/I16)=-1, "", (J16-I16)/I16), "") | ... AL17: =IFERROR(IF(((AL16-AK16)/AK16)=-1, "", (AL16-AK16)/AK16), "")
A18: Net Interest Margin (NIM) (%) | C18: =IFERROR(C16/HLOOKUP(C3,'BALANCE SHEET'!$C$3:$AH$258, 125, FALSE), "") | D18: =IFERROR(D16/HLOOKUP(D3,'BALANCE SHEET'!$C$3:$AH$258, 125, FALSE), "") | E18: =IFERROR(E16/HLOOKUP(E3,'BALANCE SHEET'!$C$3:$AH$258, 125, FALSE), "") | F18: =IFERROR(F16/HLOOKUP(F3,'BALANCE SHEET'!$C$3:$AH$258, 125, FALSE), "") | G18: =IFERROR(G16/HLOOKUP(G3,'BALANCE SHEET'!$C$3:$AH$258, 125, FALSE), "") | H18: =IFERROR(H16/HLOOKUP(H3,'BALANCE SHEET'!$C$3:$AH$258, 125, FALSE), "") | I18: =IFERROR(I16/HLOOKUP(I3,'BALANCE SHEET'!$C$3:$AH$258, 125, FALSE), "") | J18: =IFERROR(J16/HLOOKUP(J3,'BALANCE SHEET'!$C$3:$AH$258, 125, FALSE), "") | ... AL18: =IFERROR(AL16/HLOOKUP(AL3,'BALANCE SHEET'!$C$3:$AH$258, 125, FALSE), "")
A19: Pendapatan pengelolaan dana oleh bank sebagai mudharib
A20: Hak pihak ketiga atas bagi hasil dana syirkah temporer
A21: Pendapatan asuransi
A22: Pendapatan dari premi asuransi
A23: Premi reasuransi
A24: Premi retrosesi
A25: Penurunan (kenaikan) premi yang belum merupakan pendapatan
A26: Penurunan (kenaikan) pendapatan premi disesikan kepada reasuradur
A27: Pendapatan komisi asuransi
A28: Pendapatan bersih investasi
A29: Penerimaan ujrah
A30: Pendapatan asuransi lainnya
... A43: Beban asuransi lainnya
A44: Net Operating Revenue before Provisions | C44: =C5 - (C14+C23+C24+C26+C32+C35+C36+C37+C39+C40+C41+C42+C43) | D44: =D5-D14-D32 | E44: =E5-E14-E32 | F44: =F5-F14-F32 | G44: =G5-G14-G32 | H44: =H5-H14-H32 | I44: =I5-I14-I32 | J44: =J5-J14-J32 | K44: =K5-K14-K32 | ... AL44: =AL5-AL14-AL32
A45: GPM (%) | C45: =IFERROR(C44/C5, "") | D45: =IFERROR(D44/D5, "") | E45: =IFERROR(E44/E5, "") | F45: =IFERROR(F44/F5, "") | G45: =IFERROR(G44/G5, "") | H45: =IFERROR(H44/H5, "") | I45: =IFERROR(I44/I5, "") | J45: =IFERROR(J44/J5, "") | ... AL45: =IFERROR(AL44/AL5, "")
A46: Pendapatan dari pembiayaan
A47: Pendapatan dari pembiayaan konsumen
A48: Pendapatan dari sewa pembiayaan
A49: Pendapatan dari sewa operasi
A50: Pendapatan dari anjak piutang
A51: Pendapatan sekuritas
A52: Pendapatan kegiatan penjamin emisi dan penjualan efek
A53: Pendapatan pembiayaan transaksi nasabah
A54: Pendapatan jasa biro administrasi efek
A55: Pendapatan kegiatan jasa manajer investasi
A56: Pendapatan kegiatan jasa penasehat keuangan
A57: Keuntungan (kerugian) dari transaksi perdagangan efek yang telah direalisasi
... A60: Pendapatan investasi
A61: Pendapatan provisi dan komisi dari transaksi lainnya selain kredit | C61: 380.428 | D61: 411.315 | E61: 349.75 | F61: 371.038 | G61: 343.444 | H61: 393.334 | I61: 368.962 | J61: 359.88
A62: Pendapatan transaksi perdagangan
A63: Pendapatan dividen
A64: Keuntungan (kerugian) yang telah direalisasi atas instrumen derivatif
A65: Penerimaan kembali aset yang telah dihapusbukukan | I65: 645.118 | J65: 455.236
A66: Keuntungan (kerugian) selisih kurs mata uang asing | C66: 105.81 | D66: 199.371 | E66: 451.622 | F66: 202.005 | G66: 78.442 | H66: -5.943 | I66: -225.782 | J66: 91.865
A67: Keuntungan (kerugian) pelepasan aset tetap
A68: Keuntungan (kerugian) pelepasan agunan yang diambil alih
A69: Pendapatan operasional lainnya | C69: 1780.478 | D69: 1969.572 | E69: 1583.157 | F69: 1517.277 | G69: 1338.392 | H69: 1310.515 | I69: 1363.9 | J69: 1419.786
A70: Pemulihan penyisihan kerugian penurunan nilai
A71: Pemulihan penyisihan kerugian penurunan nilai aset keuangan | E71: 14.901 | F71: 17.996 | G71: 3.746 | H71: 22.548 | I71: 2.84 | J71: 1.563
A72: Pemulihan penyisihan kerugian penurunan nilai aset keuangan - sewa pembiayaan
A73: Pemulihan penyisihan kerugian penurunan nilai aset keuangan - piutang pembiayaan konsumen
A74: Pemulihan penyisihan kerugian penurunan nilai aset non-keuangan | C74: 0.001
A75: Pemulihan penyisihan kerugian penurunan nilai aset non-keuangan - agunan yang diambil alih
A76: Pemulihan penyisihan estimasi kerugian atas komitmen dan kontinjensi
A77: Pembentukan kerugian penurunan nilai | C77: =C80+C81 | D77: =D80+D81 | E77: =E80+E81 | F77: =F80+F81 | G77: =G80+G81 | H77: =H80+H81 | I77: =I80+I81 | J77: =J80+J81 | ... AL77: =AL80+AL81
A78: CKPN to Net Revenue (%) | C78: =IFERROR(C77/C7, "") | D78: =IFERROR(D77/D7, "") | E78: =IFERROR(E77/E7, "") | F78: =IFERROR(F77/F7, "") | G78: =IFERROR(G77/G7, "") | H78: =IFERROR(H77/H7, "") | I78: =IFERROR(I77/I7, "") | J78: =IFERROR(J77/J7, "") | ... AL78: =IFERROR(AL77/AL7, "")
A79: Credit Cost (%) | C79: =IFERROR(C77/HLOOKUP(C3,'BALANCE SHEET'!$C$3:$AH$258, 42, FALSE), "") | D79: =IFERROR(D77/HLOOKUP(D3,'BALANCE SHEET'!$C$3:$AH$258, 42, FALSE), "") | E79: =IFERROR(E77/HLOOKUP(E3,'BALANCE SHEET'!$C$3:$AH$258, 42, FALSE), "") | F79: =IFERROR(F77/HLOOKUP(F3,'BALANCE SHEET'!$C$3:$AH$258, 42, FALSE), "") | G79: =IFERROR(G77/HLOOKUP(G3,'BALANCE SHEET'!$C$3:$AH$258, 42, FALSE), "") | H79: =IFERROR(H77/HLOOKUP(H3,'BALANCE SHEET'!$C$3:$AH$258, 42, FALSE), "") | I79: =IFERROR(I77/HLOOKUP(I3,'BALANCE SHEET'!$C$3:$AH$258, 42, FALSE), "") | J79: =IFERROR(J77/HLOOKUP(J3,'BALANCE SHEET'!$C$3:$AH$258, 42, FALSE), "") | ... AL79: =IFERROR(AL77/HLOOKUP(AL3,'BALANCE SHEET'!$C$3:$AH$258, 42, FALSE), "")
A80: Pembentukan penyisihan kerugian penurunan nilai aset produktif | C80: 1303.293 | D80: 1758.015 | E80: 2106.321 | F80: 1500.218 | G80: 1269.405 | H80: 1086.8 | I80: 1334.223 | J80: 985.207
A81: Pembentukan penyisihan kerugian penurunan nilai aset non-produktif | C81: 7.437 | D81: 22.928 | E81: 37.724 | F81: 42.09 | G81: 32.005 | H81: 52.346 | I81: 18.263 | J81: 21.201
A82: Pembalikan (beban) estimasi kerugian komitmen dan kontijensi | E82: 53.47 | F82: -15.752 | G82: 31.444 | H82: 1.538 | I82: -19.73 | J82: 28.579
A83: Beban operasional lainnya
A84: Beban umum dan administrasi | C84: 2788.104 | D84: 3044.39 | E84: 2704.468 | F84: 2484.091 | G84: 2468.597 | H84: 2367.356 | I84: 2508.29 | J84: 2589.532
A85: Beban penjualan
A86: Beban sewa, pemeliharaan, dan perbaikan | C86: 773.834 | D86: 782.024 | E86: 471.795 | F86: 414.751 | G86: 424.339 | H86: 486.575 | I86: 546.723 | J86: 594.46
A87: Beban provisi dan komisi
A88: Beban operasional lainnya | C88: 2460.991 | D88: 2564.01 | E88: 2541.493 | F88: 2548.967 | G88: 2753.694 | H88: 2996.464 | I88: 3252.987 | J88: 3265.465
A89: Jumlah laba operasional | C89: 3032.936 | D89: 2576.866 | E89: 1850.909 | F89: 2219.726 | G89: 2056.194 | H89: 2347.888 | I89: 1588.64 | J89: 2122.946
A90: Operating Profit Growth (%) | C90: =IFERROR(IF(((C89-B89)/B89)=-1, "", (C89-B89)/B89), "") | D90: =IFERROR(IF(((D89-C89)/C89)=-1, "", (D89-C89)/C89), "") | E90: =IFERROR(IF(((E89-D89)/D89)=-1, "", (E89-D89)/D89), "") | F90: =IFERROR(IF(((F89-E89)/E89)=-1, "", (F89-E89)/E89), "") | G90: =IFERROR(IF(((G89-F89)/F89)=-1, "", (G89-F89)/F89), "") | H90: =IFERROR(IF(((H89-G89)/G89)=-1, "", (H89-G89)/G89), "") | I90: =IFERROR(IF(((I89-H89)/H89)=-1, "", (I89-H89)/H89), "") | J90: =IFERROR(IF(((J89-I89)/I89)=-1, "", (J89-I89)/I89), "") | ... AL90: =IFERROR(IF(((AL89-AK89)/AK89)=-1, "", (AL89-AK89)/AK89), "")
A91: OPM (%) | C91: =IFERROR(C89/C5, "") | D91: =IFERROR(D89/D5, "") | E91: =IFERROR(E89/E5, "") | F91: =IFERROR(F89/F5, "") | G91: =IFERROR(G89/G5, "") | H91: =IFERROR(H89/H5, "") | I91: =IFERROR(I89/I5, "") | J91: =IFERROR(J89/J5, "") | ... AL91: =IFERROR(AL89/AL5, "")
A92: Pendapatan dan beban bukan operasional
A93: Pendapatan bukan operasional | C93: 9.312 | D93: 31.313 | E93: 2.68 | F93: 1.006 | G93: 2.33 | H93: 14.163 | I93: 19.052 | J93: 104.858
A94: Beban bukan operasional | C94: 6.671 | D94: 9.085 | E94: 34.944 | F94: 18.07 | G94: 18.298 | H94: 7.377 | I94: 7.379 | J94: 5.011
A95: Bagian atas laba (rugi) entitas asosiasi yang dicatat dengan menggunakan metode ekuitas
A96: Bagian atas laba (rugi) entitas ventura bersama yang dicatat menggunakan metode ekuitas
A97: Jumlah laba (rugi) sebelum pajak penghasilan | C97: 3035.577 | D97: 2599.094 | E97: 1818.645 | F97: 2202.662 | G97: 2040.226 | H97: 2354.674 | I97: 1600.313 | J97: 2222.793
A98: Pendapatan (beban) pajak | C98: -773.332 | D98: -674.914 | E98: -534.253 | F98: -501.734 | G98: -507.015 | H98: -536.924 | I98: -401.67 | J98: -520.598
A99: Jumlah laba (rugi) dari operasi yang dilanjutkan | C99: 2262.245 | D99: 1924.18 | E99: 1284.392 | F99: 1679.754 | G99: 1533.211 | H99: 1817.75 | I99: 1198.643 | J99: 1702.195
A100: Laba (rugi) dari operasi yang dihentikan | C100: 0 | D100: 0 | E100: 0 | F100: 0
A101: Jumlah laba (rugi) | C101: 2262.245 | D101: 1924.18 | E101: 1284.392 | F101: 1700.928 | G101: 1533.211 | H101: 1817.75 | I101: 1198.643 | J101: 1702.195
A102: Pendapatan komprehensif lainnya, sebelum pajak
A103: Pendapatan komprehensif lainnya yang tidak akan direklasifikasi ke laba rugi, sebelum pajak
A104: Pendapatan komprehensif lainnya atas keuntungan (kerugian) hasil revaluasi aset tetap, sebelum pajak | C104: 352.591 | D104: 0 | E104: -10.925 | F104: 160.604 | G104: -19.043 | H104: -0.379 | I104: 131.849 | J104: -134.315
A105: Pendapatan komprehensif lainnya atas pengukuran kembali kewajiban manfaat pasti, sebelum pajak | C105: 240.227 | D105: 28.815 | E105: 69.383 | F105: 78.438 | G105: 105.037 | H105: 65.225 | I105: 93.926 | J105: 131.66
A106: Penyesuaian lainnya atas pendapatan komprehensif lainnya yang tidak akan direklasifikasi ke laba rugi, sebelum pajak
A107: Jumlah pendapatan komprehensif lainnya yang tidak akan direklasifikasi ke laba rugi, sebelum pajak | C107: 592.818 | D107: 28.815 | E107: 58.458 | F107: 239.042 | G107: 85.994 | H107: 64.846 | I107: 225.775 | J107: -2.655
A108: Pendapatan komprehensif lainnya yang akan direklasifikasi ke laba rugi, sebelum pajak
A109: Keuntungan (kerugian) selisih kurs penjabaran, sebelum pajak | C109: 3.954 | D109: 4.633 | E109: 1.457 | F109: -0.148 | G109: 1.846 | H109: 1.485 | I109: -1.349 | J109: 0.158
A110: Penyesuaian reklasifikasi selisih kurs penjabaran, sebelum pajak
A111: Keuntungan (kerugian) yang belum direalisasi atas perubahan nilai wajar aset keuangan melalui penghasilan komprehensif lain, sebelum pajak | G111: -620.602 | H111: 1.068 | I111: -235.163 | J111: 867.77
A112: Penyesuaian reklasifikasi atas aset keuangan nilai wajar melalui pendapatan komprehensif lainnya, sebelum pajak
A113: Keuntungan (kerugian) lindung nilai arus kas, sebelum pajak
A114: Penyesuaian reklasifikasi atas lindung nilai arus kas, sebelum pajak
A115: Nilai tercatat dari aset (liabilitas) non-keuangan yang perolehan atau keterjadiannya merupakan suatu prakiraan transaksi yang kemungkinan besar terjadi yang dilindung nilai, sebelum pajak
...

Sheet CASH FLOW
A1: Laporan arus kas
A3: Period | C3: 2018-12-31 | D3: 2019-12-31 | E3: 2020-12-31 | F3: 2021-12-31 | G3: 2022-12-31 | H3: 2023-12-31 | I3: 2024-12-31 | J3: 2025-12-31
A4: Laporan arus kas
A5: Arus kas dari aktivitas operasi
A6: Arus kas sebelum perubahan dalam aset dan liabilitas operasi
A7: Penerimaan bunga, hasil investasi, provisi, dan komisi | C7: 14662.159 | D7: 15597.931 | E7: 12600.582 | F7: 10717.849 | G7: 10529.43 | H7: 11865.799 | I7: 13009.832 | J7: 13054.588
A8: Pembayaran bunga dan bonus, provisi dan komisi | C8: 6581.306 | D8: 7381.681 | E8: 5772.838 | F8: 3808.707 | G8: 3141.675 | H8: 4643.367 | I8: 5915.453 | J8: 6015.798
A9: Bunga bank dan deposito berjangka
A10: Penerimaan pendapatan pengelolaan dana sebagai mudharib
A11: Pembayaran bagi hasil dana syirkah temporer
A12: Penerimaan premi asuransi
A13: Penerimaan klaim reasuransi
A14: Penerimaan (pembayaran) komisi
A15: Penerimaan klaim retrosesi
A16: Penerimaan dari ujrah
A17: Penerimaan dari (pembayaran kepada) lembaga kliring dan penjaminan
A18: Penerimaan dari (pembayaran kepada) nasabah
A19: Pencairan (penempatan) deposito pada lembaga kliring dan penjaminan
A20: Pendapatan dari transaksi operasional lainnya | C20: 2418.578 | D20: 2350.366 | E20: 2253.842 | F20: 2105.263 | G20: 1149.31 | H20: 1909.525 | I20: 1744.082 | J20: 1469.654
A21: Penerimaan kembali aset yang telah dihapusbukukan
A22: Pembayaran biaya akuisisi ditangguhkan
A23: Pembayaran atas beban keuangan dan beban administrasi bank
A24: Pembayaran gaji dan tunjangan | C24: 2339.341 | D24: 2439.424 | E24: 2723.122 | F24: 2627.581 | G24: 2886.079 | H24: 3142.859 | I24: 3022.736 | J24: 3231.053
A25: Pembayaran pajak penghasilan badan | F25: 507.447 | G25: 454.965 | H25: 671.971 | I25: 406.797 | J25: 522.389
A26: Pembayaran beban umum dan administrasi | F26: 2281.179 | G26: 2305.59 | H26: 2219.888 | I26: 2521.05 | J26: 2548.082
A27: Laba (rugi) selisih kurs
A28: Penerimaan pengembalian (pembayaran) pajak penghasilan | C28: -926.655 | D28: -545.845 | E28: -454 | F28: -507.447
A29: Pembayaran beban operasional lainnya | C29: 3251.551 | D29: 3684.62 | E29: 2621.812 | F29: 2281.179 | I29: 19.395 | J29: -93.171
A30: Penerimaan pendapatan non-operasional | C30: -159.746 | D30: 17.402 | E30: -40.925 | F30: -16.614 | G30: -16.355 | H30: 4.348
A31: Pengembalian (penempatan) uang jaminan
A32: Penerimaan (pengeluaran) kas lainnya dari aktivitas operasi
A33: Penurunan (kenaikan) aset operasi
A34: Penurunan (kenaikan) penempatan pada bank lain dan Bank Indonesia | C34: -15 | D34: 0 | E34: 0 | F34: 0 | G34: 15 | H34: 0
A35: Penurunan (kenaikan) efek yang diperdagangkan | C35: 3516.848 | D35: -1404.1 | E35: 459.103 | F35: -764.547 | G35: 1419.358 | H35: -814.248 | I35: -652.35 | J35: -2607.714
A36: Penurunan (kenaikan) efek yang dibeli dengan janji dijual kembali
A37: Penurunan (kenaikan) investasi pemegang polis pada kontrak unit-linked
A38: Penurunan (kenaikan) wesel ekspor dan tagihan lainnya | C38: -756.53 | D38: 827.782 | E38: 1507.399 | F38: -1081.161 | G38: 795.137 | H38: 606.129 | I38: -1309.643 | J38: 209.665
A39: Penurunan (kenaikan) tagihan akseptasi
A40: Penurunan (kenaikan) pinjaman yang diberikan | C40: -8932.566 | D40: 9392.735 | E40: 13311.684 | F40: 2025.932 | G40: -7101.012 | H40: -8912.75 | I40: -12945.983 | J40: 2558.322
A41: Penurunan (kenaikan) piutang pembiayaan konsumen | C41: -177.018 | D41: -43.437 | E41: 2466.995 | F41: -9.912 | G41: -72.673 | H41: -257.787 | I41: 534.439 | J41: -294.557
A42: Penurunan (kenaikan) investasi sewa
A43: Penurunan (kenaikan) tagihan anjak piutang
A44: Penurunan (kenaikan) piutang dan pembiayaan syariah
A45: Penurunan (kenaikan) piutang murabahah
A46: Penurunan (kenaikan) piutang istishna
A47: Penurunan (kenaikan) piutang ijarah
A48: Penurunan (kenaikan) pinjaman qardh
A49: Penurunan (kenaikan) pembiayaan mudharabah
A50: Penurunan (kenaikan) pembiayaan musyarakah
A51: Penurunan (kenaikan) aset ijarah
A52: Penurunan (kenaikan) piutang lainnya
A53: Penurunan (kenaikan) agunan yang diambil alih
... A55: Penurunan (kenaikan) aset reasuransi
A56: Penurunan (kenaikan) aset lainnya | C56: -207.664 | D56: 1145.751 | E56: 128.029 | H56: -30.308 | I56: -537.303 | J56: -1442.881
A57: Kenaikan (penurunan) liabilitas operasi
A58: Kenaikan (penurunan) liabilitas segera | C58: -316.957 | D58: 90.654 | E58: 222.39 | F58: -362.327 | G58: 353.45 | H58: -86.851 | I58: -6.023 | J58: 1245.479
A59: Kenaikan (penurunan) giro dan tabungan simpanan nasabah | C59: -4046.216 | D59: -3956.131 | E59: 5252.949 | F59: 8479.248 | G59: 81.533 | H59: 4650.458 | I59: 3905.804 | J59: 3968.376
A60: Kenaikan (penurunan) deposito berjangka nasabah | C60: -432.956 | D60: -2255.251 | E60: -850.908 | F60: -8583.52 | G60: -9274.006 | H60: 5145.748 | I60: -404.421 | J60: -6778.171
A61: Kenaikan (penurunan) giro wadiah simpanan nasabah
A62: Kenaikan (penurunan) tabungan wadiah simpanan nasabah
A63: Kenaikan (penurunan) deposito wakalah simpanan nasabah
A64: Kenaikan (penurunan) simpanan dari bank lain | C64: 356.549 | D64: -1083.863 | E64: 5102.067 | F64: -3073.763 | G64: -1996.67 | H64: 1617.203 | I64: 1237.361 | J64: 3109.44
A65: Kenaikan (penurunan) giro mudharabah
A66: Kenaikan (penurunan) tabungan mudharabah
A67: Kenaikan (penurunan) efek yang dijual dengan janji dibeli kembali
A68: Kenaikan (penurunan) liabilitas akseptasi
A69: Kenaikan (penurunan) liabilitas pemegang polis pada kontrak unit-linked
A70: Kenaikan (penurunan) liabilitas derivatif
A71: Kenaikan (penurunan) dana syirkah temporer
A72: Kenaikan (penurunan) liabilitas lainnya | C72: -147.147 | D72: -528.732 | E72: -319.422 | F72: 98.936 | G72: 198.161 | H72: 243.872 | I72: -4.027 | J72: -154.347
A73: Jumlah arus kas bersih yang diperoleh dari (digunakan untuk) aktivitas operasi | C73: -7336.519 | D73: 6099.537 | E73: 30522.013 | F73: 256.096 | G73: -12707.646 | H73: 5263.053 | I73: -7313.663 | J73: 2113.703
A74: Arus kas dari aktivitas investasi
A75: Penerimaan dari penyertaan saham dalam klasifikasi biaya perolehan diamortisasi dan nilai wajar melalui pendapatan komprehensif lainnya
A76: Pencairan (penempatan) obligasi dan (atau) sukuk | C76: 2444.975 | D76: -360.789 | E76: -8526.647 | F76: -5185.06 | H76: -2576.358 | I76: -8165.998 | J76: 2001.036
A77: Penerimaan dividen dari aktivitas investasi
A78: Penerimaan dari penjualan (perolehan) properti investasi
A79: Penerimaan dari penjualan (perolehan) aset tetap | C79: -168.969 | D79: -195.834 | E79: -161.291 | F79: -200.211 | G79: -286.875 | H79: -476.583 | I79: -429.493 | J79: -218.189
A80: Penerimaan dari penjualan (perolehan) aset takberwujud selain goodwill | C80: -29.655 | D80: -120.82 | E80: -56.243 | F80: -56.942 | G80: -105.502 | H80: -180.294 | I80: -129.052 | J80: -114.263
A81: Pencairan (penempatan) aset keuangan nilai wajar melalui pendapatan komprehensif lainnya | F81: 7228.396
A82: Penempatan aset keuangan biaya perolehan diamortisasi | F82: 5185.06
A83: Pencairan aset keuangan biaya perolehan diamortisasi | G83: 293.044
A84: Penerimaan dari (pembayaran kepada) pinjaman polis
A85: Pembayaran untuk perolehan entitas anak
A86: Penerimaan dari pelepasan entitas anak
A87: Pembayaran untuk perolehan tambahan kepemilikan pada entitas anak
A88: Pencairan (penempatan) efek-efek yang diperdagangkan
A89: Penerimaan dari pelepasan kepentingan di entitas anak tanpa hilangnya pengendalian dari kegiatan investasi
A90: Pembayaran untuk perolehan kepemilikan pada entitas asosiasi
A91: Penerimaan dari pelepasan kepemilikan pada entitas asosiasi
A92: Penerimaan (pengeluaran) kas lainnya dari aktivitas investasi | C92: 1559.134 | D92: -2410.438 | E92: -8311.837 | F92: 7228.396 | G92: 2000.044 | H92: -794.83 | I92: 1494.699 | J92: 633.63
A93: Jumlah arus kas bersih yang diperoleh dari (digunakan untuk) aktivitas investasi | C93: 3805.485 | D93: -3087.881 | E93: -17056.018 | F93: 1786.183 | G93: 1900.711 | H93: -4028.065 | I93: -7229.844 | J93: 2302.214
A94: Arus kas dari aktivitas pendanaan
A95: Kenaikan (penurunan) efek yang diterbitkan | C95: 225 | D95: -475 | E95: 0 | F95: 0
A96: Penerbitan sukuk mudharabah | C96: 0 | D96: -700 | E96: -266
A97: Penempatan sertifikat investasi mudharabah
A98: Biaya emisi sukuk mudharabah
A99: Penerimaan pinjaman yang diterima | C99: 5504.365 | D99: 0 | E99: 0 | F99: 875.687 | G99: 3032.433 | I99: 6681.881
A100: Pembayaran pinjaman yang diterima | C100: 0 | D100: 1369.221 | E100: 3147.813 | F100: -875.687 | H100: 2204.814 | J100: 385.152
A101: Penerimaan pinjaman subordinasi
A102: Pembayaran pinjaman subordinasi
...

Sheet ACCOUNTING POLICIES
A1: Kebijakan akuntansi signifikan
A2: 1
A3: Period | C3: 2022-12-31 | D3: 2023-12-31 | E3: 2024-12-31 | F3: 2025-12-31
A4: Kebijakan akuntansi signifikan
A5: Dasar penyusunan laporan keuangan konsolidasian | C5: Pernyataan Kepatuhan Laporan keuangan konsolidasian untuk tahun yang berakhir pada tanggal 31 Desember 2022 dan 2021 disusun dan disajikan sesuai dengan Standar Akuntansi Keuangan di Indonesia. Laporan keuangan konsolidasian juga disusun dan disajikan sesuai dengan peraturan Badan Pengawas Pasar Modal dan Lembaga Keuangan (“BAPEPAM-LK”) No. VIII.G.7 yang merupakan lampiran Keputusan Ketua BAPEPAM-LK No. KEP-347/BL/2012 tanggal 25 Juni 2012 tentang "Penyajian dan Pengungkapan Laporan Keuangan Emiten atau Perusahaan Publik". Unit Usaha Syariah (UUS) yang beroperasi dalam bidang perbankan dengan prinsip syariah disajikan sesuai dengan PSAK No. 101 tentang “Penyajian Laporan Keuangan Syariah”, PSAK No. 102 tentang “Akuntansi Murabahah”, PSAK No. 104 tentang “Akuntansi Istishna”, PSAK No. 105 tentang “Akuntansi Mudharabah”, PSAK No. 106 tentang “Akuntansi Musyarakah” dan PSAK No. 107 tentang “Akuntansi Ijarah”, PSAK No. 110 tentang “Akuntansi Sukuk”, PSAK No.111 tentang “Wa’d” dan Pedoman Akuntansi Perbankan Syariah Indonesia (PAPSI) yang diterbitkan oleh Bank Indonesia dan Ikatan Akuntan Indonesia (IAI). Laporan keuangan konsolidasian disusun berdasarkan harga perolehan kecuali untuk beberapa akun yang dinilai menggunakan dasar pengukuran lain sebagaimana dijelaskan pada kebijakan akuntansi dari akun tersebut. Laporan keuangan konsolidasian disusun dengan metode akrual kecuali laporan arus kas konsolidasian. Bank menerapkan amandemen PSAK No. 2 (Revisi 2016), “Laporan Arus Kas (Prakarsa Pengungkapan)” yang mengharuskan adanya pengungkapan atas perubahan liabilitas yang timbul dari aktivitas pendanaan, termasuk perubahan yang timbul dari arus kas maupun perubahan non kas. Laporan arus kas konsolidasian disusun dengan menggunakan metode langsung dengan mengelompokkan arus kas dalam aktivitas operasi, investasi dan pendanaan. Untuk tujuan laporan arus kas konsolidasian, kas dan setara kas mencakup kas, giro pada Bank Indonesia dan giro pada bank lain, penempatan pada Bank Indonesia dan bank lain dan Sertifikat Bank Indonesia yang jatuh tempo dalam 3 (tiga) bulan dari tanggal akuisisi. Kas adalah mata uang kertas dan logam baik Rupiah dan mata uang asing yang masih berlaku sebagai alat pembayaran yang sah. Kas yang telah ditentukan penggunaannya atau kas yang tidak dapat digunakan secara bebas tidak diklasifikasi dalam kas. Pengertian kas termasuk kas besar, kas kecil, kas ATM, kas dalam perjalanan dan mata uang Rupiah dan mata uang asing yang ditarik dari peredaran dan yang masih dalam tenggang waktu untuk penukaran ke Bank Indonesia atau bank sentral negara yang bersangkutan. Dalam penyusunan laporan keuangan konsolidasian sesuai dengan standar akuntansi keuangan di Indonesia, dibutuhkan estimasi dan asumsi yang mempengaruhi: a. nilai aset dan liabilitas dilaporkan dan pengungkapan atas aset dan liabilitas kontinjensi pada tanggal laporan keuangan konsolidasian, b. jumlah pendapatan dan beban selama periode pelaporan. Walaupun estimasi ini dibuat berdasarkan pengetahuan terbaik manajemen atas kejadian dan tindakan saat ini, hasil yang timbul mungkin berbeda dengan jumlah yang diestimasi semula. Estimasi-estimasi dan asumsi-asumsi yang digunakan ditelaah secara berkesinambungan. Revisi atas taksiran akuntansi diakui pada periode dimana taksiran tersebut direvisi dan periode-periode yang akan datang yang dipengaruhi oleh revisi estimasi tersebut. Seluruh angka dalam laporan keuangan konsolidasian ini, kecuali dinyatakan lain, dibulatkan menjadi jutaan Rupiah. | D5: Laporan keuangan konsolidasian untuk tahun yang berakhir pada tanggal 31 Desember 2023 dan 2022 disusun dan disajikan sesuai dengan Standar Akuntansi Keuangan di Indonesia. Laporan keuangan konsolidasian juga disusun dan disajikan sesuai dengan peraturan Badan Pengawas Pasar Modal dan Lembaga Keuangan (“BAPEPAM-LK”) No. VIII.G.7 yang merupakan lampiran Keputusan Ketua BAPEPAM-LK No. KEP-347/BL/2012 tanggal 25 Juni 2012 tentang "Penyajian dan Pengungkapan Laporan Keuangan Emiten atau Perusahaan Publik". Unit Usaha Syariah (UUS) yang beroperasi dalam bidang perbankan dengan prinsip syariah disajikan sesuai dengan PSAK No. 101 tentang “Penyajian Laporan Keuangan Syariah”, PSAK No. 102 tentang “Akuntansi Murabahah”, PSAK No. 104 tentang “Akuntansi Istishna”, PSAK No. 105 tentang “Akuntansi Mudharabah”, PSAK No. 106 tentang “Akuntansi Musyarakah” dan PSAK No. 107 tentang “Akuntansi Ijarah”, PSAK No. 110 tentang “Akuntansi Sukuk”, PSAK No.111 tentang “Wa’d” dan Pedoman Akuntansi Perbankan Syariah Indonesia (PAPSI) yang diterbitkan oleh Bank Indonesia dan Ikatan Akuntan Indonesia (IAI). Laporan keuangan konsolidasian disusun berdasarkan harga perolehan kecuali untuk beberapa akun yang dinilai menggunakan dasar pengukuran lain sebagaimana dijelaskan pada kebijakan akuntansi dari akun tersebut. Laporan keuangan konsolidasian disusun dengan metode akrual kecuali laporan arus kas konsolidasian. Bank menerapkan amandemen PSAK No. 2 (Revisi 2016), “Laporan Arus Kas (Prakarsa Pengungkapan)” yang mengharuskan adanya pengungkapan atas perubahan liabilitas yang timbul dari aktivitas pendanaan, termasuk perubahan yang timbul dari arus kas maupun perubahan non kas. Laporan arus kas konsolidasian disusun dengan menggunakan metode langsung dengan mengelompokkan arus kas dalam aktivitas operasi, investasi dan pendanaan. Untuk tujuan laporan arus kas konsolidasian, kas dan setara kas mencakup kas, giro pada Bank Indonesia dan giro pada bank lain, penempatan pada Bank Indonesia dan bank lain dan Sertifikat Bank Indonesia yang jatuh tempo dalam 3 (tiga) bulan dari tanggal akuisisi. Kas adalah mata uang kertas dan logam baik Rupiah dan mata uang asing yang masih berlaku sebagai alat pembayaran yang sah. Kas yang telah ditentukan penggunaannya atau kas yang tidak dapat digunakan secara bebas tidak diklasifikasi dalam kas. Pengertian kas termasuk kas besar, kas kecil, kas ATM, kas dalam perjalanan dan mata uang Rupiah dan mata uang asing yang ditarik dari peredaran dan yang masih dalam tenggang waktu untuk penukaran ke Bank Indonesia atau bank sentral negara yang bersangkutan. Dalam penyusunan laporan keuangan konsolidasian sesuai dengan standar akuntansi keuangan di Indonesia, dibutuhkan estimasi dan asumsi yang mempengaruhi: a. nilai aset dan liabilitas dilaporkan dan pengungkapan atas aset dan liabilitas kontinjensi pada tanggal laporan keuangan konsolidasian, b. jumlah pendapatan dan beban selama periode pelaporan. Walaupun estimasi ini dibuat berdasarkan pengetahuan terbaik manajemen atas kejadian dan tindakan saat ini, hasil yang timbul mungkin berbeda dengan jumlah yang diestimasi semula. Estimasi-estimasi dan asumsi-asumsi yang digunakan ditelaah secara berkesinambungan. Revisi atas taksiran akuntansi diakui pada periode dimana taksiran tersebut direvisi dan periode-periode yang akan datang yang dipengaruhi oleh revisi estimasi tersebut. Seluruh angka dalam laporan keuangan konsolidasian ini, kecuali dinyatakan lain, dibulatkan menjadi jutaan Rupiah. | E5: Laporan keuangan konsolidasian untuk tahun yang berakhir pada tanggal 31 Desember 2024 dan 31 Desember 2023 disusun dan disajikan sesuai dengan Standar Akuntansi Keuangan di Indonesia. Laporan keuangan konsolidasian juga disusun dan disajikan sesuai dengan peraturan Badan Pengawas Pasar Modal dan Lembaga Keuangan (-LK) No. VIII.G.7 yang merupakan lampiran Keputusan Ketua BAPEPAM-LK No. KEP-347/BL/2012 tanggal 25 Juni 2012 tentang dan Pengungkapan Laporan Keuangan Emiten atau Perusahaan Publik. Unit Usaha Syariah (UUS) yang beroperasi dalam bidang perbankan dengan prinsip syariah disajikan sesuai dengan PSAK No. 101 tentang Laporan Keuangan Syariah PSAK No. 102 tentang Murabahah PSAK No. 104 tentang Istishna PSAK No. 105 tentang Mudharabah PSAK No. 106 tentang Musyarakah dan PSAK No. 107 tentang Ijarah PSAK No. 110 tentang Sukuk PSAK No.111 tentang dan Pedoman Akuntansi Perbankan Syariah Indonesia (PAPSI) yang diterbitkan oleh Bank Indonesia dan Ikatan Akuntan Indonesia (IAI). Laporan keuangan konsolidasian disusun berdasarkan harga perolehan kecuali untuk beberapa akun yang dinilai menggunakan dasar pengukuran lain sebagaimana dijelaskan pada kebijakan akuntansi dari akun tersebut. Laporan keuangan konsolidasian disusun dengan metode akrual kecuali laporan arus kas konsolidasian. Bank menerapkan amandemen PSAK No. 2 (Revisi 2016), Arus Kas (Prakarsa Pengungkapan) yang mengharuskan adanya pengungkapan atas perubahan liabilitas yang timbul dari aktivitas pendanaan, termasuk perubahan yang timbul dari arus kas maupun perubahan non kas. Laporan arus kas konsolidasian disusun dengan menggunakan metode langsung dengan mengelompokkan arus kas dalam aktivitas operasi, investasi dan pendanaan. Untuk tujuan laporan arus kas konsolidasian, kas dan setara kas mencakup kas, giro pada Bank Indonesia dan giro pada bank lain, penempatan pada Bank Indonesia dan bank lain dan Sertifikat Bank Indonesia yang jatuh tempo dalam 3 (tiga) bulan dari tanggal akuisisi. Kas adalah mata uang kertas dan logam baik Rupiah dan mata uang asing yang masih berlaku sebagai alat pembayaran yang sah. Kas yang telah ditentukan penggunaannya atau kas yang tidak dapat digunakan secara bebas tidak diklasifikasi dalam kas. Pengertian kas termasuk kas besar, kas kecil, kas ATM, kas dalam perjalanan dan mata uang Rupiah dan mata uang asing yang ditarik dari peredaran dan yang masih dalam tenggang waktu untuk penukaran ke Bank Indonesia atau bank sentral negara yang bersangkutan. Dalam penyusunan laporan keuangan konsolidasian sesuai dengan standar akuntansi keuangan di Indonesia, dibutuhkan estimasi dan asumsi yang mempengaruhi: a. nilai aset dan liabilitas dilaporkan dan pengungkapan atas aset dan liabilitas kontinjensi pada tanggal laporan keuangan konsolidasian, b. jumlah pendapatan dan beban selama periode pelaporan. Walaupun estimasi ini dibuat berdasarkan pengetahuan terbaik manajemen atas kejadian dan tindakan saat ini, hasil yang timbul mungkin berbeda dengan jumlah yang diestimasi semula. Estimasi-estimasi dan asumsi-asumsi yang digunakan ditelaah secara berkesinambungan. Revisi atas taksiran akuntansi diakui pada periode dimana taksiran tersebut direvisi dan periode-periode yang akan datang yang dipengaruhi oleh revisi estimasi tersebut. Seluruh angka dalam laporan keuangan konsolidasian ini, kecuali dinyatakan lain, dibulatkan menjadi jutaan Rupiah. | F5: Pernyataan Kepatuhan Laporan keuangan konsolidasian untuk periode/tahun yang berakhir pada tanggal 30 September 2025 dan 31 Desember 2024 disusun dan disajikan sesuai dengan Standar Akuntansi Keuangan di Indonesia. Laporan keuangan konsolidasian juga disusun dan disajikan sesuai dengan peraturan Badan Pengawas Pasar Modal dan Lembaga Keuangan (-LK) No. VIII.G.7 yang merupakan lampiran Keputusan Ketua BAPEPAM-LK No. KEP-347/BL/2012 tanggal 25 Juni 2012 tentang dan Pengungkapan Laporan Keuangan Emiten atau Perusahaan Publik. Unit Usaha Syariah (UUS) yang beroperasi dalam bidang perbankan dengan prinsip syariah disajikan sesuai dengan PSAK No. 401 tentang Laporan Keuangan Syariah PSAK No. 402 tentang Murabahah PSAK No. 404 tentang Istishna PSAK No. 405 tentang Mudharabah PSAK No. 406 tentang Musyarakah dan PSAK No. 407 tentang Ijarah PSAK No. 410 tentang Sukuk PSAK No.411 tentang dan Pedoman Akuntansi Perbankan Syariah Indonesia (PAPSI) yang diterbitkan oleh Bank Indonesia dan Ikatan Akuntan Indonesia (IAI). Laporan keuangan konsolidasian disusun berdasarkan harga perolehan kecuali untuk beberapa akun yang dinilai menggunakan dasar pengukuran lain sebagaimana dijelaskan pada kebijakan akuntansi dari akun tersebut. Laporan keuangan konsolidasian disusun dengan metode akrual kecuali laporan arus kas konsolidasian. Bank menerapkan amandemen PSAK No. 207 (Revisi 2016), Arus Kas (Prakarsa Pengungkapan) yang mengharuskan adanya pengungkapan atas perubahan liabilitas yang timbul dari aktivitas pendanaan, termasuk perubahan yang timbul dari arus kas maupun perubahan non kas. Laporan arus kas konsolidasian disusun dengan menggunakan metode langsung dengan mengelompokkan arus kas dalam aktivitas operasi, investasi dan pendanaan. Untuk tujuan laporan arus kas konsolidasian, kas dan setara kas mencakup kas, giro pada Bank Indonesia dan giro pada bank lain, penempatan pada Bank Indonesia dan bank lain dan Sertifikat Bank Indonesia yang jatuh tempo dalam 3 (tiga) bulan dari tanggal akuisisi. Kas adalah mata uang kertas dan logam baik Rupiah dan mata uang asing yang masih berlaku sebagai alat pembayaran yang sah. Kas yang telah ditentukan penggunaannya atau kas yang tidak dapat digunakan secara bebas tidak diklasifikasi dalam kas. Pengertian kas termasuk kas besar, kas kecil, kas ATM, kas dalam perjalanan dan mata uang Rupiah dan mata uang asing yang ditarik dari peredaran dan yang masih dalam tenggang waktu untuk penukaran ke Bank Indonesia atau bank sentral negara yang bersangkutan. Dalam penyusunan laporan keuangan konsolidasian sesuai dengan standar akuntansi keuangan di Indonesia, dibutuhkan estimasi dan asumsi yang mempengaruhi: a. nilai aset dan liabilitas dilaporkan dan pengungkapan atas aset dan liabilitas kontinjensi pada tanggal laporan keuangan konsolidasian, b. jumlah pendapatan dan beban selama periode pelaporan. Walaupun estimasi ini dibuat berdasarkan pengetahuan terbaik manajemen atas kejadian dan tindakan saat ini, hasil yang timbul mungkin berbeda dengan jumlah yang diestimasi semula. Estimasi-estimasi dan asumsi-asumsi yang digunakan ditelaah secara berkesinambungan. Revisi atas taksiran akuntansi diakui pada periode dimana taksiran tersebut direvisi dan periode-periode yang akan datang yang dipengaruhi oleh revisi estimasi tersebut. Seluruh angka dalam laporan keuangan konsolidasian ini, kecuali dinyatakan lain, dibulatkan menjadi jutaan Rupiah.
A6: Prinsip-prinsip konsolidasi | C6: Laporan keuangan konsolidasian meliputi laporan keuangan Bank beserta seluruh entitas anak yang berada di bawah pengendalian Bank. Dalam hal pengendalian terhadap entitas anak dimulai atau diakhiri dalam suatu tahun berjalan, maka hasil usaha entitas anak yang diperhitungkan ke dalam laporan keuangan konsolidasian hanya sebatas hasil pada saat pengendalian tersebut mulai diperoleh atau hingga saat pengendalian atas entitas anak itu berakhir. Pengendalian didapat ketika Bank terekspos atau memiliki hak atas imbal hasil variabel dari keterlibatannya dengan Entitas Anak dan memiliki kemampuan untuk mempengaruhi imbal hasil tersebut melalui kekuasaannya atas Entitas Anak. Bank mengendalikan Entitas Anak Jika dan hanya jika Bank memiliki hal berikut ini: a) kekuasaan atas Entitas Anak (hak yang ada saat ini yang memberi kemampuan kini untuk mengarahkan aktivitas relevan yang secara signifikan mempengaruhi imbal hasil Entitas Anak); b) eksposur atau hak atas imbal hasil variable dari keterlibatannya dengan Entitas Anak; c) kemampuan untuk menggunakan kekuasaannya atas Entitas Anak untuk mempengaruhi jumlah imbal hasil Bank. Dalam mencatat akuisisi entitas anak digunakan metode pembelian. Sebelum 1 Januari 2011, biaya akuisisi diukur sebesar nilai wajar aset yang diserahkan, saham yang diterbitkan atau liabilitas yang diambil alih pada tanggal akuisisi, ditambah biaya yang berkaitan secara langsung dengan akuisisi. Setelah 1 Januari 2011, biaya transaksi, selain biaya yang berhubungan dengan penerbitan instrumen utang atau ekuitas yang ditanggung oleh Bank dengan kombinasi bisnis dibebankan pada saat terjadinya. Kelebihan biaya akuisisi atas nilai wajar aset neto entitas anak dicatat sebagai goodwill (Catatan 2.q.i untuk kebijakan akuntansi atas goodwill). Seluruh saldo dan transaksi antar perusahaan yang signifikan termasuk keuntungan/kerugian yang belum direalisasi, dieliminasi untuk mencerminkan posisi keuangan dan hasil usaha Bank dan entitas anak sebagai satu kesatuan usaha. Laporan keuangan konsolidasian disusun dengan menggunakan kebijakan akuntansi yang sama untuk peristiwa dan transaksi sejenis dalam kondisi yang sama. Kebijakan akuntansi yang digunakan dalam laporan keuangan konsolidasian, telah diterapkan secara konsisten oleh entitas anak, kecuali bila dinyatakan lain. Kepentingan non-pengendali atas laba neto dan ekuitas entitas anak dinyatakan sebesar proporsi pemegang saham minoritas atas laba neto dan ekuitas entitas anak tersebut sesuai dengan persentase kepemilikan pemegang saham minoritas pada entitas anak tersebut. | D6: Laporan keuangan konsolidasian meliputi laporan keuangan Bank beserta seluruh entitas anak yang berada di bawah pengendalian Bank. Dalam hal pengendalian terhadap entitas anak dimulai atau diakhiri dalam suatu tahun berjalan, maka hasil usaha entitas anak yang diperhitungkan ke dalam laporan keuangan konsolidasian hanya sebatas hasil pada saat pengendalian tersebut mulai diperoleh atau hingga saat pengendalian atas entitas anak itu berakhir. Pengendalian didapat ketika Bank terekspos atau memiliki hak atas imbal hasil variabel dari keterlibatannya dengan Entitas Anak dan memiliki kemampuan untuk mempengaruhi imbal hasil tersebut melalui kekuasaannya atas Entitas Anak. Bank mengendalikan Entitas Anak Jika dan hanya jika Bank memiliki hal berikut ini: a) kekuasaan atas Entitas Anak (hak yang ada saat ini yang memberi kemampuan kini untuk mengarahkan aktivitas relevan yang secara signifikan mempengaruhi imbal hasil Entitas Anak); b) eksposur atau hak atas imbal hasil variable dari keterlibatannya dengan Entitas Anak; dan c) kemampuan untuk menggunakan kekuasaannya atas Entitas Anak untuk mempengaruhi jumlah imbal hasil Bank. Dalam mencatat akuisisi entitas anak digunakan metode pembelian. Sebelum 1 Januari 2011, biaya akuisisi diukur sebesar nilai wajar aset yang diserahkan, saham yang diterbitkan atau liabilitas yang diambil alih pada tanggal akuisisi, ditambah biaya yang berkaitan secara langsung dengan akuisisi. Setelah 1 Januari 2011, biaya transaksi, selain biaya yang berhubungan dengan penerbitan instrumen utang atau ekuitas yang ditanggung oleh Bank dengan kombinasi bisnis dibebankan pada saat terjadinya. Kelebihan biaya akuisisi atas nilai wajar aset neto entitas anak dicatat sebagai goodwill (Catatan 2.q.i untuk kebijakan akuntansi atas goodwill). Seluruh saldo dan transaksi antar perusahaan yang signifikan termasuk keuntungan/kerugian yang belum direalisasi, dieliminasi untuk mencerminkan posisi keuangan dan hasil usaha Bank dan entitas anak sebagai satu kesatuan usaha. Laporan keuangan konsolidasian disusun dengan menggunakan kebijakan akuntansi yang sama untuk peristiwa dan transaksi sejenis dalam kondisi yang sama. Kebijakan akuntansi yang digunakan dalam laporan keuangan konsolidasian, telah diterapkan secara konsisten oleh entitas anak, kecuali bila dinyatakan lain. Kepentingan non-pengendali atas laba neto dan ekuitas entitas anak dinyatakan sebesar proporsi pemegang saham minoritas atas laba neto dan ekuitas entitas anak tersebut sesuai dengan persentase kepemilikan pemegang saham minoritas pada entitas anak tersebut. | E6: Laporan keuangan konsolidasian meliputi laporan keuangan Bank beserta seluruh entitas anak yang berada di bawah pengendalian Bank. Dalam hal pengendalian terhadap entitas anak dimulai atau diakhiri dalam suatu tahun berjalan, maka hasil usaha entitas anak yang diperhitungkan ke dalam laporan keuangan konsolidasian hanya sebatas hasil pada saat pengendalian tersebut mulai diperoleh atau hingga saat pengendalian atas entitas anak itu berakhir. Pengendalian didapat ketika Bank terekspos atau memiliki hak atas imbal hasil variabel dari keterlibatannya dengan Entitas Anak dan memiliki kemampuan untuk mempengaruhi imbal hasil tersebut melalui kekuasaannya atas Entitas Anak. Bank mengendalikan Entitas Anak Jika dan hanya jika Bank memiliki hal berikut ini: a) kekuasaan atas Entitas Anak (hak yang ada saat ini yang memberi kemampuan kini untuk mengarahkan aktivitas relevan yang secara signifikan mempengaruhi imbal hasil Entitas Anak); b) eksposur atau hak atas imbal hasil variable dari keterlibatannya dengan Entitas Anak; dan c) kemampuan untuk menggunakan kekuasaannya atas Entitas Anak untuk mempengaruhi jumlah imbal hasil Bank. Dalam mencatat akuisisi entitas anak digunakan metode pembelian. Sebelum 1 Januari 2011, biaya akuisisi diukur sebesar nilai wajar aset yang diserahkan, saham yang diterbitkan atau liabilitas yang diambil alih pada tanggal akuisisi, ditambah biaya yang berkaitan secara langsung dengan akuisisi. Setelah 1 Januari 2011, biaya transaksi, selain biaya yang berhubungan dengan penerbitan instrumen utang atau ekuitas yang ditanggung oleh Bank dengan kombinasi bisnis dibebankan pada saat terjadinya. Kelebihan biaya akuisisi atas nilai wajar aset neto entitas anak dicatat sebagai goodwill (Catatan 2.q.i untuk kebijakan akuntansi atas goodwill). Seluruh saldo dan transaksi antar perusahaan yang signifikan termasuk keuntungan/kerugian yang belum direalisasi, dieliminasi untuk mencerminkan posisi keuangan dan hasil usaha Bank dan entitas anak sebagai satu kesatuan usaha. Laporan keuangan konsolidasian disusun dengan menggunakan kebijakan akuntansi yang sama untuk peristiwa dan transaksi sejenis dalam kondisi yang sama. Kebijakan akuntansi yang digunakan dalam laporan keuangan konsolidasian, telah diterapkan secara konsisten oleh entitas anak, kecuali bila dinyatakan lain. Kepentingan non-pengendali atas laba neto dan ekuitas entitas anak dinyatakan sebesar proporsi pemegang saham minoritas atas laba neto dan ekuitas entitas anak tersebut sesuai dengan persentase kepemilikan pemegang saham minoritas pada entitas anak tersebut. | F6: Laporan keuangan konsolidasian meliputi laporan keuangan Bank beserta seluruh entitas anak yang berada di bawah pengendalian Bank. Dalam hal pengendalian terhadap entitas anak dimulai atau diakhiri dalam suatu tahun berjalan, maka hasil usaha entitas anak yang diperhitungkan ke dalam laporan keuangan konsolidasian hanya sebatas hasil pada saat pengendalian tersebut mulai diperoleh atau hingga saat pengendalian atas entitas anak itu berakhir. Pengendalian didapat ketika Bank terekspos atau memiliki hak atas imbal hasil variabel dari keterlibatannya dengan Entitas Anak dan memiliki kemampuan untuk mempengaruhi imbal hasil tersebut melalui kekuasaannya atas Entitas Anak. Bank mengendalikan Entitas Anak jika dan hanya jika Bank memiliki hal berikut ini: a) kekuasaan atas Entitas Anak (hak yang ada saat ini yang memberi kemampuan kini untuk mengarahkan aktivitas relevan yang secara signifikan mempengaruhi imbal hasil Entitas Anak); b) eksposur atau hak atas imbal hasil variable dari keterlibatannya dengan Entitas Anak; dan c) kemampuan untuk menggunakan kekuasaannya atas Entitas Anak untuk mempengaruhi jumlah imbal hasil Bank. Dalam mencatat akuisisi entitas anak digunakan metode pembelian. Sebelum 1 Januari 2011, biaya akuisisi diukur sebesar nilai wajar aset yang diserahkan, saham yang diterbitkan atau liabilitas yang diambil alih pada tanggal akuisisi, ditambah biaya yang berkaitan secara langsung dengan akuisisi. Setelah 1 Januari 2011, biaya transaksi, selain biaya yang berhubungan dengan penerbitan instrumen utang atau ekuitas yang ditanggung oleh Bank dengan kombinasi bisnis dibebankan pada saat terjadinya. Kelebihan biaya akuisisi atas nilai wajar aset neto entitas anak dicatat sebagai goodwill (Catatan 2.q.i untuk kebijakan akuntansi atas goodwill). Seluruh saldo dan transaksi antar perusahaan yang signifikan termasuk keuntungan/kerugian yang belum direalisasi, dieliminasi untuk mencerminkan posisi keuangan dan hasil usaha Bank dan entitas anak sebagai satu kesatuan usaha. Laporan keuangan konsolidasian disusun dengan menggunakan kebijakan akuntansi yang sama untuk peristiwa dan transaksi sejenis dalam kondisi yang sama. Kebijakan akuntansi yang digunakan dalam laporan keuangan konsolidasian, telah diterapkan secara konsisten oleh entitas anak, kecuali bila dinyatakan lain. Kepentingan non-pengendali atas laba neto dan ekuitas entitas anak dinyatakan sebesar proporsi pemegang saham minoritas atas laba neto dan ekuitas entitas anak tersebut sesuai dengan persentase kepemilikan pemegang saham minoritas pada entitas anak tersebut.
A7: Kas dan setara kas | C7: Untuk tujuan laporan arus kas konsolidasian, kas dan setara kas mencakup kas, giro pada Bank Indonesia dan giro pada bank lain, penempatan pada Bank Indonesia dan bank lain dan Sertifikat Bank Indonesia yang jatuh tempo dalam 3 (tiga) bulan dari tanggal akuisisi. Kas adalah mata uang kertas dan logam baik Rupiah dan mata uang asing yang masih berlaku sebagai alat pembayaran yang sah. Kas yang telah ditentukan penggunaannya atau kas yang tidak dapat digunakan secara bebas tidak diklasifikasi dalam kas. Pengertian kas termasuk kas besar, kas kecil, kas ATM, kas dalam perjalanan dan mata uang Rupiah dan mata uang asing yang ditarik dari peredaran dan yang masih dalam tenggang waktu untuk penukaran ke Bank Indonesia atau bank sentral negara yang bersangkutan. | D7: Untuk tujuan laporan arus kas konsolidasian, kas dan setara kas mencakup kas, giro pada Bank Indonesia dan giro pada bank lain, penempatan pada Bank Indonesia dan bank lain dan Sertifikat Bank Indonesia yang jatuh tempo dalam 3 (tiga) bulan dari tanggal akuisisi. Kas adalah mata uang kertas dan logam baik Rupiah dan mata uang asing yang masih berlaku sebagai alat pembayaran yang sah. Kas yang telah ditentukan penggunaannya atau kas yang tidak dapat digunakan secara bebas tidak diklasifikasi dalam kas. Pengertian kas termasuk kas besar, kas kecil, kas ATM, kas dalam perjalanan dan mata uang Rupiah dan mata uang asing yang ditarik dari peredaran dan yang masih dalam tenggang waktu untuk penukaran ke Bank Indonesia atau bank sentral negara yang bersangkutan. | E7: Untuk tujuan laporan arus kas konsolidasian, kas dan setara kas mencakup kas, giro pada Bank Indonesia dan giro pada bank lain, penempatan pada Bank Indonesia dan bank lain dan Sertifikat Bank Indonesia yang jatuh tempo dalam 3 (tiga) bulan dari tanggal akuisisi. Kas adalah mata uang kertas dan logam baik Rupiah dan mata uang asing yang masih berlaku sebagai alat pembayaran yang sah. Kas yang telah ditentukan penggunaannya atau kas yang tidak dapat digunakan secara bebas tidak diklasifikasi dalam kas. Pengertian kas termasuk kas besar, kas kecil, kas ATM, kas dalam perjalanan dan mata uang Rupiah dan mata uang asing yang ditarik dari peredaran dan yang masih dalam tenggang waktu untuk penukaran ke Bank Indonesia atau bank sentral negara yang bersangkutan. | F7: Untuk tujuan laporan arus kas konsolidasian, kas dan setara kas mencakup kas, giro pada Bank Indonesia dan giro pada bank lain, penempatan pada Bank Indonesia dan bank lain dan Sertifikat Bank Indonesia yang jatuh tempo dalam 3 (tiga) bulan dari tanggal akuisisi. Kas adalah mata uang kertas dan logam baik Rupiah dan mata uang asing yang masih berlaku sebagai alat pembayaran yang sah. Kas yang telah ditentukan penggunaannya atau kas yang tidak dapat digunakan secara bebas tidak diklasifikasi dalam kas. Pengertian kas termasuk kas besar, kas kecil, kas ATM, kas dalam perjalanan dan mata uang Rupiah dan mata uang asing yang ditarik dari peredaran dan yang masih dalam tenggang waktu untuk penukaran ke Bank Indonesia atau bank sentral negara yang bersangkutan.
A8: Aset tetap | C8: Sesuai dengan PSAK No. 16 (Penyesuaian 2015) tentang “Aset Tetap”, bank mengukur akuntansi untuk aset tetap berkaitan dengan pengukuran atas tanah setelah pengakuan awal. Sebelumnya Bank mengukur semua aset tetap dengan menggunakan model biaya, setelah pengakuan awal, aset dinyatakan pada biaya perolehan dikurangi dengan akumulasi penyusutan dan akumulasi penurunan nilai. Pada 1 Januari 2016, Bank memilih untuk mengubah metode akuntansi untuk aset tetap tanah dari model biaya menjadi model revaluasi, Bank berkeyakinan bahwa model revaluasi lebih efektif menunjukkan posisi keuangan atas tanah. Penilaian atas aset tersebut dilakukan secara berkala untuk memastikan bahwa nilai wajar aset yang direvaluasi tidak berbeda secara material dengan nilai tercatatnya. Setelah pengakuan awal, Bank menggunakan model revaluasi, tanah akan diukur pada nilai wajar pada tanggal revaluasi dikurangi dengan akumulasi penurunan nilai. Bank menerapkan model revaluasi secara prospektif. Nilai wajar tanah ditentukan melalui penilaian yang dilakukan oleh penilai yang memiliki kualifikasi profesional berdasarkan bukti pasar. Jika jumlah tercatat aset meningkat akibat revaluasi, maka kenaikan tersebut diakui dalam pendapatan komprehensif lain dan terakumulasi dalam ekuitas pada bagian surplus revaluasi aset tetap. Namun, kenaikan tersebut diakui dalam laba rugi hingga sebesar jumlah penurunan nilai aset yang sama akibat revaluasi yang diakui sebelumnya dalam laba rugi. Jika jumlah tercatat aset turun akibat revaluasi, maka penurunan tersebut diakui dalam laba rugi. Namun, penurunan nilai tersebut diakui dalam pendapatan komprehensif lain sepanjang tidak melebihi saldo surplus revaluasi aset tetap untuk aset tersebut. Penurunan nilai yang diakui dalam pendapatan komprehensif lain tersebut mengurangi jumlah akumulasi dalam ekuitas pada bagian surplus revaluasi aset tetap. Jika nilai wajar dari aset yang direvaluasi mengalami perubahan yang signifikan dan fluktuatif, maka perlu direvaluasi secara tahunan, sedangkan jika nilai wajar dari aset yang direvaluasi tidak mengalami perubahan yang signifikan dan fluktuatif, maka perlu dilakukan revaluasi paling kurang 3 (tiga) tahun sekali. Apabila aset tetap tidak digunakan lagi dan dijual, maka harga perolehan dan akumulasi penyusutannya dikeluarkan dari laporan keuangan konsolidasian dan keuntungan dan kerugian dari penghentian aset tetap diakui dalam laporan laba rugi dan penghasilan komprehensif lain konsolidasian. Pada setiap akhir tahun buku, Bank melakukan penelaahan atas nilai residu, masa manfaat dan metode penyusutan dan melakukan penyesuaian yang diperlukan secara prospektif. Biaya perbaikan dan pemeliharaan dibebankan ke dalam laporan laba rugi dan penghasilan komprehensif lain konsolidasian selama tahun dimana biaya-biaya tersebut terjadi. Biaya renovasi yang besar dicatat sebagai bagian dari nilai tercatat aset yang bersangkutan apabila terdapat kemungkinan Bank dan entitas anak akan mendapatkan manfaat ekonomi masa depan dari aset tersebut yang melebihi standar kinerja yang diperkirakan sebelumnya. Renovasi yang besar tersebut akan disusutkan selama sisa masa manfaat aset yang terkait. Semua biaya dan beban yang terjadi sehubungan dengan perolehan hak atas tanah, diakui sebagai biaya perolehan hak atas tanah. Biaya pengurusan legal hak atas tanah ketika tanah diperoleh pertama kali diakui sebagai bagian dari biaya perolehan aset tanah. Biaya pengurusan perpanjangan atau pembaruan legal hak atas tanah diakui sebagai aset tak berwujud dan diamortisasi sepanjang umur hak hukum atau umur ekonomi tanah, mana yang lebih pendek. Aset dalam penyelesaian merupakan aset yang masih dalam proses pembangunan dan belum siap untuk digunakan serta dimaksudkan untuk dipergunakan dalam kegiatan usaha. Aset ini dicatat sebesar biaya yang telah dikeluarkan. | D8: Sesuai dengan PSAK No. 16 (Penyesuaian 2015) tentang “Aset Tetap”, bank mengukur akuntansi untuk aset tetap berkaitan dengan pengukuran atas tanah setelah pengakuan awal. Sebelumnya Bank mengukur semua aset tetap dengan menggunakan model biaya, setelah pengakuan awal, aset dinyatakan pada biaya perolehan dikurangi dengan akumulasi penyusutan dan akumulasi penurunan nilai. Pada 1 Januari 2016, Bank memilih untuk mengubah metode akuntansi untuk aset tetap tanah dari model biaya menjadi model revaluasi, Bank berkeyakinan bahwa model revaluasi lebih efektif menunjukkan posisi keuangan atas tanah. Penilaian atas aset tersebut dilakukan secara berkala untuk memastikan bahwa nilai wajar aset yang direvaluasi tidak berbeda secara material dengan nilai tercatatnya. Setelah pengakuan awal, Bank menggunakan model revaluasi, tanah akan diukur pada nilai wajar pada tanggal revaluasi dikurangi dengan akumulasi penurunan nilai. Bank menerapkan model revaluasi secara prospektif. Nilai wajar tanah ditentukan melalui penilaian yang dilakukan oleh penilai yang memiliki kualifikasi profesional berdasarkan bukti pasar. Jika jumlah tercatat aset meningkat akibat revaluasi, maka kenaikan tersebut diakui dalam pendapatan komprehensif lain dan terakumulasi dalam ekuitas pada bagian surplus revaluasi aset tetap. Namun, kenaikan tersebut diakui dalam laba rugi hingga sebesar jumlah penurunan nilai aset yang sama akibat revaluasi yang diakui sebelumnya dalam laba rugi. Jika jumlah tercatat aset turun akibat revaluasi, maka penurunan tersebut diakui dalam laba rugi. Namun, penurunan nilai tersebut diakui dalam pendapatan komprehensif lain sepanjang tidak melebihi saldo surplus revaluasi aset tetap untuk aset tersebut. Penurunan nilai yang diakui dalam pendapatan komprehensif lain tersebut mengurangi jumlah akumulasi dalam ekuitas pada bagian surplus revaluasi aset tetap. Jika nilai wajar dari aset yang direvaluasi mengalami perubahan yang signifikan dan fluktuatif, maka perlu direvaluasi secara tahunan, sedangkan jika nilai wajar dari aset yang direvaluasi tidak mengalami perubahan yang signifikan dan fluktuatif, maka perlu dilakukan revaluasi paling kurang 3 (tiga) tahun sekali. Apabila aset tetap tidak digunakan lagi dan dijual, maka harga perolehan dan akumulasi penyusutannya dikeluarkan dari laporan keuangan konsolidasian dan keuntungan dan kerugian dari penghentian aset tetap diakui dalam laporan laba rugi dan penghasilan komprehensif lain konsolidasian. Pada setiap akhir tahun buku, Bank melakukan penelaahan atas nilai residu, masa manfaat dan metode penyusutan dan melakukan penyesuaian yang diperlukan secara prospektif. Biaya perbaikan dan pemeliharaan dibebankan ke dalam laporan laba rugi dan penghasilan komprehensif lain konsolidasian selama tahun dimana biaya-biaya tersebut terjadi. Biaya renovasi yang besar dicatat sebagai bagian dari nilai tercatat aset yang bersangkutan apabila terdapat kemungkinan Bank dan entitas anak akan mendapatkan manfaat ekonomi masa depan dari aset tersebut yang melebihi standar kinerja yang diperkirakan sebelumnya. Renovasi yang besar tersebut akan disusutkan selama sisa masa manfaat aset yang terkait. Semua biaya dan beban yang terjadi sehubungan dengan perolehan hak atas tanah, diakui sebagai biaya perolehan hak atas tanah. Biaya pengurusan legal hak atas tanah ketika tanah diperoleh pertama kali diakui sebagai bagian dari biaya perolehan aset tanah. Biaya pengurusan perpanjangan atau pembaruan legal hak atas tanah diakui sebagai aset tak berwujud dan diamortisasi sepanjang umur hak hukum atau umur ekonomi tanah, mana yang lebih pendek. Aset dalam penyelesaian merupakan aset yang masih dalam proses pembangunan dan belum siap untuk digunakan serta dimaksudkan untuk dipergunakan dalam kegiatan usaha. Aset ini dicatat sebesar biaya yang telah dikeluarkan. | E8: Sesuai dengan PSAK No. 16 (Penyesuaian 2015) tentang Tetap bank mengukur akuntansi untuk aset tetap berkaitan dengan pengukuran atas tanah setelah pengakuan awal. Sebelumnya Bank mengukur semua aset tetap dengan menggunakan model biaya, setelah pengakuan awal, aset dinyatakan pada biaya perolehan dikurangi dengan akumulasi penyusutan dan akumulasi penurunan nilai. Pada 1 Januari 2016, Bank memilih untuk mengubah metode akuntansi untuk aset tetap tanah dari model biaya menjadi model revaluasi, Bank berkeyakinan bahwa model revaluasi lebih efektif menunjukkan posisi keuangan atas tanah. Penilaian atas aset tersebut dilakukan secara berkala untuk memastikan bahwa nilai wajar aset yang direvaluasi tidak berbeda secara material dengan nilai tercatatnya. Setelah pengakuan awal, Bank menggunakan model revaluasi, tanah akan diukur pada nilai wajar pada tanggal revaluasi dikurangi dengan akumulasi penurunan nilai. Bank menerapkan model revaluasi secara prospektif. Nilai wajar tanah ditentukan melalui penilaian yang dilakukan oleh penilai yang memiliki kualifikasi profesional berdasarkan bukti pasar. Jika jumlah tercatat aset meningkat akibat revaluasi, maka kenaikan tersebut diakui dalam pendapatan komprehensif lain dan terakumulasi dalam ekuitas pada bagian surplus revaluasi aset tetap. Namun, kenaikan tersebut diakui dalam laba rugi hingga sebesar jumlah penurunan nilai aset yang sama akibat revaluasi yang diakui sebelumnya dalam laba rugi. Jika jumlah tercatat aset turun akibat revaluasi, maka penurunan tersebut diakui dalam laba rugi. Namun, penurunan nilai tersebut diakui dalam pendapatan komprehensif lain sepanjang tidak melebihi saldo surplus revaluasi aset tetap untuk aset tersebut. Penurunan nilai yang diakui dalam pendapatan komprehensif lain tersebut mengurangi jumlah akumulasi dalam ekuitas pada bagian surplus revaluasi aset tetap. Jika nilai wajar dari aset yang direvaluasi mengalami perubahan yang signifikan dan fluktuatif, maka perlu direvaluasi secara tahunan, sedangkan jika nilai wajar dari aset yang direvaluasi tidak mengalami perubahan yang signifikan dan fluktuatif, maka perlu dilakukan revaluasi paling kurang 3 (tiga) tahun sekali. Apabila aset tetap tidak digunakan lagi dan dijual, maka harga perolehan dan akumulasi penyusutannya dikeluarkan dari laporan keuangan konsolidasian dan keuntungan dan kerugian dari penghentian aset tetap diakui dalam laporan laba rugi dan penghasilan komprehensif lain konsolidasian. Pada setiap akhir tahun buku, Bank melakukan penelaahan atas nilai residu, masa manfaat dan metode penyusutan dan melakukan penyesuaian yang diperlukan secara prospektif. Biaya perbaikan dan pemeliharaan dibebankan ke dalam laporan laba rugi dan penghasilan komprehensif lain konsolidasian selama tahun dimana biaya-biaya tersebut terjadi. Biaya renovasi yang besar dicatat sebagai bagian dari nilai tercatat aset yang bersangkutan apabila terdapat kemungkinan Bank dan entitas anak akan mendapatkan manfaat ekonomi masa depan dari aset tersebut yang melebihi standar kinerja yang diperkirakan sebelumnya. Renovasi yang besar tersebut akan disusutkan selama sisa masa manfaat aset yang terkait. Semua biaya dan beban yang terjadi sehubungan dengan perolehan hak atas tanah, diakui sebagai biaya perolehan hak atas tanah. Biaya pengurusan legal hak atas tanah ketika tanah diperoleh pertama kali diakui sebagai bagian dari biaya perolehan aset tanah. Biaya pengurusan perpanjangan atau pembaruan legal hak atas tanah diakui sebagai aset tak berwujud dan diamortisasi sepanjang umur hak hukum atau umur ekonomi tanah, mana yang lebih pendek. Aset dalam penyelesaian merupakan aset yang masih dalam proses pembangunan dan belum siap untuk digunakan serta dimaksudkan untuk dipergunakan dalam kegiatan usaha. Aset ini dicatat sebesar biaya yang telah dikeluarkan. | F8: Sesuai dengan PSAK No. 216 (Penyesuaian 2015) tentang Tetap bank mengukur akuntansi untuk aset tetap berkaitan dengan pengukuran atas tanah setelah pengakuan awal. Sebelumnya Bank mengukur semua aset tetap dengan menggunakan model biaya, setelah pengakuan awal, aset dinyatakan pada biaya perolehan dikurangi dengan akumulasi penyusutan dan akumulasi penurunan nilai. Pada 1 Januari 2016, Bank memilih untuk mengubah metode akuntansi untuk aset tetap tanah dari model biaya menjadi model revaluasi, Bank berkeyakinan bahwa model revaluasi lebih efektif menunjukkan posisi keuangan atas tanah. Penilaian atas aset tersebut dilakukan secara berkala untuk memastikan bahwa nilai wajar aset yang direvaluasi tidak berbeda secara material dengan nilai tercatatnya. Setelah pengakuan awal, Bank menggunakan model revaluasi, tanah akan diukur pada nilai wajar pada tanggal revaluasi dikurangi dengan akumulasi penurunan nilai. Bank menerapkan model revaluasi secara prospektif. Nilai wajar tanah ditentukan melalui penilaian yang dilakukan oleh penilai yang memiliki kualifikasi profesional berdasarkan bukti pasar. Jika jumlah tercatat aset meningkat akibat revaluasi, maka kenaikan tersebut diakui dalam pendapatan komprehensif lain dan terakumulasi dalam ekuitas pada bagian surplus revaluasi aset tetap. Namun, kenaikan tersebut diakui dalam laba rugi hingga sebesar jumlah penurunan nilai aset yang sama akibat revaluasi yang diakui sebelumnya dalam laba rugi. Jika jumlah tercatat aset turun akibat revaluasi, maka penurunan tersebut diakui dalam laba rugi. Namun, penurunan nilai tersebut diakui dalam pendapatan komprehensif lain sepanjang tidak melebihi saldo surplus revaluasi aset tetap untuk aset tersebut. Penurunan nilai yang diakui dalam pendapatan komprehensif lain tersebut mengurangi jumlah akumulasi dalam ekuitas pada bagian surplus revaluasi aset tetap. Jika nilai wajar dari aset yang direvaluasi mengalami perubahan yang signifikan dan fluktuatif, maka perlu direvaluasi secara tahunan, sedangkan jika nilai wajar dari aset yang direvaluasi tidak mengalami perubahan yang signifikan dan fluktuatif, maka perlu dilakukan revaluasi paling kurang 3 (tiga) tahun sekali. Aset tetap selain tanah disusutkan dengan menggunakan metode garis lurus (straight-line method). Persentase penyusutan per tahun adalah sebagai berikut: Persentase/ Percentage Bangunan: Buildings: Permanen 5% Permanent Non-permanen 10% Non-permanent Aset tetap diluar bangunan: Fixed Assets other than buildings: Peralatan kantor dan instalasi 14,29% - 20% Office equipment and installation Kendaraan bermotor 20% - 33,33% Motor vehicles Mesin ATM 12,50% ATM machines Apabila aset tetap tidak digunakan lagi dan dijual, maka harga perolehan dan akumulasi penyusutannya dikeluarkan dari laporan keuangan konsolidasian dan keuntungan dan kerugian dari penghentian aset tetap diakui dalam laporan laba rugi dan penghasilan komprehensif lain konsolidasian. Pada setiap akhir tahun buku, Bank melakukan penelaahan atas nilai residu, masa manfaat dan metode penyusutan dan melakukan penyesuaian yang diperlukan secara prospektif. Biaya perbaikan dan pemeliharaan dibebankan ke dalam laporan laba rugi dan penghasilan komprehensif lain konsolidasian selama tahun dimana biaya-biaya tersebut terjadi. Biaya renovasi yang besar dicatat sebagai bagian dari nilai tercatat aset yang bersangkutan apabila terdapat kemungkinan Bank dan entitas anak akan mendapatkan manfaat ekonomi masa depan dari aset tersebut yang melebihi standar kinerja yang diperkirakan sebelumnya. Renovasi yang besar tersebut akan disusutkan selama sisa masa manfaat aset yang terkait. Semua biaya dan beban yang terjadi sehubungan dengan perolehan hak atas tanah, diakui sebagai biaya perolehan hak atas tanah. Biaya pengurusan legal hak atas tanah ketika tanah diperoleh pertama kali diakui sebagai bagian dari biaya perolehan aset tanah. Aset dalam penyelesaian merupakan aset yang masih dalam proses pembangunan dan belum siap untuk digunakan serta dimaksudkan untuk dipergunakan dalam kegiatan usaha. Aset ini dicatat sebesar biaya yang telah dikeluarkan.
A9: Penurunan nilai aset nonkeuangan | C9: Pada setiap tanggal pelaporan, Bank mengukur penyisihan kerugian penurunan nilai instrumen keuangan sejumlah kredit ekspektasian sepanjang umurnya, jika risiko kredit atas instrumen keuangan tersebut telah meningkat secara signfikan sejak pengakuan awal. Jika pada tanggal pelaporan, risiko kredit atas instrumen keuangan tidak meningkat secara signifikan sejak pengakuan awal, entitas mengukur penyisihan kerugian untuk instrumen keuangan tersebut sejumlah kerugian ekspektasian 12 bulan. Kerugian dimaksud merepresentasikan kerugian kredit ekspektasian yang timbul dari peristiwa gagal bayar instrumen keuangan yang mungkin terjadi dalam 12 bulan setelah tanggal pelaporan. Bank dan entitas anak menerapkan pendekatan tiga tahap berdasarkan kualitas kredit sejak awal pengakuan: - Tahap 1 : Tahap 1 ini termasuk aset keuangan yang tidak memiliki peningkatan risiko kredit signifikan sejak pengakuan awal atau yang memiliki risiko kredit rendah saat tanggal pelaporan. Kerugian kredit penurunan nilai 12 bulan diakui. - Tahap 2 : Tahap 2 ini termasuk aset keuangan yang memiliki peningkatan risiko kredit signifikan sejak pengakuan awal (kecuali memiliki risiko kredit yang rendah pada tanggal pelaporan) namun tidak memiliki bukti obyektif penurunan nilai. Kerugian kredit penurunan nilai sepanjang masa diakui. - Tahap 3 : Tahap 3 ini termasuk aset keuangan yang memiliki bukti objektif penurunan nilai pada tanggal pelaporan. Kerugian kredit penurunan nilai sepanjang masa diakui. Sesuai dengan siaran pers dari Ikatan Akuntan Indonesia (IAI) pada tanggal 10 Januari 2018 dan ISAK 102 khusus untuk transaksi berbasis Syariah pengukuran penurunan nilai dari kelompok aset keuangan masih belum mengadopsi PSAK 71. Bank dan entitas anak menerapkan persyaratan penurunan nilai untuk aset keuangan yang diukur pada biaya perolehan diamortisasi dan aset keuangan yang diukur pada nilai wajar melalui penghasilan komprehensif lain. Bank mengakui penurunan nilai atas komitmen pinjaman dan kontrak jaminan keuangan. Untuk kontrak jaminan keuangan, Bank mempertimbangkan perubahan risiko bahwa debitur yang ditetapkan dalam kontrak akan mengalami gagal bayar. Untuk komitmen pinjaman, Bank mempertimbangkan perubahan risiko gagal bayar yang terjadi pada pinjaman yang terkait dengan komitmen pinjaman. Pengukuran kerugian kredit ekspektasian untuk kontrak jaminan keuangan adalah pembayaran yang diekspektasi untuk mengganti pemegang jaminan atas kerugian kredit yang terjadi dikurangi jumlah yang diharapkan entitas untuk diterima dari pemegang jaminan, debitur atau pihak lain. Tujuan dari persyaratan penurunan nilai adalah untuk mengakui kerugian kredit ekspektasian sepanjang umurnya atas semua instrumen keuangan yang telah mengalami peningkatan risiko kredit secara signifikan sejak pengakuan awal - baik dinilai secara individu atau kolektif - dengan mempertimbangkan semua informasi yang wajar dan terdukung, termasuk informasi yang bersifat perkiraan masa depan (forward-looking). Dalam beberapa keadaan Bank tidak memiliki informasi yang wajar dan terdukung yang tersedia tanpa biaya atau upaya berlebihan untuk mengukur kerugian kredit ekspektasian sepanjang umurnya pada instrumen secara individual. Kerugian kredit ekspektasian sepanjang umurnya diakui secara kolektif dengan mempertimbangkan informasi risiko kredit komprehensif. Informasi risiko kredit komprehensif tersebut harus memasukan tidak hanya informasi tunggakan tetapi juga seluruh informasi kredit relevan, termasuk informasi makroekonomi forward-looking, untuk mendekati hasil dari pengakuan kerugian kredit ekspektasian sepanjang umurnya ketika terdapat kenaikan signifikan pada risiko kredit sejak pengakuan awal pada level instrumen individu. Cadangan kerugian penurunan nilai secara individual dihitung dengan menggunakan metode diskonto arus kas (discounted cash flows). Sedangkan cadangan kerugian penurunan nilai secara kolektif dihitung dengan menggunakan metode statistik dari data historis berupa probability of default di masa lalu, waktu pengembalian dan jumlah kerugian yang terjadi (Loss Given Default) yang selanjutnya disesuaikan lagi dengan pertimbangan manajemen terkait kondisi ekonomi dan kredit saat ini. Aset keuangan dan cadangan yang terkait tersebut dihapuskan jika tidak ada peluang yang realistis untuk pengembalian di masa datang dan semua jaminan telah direalisasi atau sudah diambil alih oleh Bank dan entitas anak. Aset keuangan tersebut dihapus buku dengan menjurnal balik cadangan kerugian penurunan nilai. Aset keuangan tersebut dapat dihapus buku setelah semua prosedur yang diperlukan telah dilakukan dan jumlah kerugian telah ditentukan. Jika, pada suatu periode berikutnya, jumlah kerugian penurunan nilai berkurang dan pengurangan tersebut dapat dikaitkan secara objektif pada peristiwa yang terjadi setelah penurunan nilai diakui (seperti meningkatnya peringkat kredit debitur atau penerbit), maka kerugian penurunan nilai yang sebelumnya diakui harus dipulihkan, dengan menyesuaikan akun cadangan. Jumlah pemulihan aset keuangan diakui pada laporan laba rugi dan penghasilan komprehensif lain konsolidasian. Penerimaan kembali atas aset keuangan yang diberikan yang telah dihapusbukukan, pada periode berjalan dikreditkan dengan menyesuaikan akun cadangan. Penerimaan kembali atas kredit yang diberikan yang telah dihapusbukukan pada periode sebelumnya dicatat sebagai pendapatan operasional selain bunga. | D9: Pada setiap tanggal pelaporan, Bank mengukur penyisihan kerugian penurunan nilai instrumen keuangan sejumlah kredit ekspektasian sepanjang umurnya, jika risiko kredit atas instrumen keuangan tersebut telah meningkat secara signfikan sejak pengakuan awal. Jika pada tanggal pelaporan, risiko kredit atas instrumen keuangan tidak meningkat secara signifikan sejak pengakuan awal, entitas mengukur penyisihan kerugian untuk instrumen keuangan tersebut sejumlah kerugian ekspektasian 12 bulan. Kerugian dimaksud merepresentasikan kerugian kredit ekspektasian yang timbul dari peristiwa gagal bayar instrumen keuangan yang mungkin terjadi dalam 12 bulan setelah tanggal pelaporan. Bank dan entitas anak menerapkan pendekatan tiga tahap berdasarkan kualitas kredit sejak awal pengakuan: - Tahap 1 : Tahap 1 ini termasuk aset keuangan yang tidak memiliki peningkatan risiko kredit signifikan sejak pengakuan awal atau yang memiliki risiko kredit rendah saat tanggal pelaporan. Kerugian kredit penurunan nilai 12 bulan diakui. - Tahap 2 : Tahap 2 ini termasuk aset keuangan yang memiliki peningkatan risiko kredit signifikan sejak pengakuan awal (kecuali memiliki risiko kredit yang rendah pada tanggal pelaporan) namun tidak memiliki bukti obyektif penurunan nilai. Kerugian kredit penurunan nilai sepanjang masa diakui. - Tahap 3 : Tahap 3 ini termasuk aset keuangan yang memiliki bukti objektif penurunan nilai pada tanggal pelaporan. Kerugian kredit penurunan nilai sepanjang masa diakui. Sesuai dengan siaran pers dari Ikatan Akuntan Indonesia (IAI) pada tanggal 10 Januari 2018 dan ISAK 102 khusus untuk transaksi berbasis Syariah pengukuran penurunan nilai dari kelompok aset keuangan masih belum mengadopsi PSAK 71. Bank dan entitas anak menerapkan persyaratan penurunan nilai untuk aset keuangan yang diukur pada biaya perolehan diamortisasi dan aset keuangan yang diukur pada nilai wajar melalui penghasilan komprehensif lain. Bank mengakui penurunan nilai atas komitmen pinjaman dan kontrak jaminan keuangan. Untuk kontrak jaminan keuangan, Bank mempertimbangkan perubahan risiko bahwa debitur yang ditetapkan dalam kontrak akan mengalami gagal bayar. Untuk komitmen pinjaman, Bank mempertimbangkan perubahan risiko gagal bayar yang terjadi pada pinjaman yang terkait dengan komitmen pinjaman. Pengukuran kerugian kredit ekspektasian untuk kontrak jaminan keuangan adalah pembayaran yang diekspektasi untuk mengganti pemegang jaminan atas kerugian kredit yang terjadi dikurangi jumlah yang diharapkan entitas untuk diterima dari pemegang jaminan, debitur atau pihak lain. Tujuan dari persyaratan penurunan nilai adalah untuk mengakui kerugian kredit ekspektasian sepanjang umurnya atas semua instrumen keuangan yang telah mengalami peningkatan risiko kredit secara signifikan sejak pengakuan awal - baik dinilai secara individu atau kolektif - dengan mempertimbangkan semua informasi yang wajar dan terdukung, termasuk informasi yang bersifat perkiraan masa depan (forward-looking). Dalam beberapa keadaan Bank tidak memiliki informasi yang wajar dan terdukung yang tersedia tanpa biaya atau upaya berlebihan untuk mengukur kerugian kredit ekspektasian sepanjang umurnya pada instrumen secara individual. Kerugian kredit ekspektasian sepanjang umurnya diakui secara kolektif dengan mempertimbangkan informasi risiko kredit komprehensif. Informasi risiko kredit komprehensif tersebut harus memasukan tidak hanya informasi tunggakan tetapi juga seluruh informasi kredit relevan, termasuk informasi makroekonomi forward-looking, untuk mendekati hasil dari pengakuan kerugian kredit ekspektasian sepanjang umurnya ketika terdapat kenaikan signifikan pada risiko kredit sejak pengakuan awal pada level instrumen individu. Cadangan kerugian penurunan nilai secara individual dihitung dengan menggunakan metode diskonto arus kas (discounted cash flows). Sedangkan cadangan kerugian penurunan nilai secara kolektif dihitung dengan menggunakan metode statistik dari data historis berupa probability of default di masa lalu, waktu pengembalian dan jumlah kerugian yang terjadi (Loss Given Default) yang selanjutnya disesuaikan lagi dengan pertimbangan manajemen terkait kondisi ekonomi dan kredit saat ini. Aset keuangan dan cadangan yang terkait tersebut dihapuskan jika tidak ada peluang yang realistis untuk pengembalian di masa datang dan semua jaminan telah direalisasi atau sudah diambil alih oleh Bank dan entitas anak. Aset keuangan tersebut dihapus buku dengan menjurnal balik cadangan kerugian penurunan nilai. Aset keuangan tersebut dapat dihapus buku setelah semua prosedur yang diperlukan telah dilakukan dan jumlah kerugian telah ditentukan. Jika, pada suatu periode berikutnya, jumlah kerugian penurunan nilai berkurang dan pengurangan tersebut dapat dikaitkan secara objektif pada peristiwa yang terjadi setelah penurunan nilai diakui (seperti meningkatnya peringkat kredit debitur atau penerbit), maka kerugian penurunan nilai yang sebelumnya diakui harus dipulihkan, dengan menyesuaikan akun cadangan. Jumlah pemulihan aset keuangan diakui pada laporan laba rugi dan penghasilan komprehensif lain konsolidasian. Penerimaan kembali atas aset keuangan yang diberikan yang telah dihapusbukukan, pada periode berjalan dikreditkan dengan menyesuaikan akun cadangan. Penerimaan kembali atas kredit yang diberikan yang telah dihapusbukukan pada periode sebelumnya dicatat sebagai pendapatan operasional selain bunga. | E9: Pada setiap tanggal pelaporan, Bank mengukur penyisihan kerugian penurunan nilai instrumen keuangan sejumlah kredit ekspektasian sepanjang umurnya, jika risiko kredit atas instrumen keuangan tersebut telah meningkat secara signfikan sejak pengakuan awal. Jika pada tanggal pelaporan, risiko kredit atas instrumen keuangan tidak meningkat secara signifikan sejak pengakuan awal, entitas mengukur penyisihan kerugian untuk instrumen keuangan tersebut sejumlah kerugian ekspektasian 12 bulan. Kerugian dimaksud merepresentasikan kerugian kredit ekspektasian yang timbul dari peristiwa gagal bayar instrumen keuangan yang mungkin terjadi dalam 12 bulan setelah tanggal pelaporan. Bank dan entitas anak menerapkan pendekatan tiga tahap berdasarkan kualitas kredit sejak awal pengakuan: - Tahap 1 : Tahap 1 ini termasuk aset keuangan yang tidak memiliki peningkatan risiko kredit signifikan sejak pengakuan awal atau yang memiliki risiko kredit rendah saat tanggal pelaporan. Kerugian kredit penurunan nilai 12 bulan diakui. - Tahap 2 : Tahap 2 ini termasuk aset keuangan yang memiliki peningkatan risiko kredit signifikan sejak pengakuan awal (kecuali memiliki risiko kredit yang rendah pada tanggal pelaporan) namun tidak memiliki bukti obyektif penurunan nilai. Kerugian kredit penurunan nilai sepanjang masa diakui. - Tahap 3 : Tahap 3 ini termasuk aset keuangan yang memiliki bukti objektif penurunan nilai pada tanggal pelaporan. Kerugian kredit penurunan nilai sepanjang masa diakui. Sesuai dengan siaran pers dari Ikatan Akuntan Indonesia (IAI) pada tanggal 10 Januari 2018 dan ISAK 102 khusus untuk transaksi berbasis Syariah pengukuran penurunan nilai dari kelompok aset keuangan masih belum mengadopsi PSAK 71. Bank dan entitas anak menerapkan persyaratan penurunan nilai untuk aset keuangan yang diukur pada biaya perolehan diamortisasi dan aset keuangan yang diukur pada nilai wajar melalui penghasilan komprehensif lain. Bank mengakui penurunan nilai atas komitmen pinjaman dan kontrak jaminan keuangan. Untuk kontrak jaminan keuangan, Bank mempertimbangkan perubahan risiko bahwa debitur yang ditetapkan dalam kontrak akan mengalami gagal bayar. Untuk komitmen pinjaman, Bank mempertimbangkan perubahan risiko gagal bayar yang terjadi pada pinjaman yang terkait dengan komitmen pinjaman. Pengukuran kerugian kredit ekspektasian untuk kontrak jaminan keuangan adalah pembayaran yang diekspektasi untuk mengganti pemegang jaminan atas kerugian kredit yang terjadi dikurangi jumlah yang diharapkan entitas untuk diterima dari pemegang jaminan, debitur atau pihak lain. Tujuan dari persyaratan penurunan nilai adalah untuk mengakui kerugian kredit ekspektasian sepanjang umurnya atas semua instrumen keuangan yang telah mengalami peningkatan risiko kredit secara signifikan sejak pengakuan awal - baik dinilai secara individu atau kolektif - dengan mempertimbangkan semua informasi yang wajar dan terdukung, termasuk informasi yang bersifat perkiraan masa depan (forward-looking). Dalam beberapa keadaan Bank tidak memiliki informasi yang wajar dan terdukung yang tersedia tanpa biaya atau upaya berlebihan untuk mengukur kerugian kredit ekspektasian sepanjang umurnya pada instrumen secara individual. Kerugian kredit ekspektasian sepanjang umurnya diakui secara kolektif dengan mempertimbangkan informasi risiko kredit komprehensif. Informasi risiko kredit komprehensif tersebut harus memasukan tidak hanya informasi tunggakan tetapi juga seluruh informasi kredit relevan, termasuk informasi makroekonomi forward-looking, untuk mendekati hasil dari pengakuan kerugian kredit ekspektasian sepanjang umurnya ketika terdapat kenaikan signifikan pada risiko kredit sejak pengakuan awal pada level instrumen individu. Cadangan kerugian penurunan nilai secara individual dihitung dengan menggunakan metode diskonto arus kas (discounted cash flows). Sedangkan cadangan kerugian penurunan nilai secara kolektif dihitung dengan menggunakan metode statistik dari data historis berupa probability of default di masa lalu, waktu pengembalian dan jumlah kerugian yang terjadi (Loss Given Default) yang selanjutnya disesuaikan lagi dengan pertimbangan manajemen terkait kondisi ekonomi dan kredit saat ini. Aset keuangan dan cadangan yang terkait tersebut dihapuskan jika tidak ada peluang yang realistis untuk pengembalian di masa datang dan semua jaminan telah direalisasi atau sudah diambil alih oleh Bank dan entitas anak. Aset keuangan tersebut dihapus buku dengan menjurnal balik cadangan kerugian penurunan nilai. Aset keuangan tersebut dapat dihapus buku setelah semua prosedur yang diperlukan telah dilakukan dan jumlah kerugian telah ditentukan. Jika, pada suatu periode berikutnya, jumlah kerugian penurunan nilai berkurang dan pengurangan tersebut dapat dikaitkan secara objektif pada peristiwa yang terjadi setelah penurunan nilai diakui (seperti meningkatnya peringkat kredit debitur atau penerbit), maka kerugian penurunan nilai yang sebelumnya diakui harus dipulihkan, dengan menyesuaikan akun cadangan. Jumlah pemulihan aset keuangan diakui pada laporan laba rugi dan penghasilan komprehensif lain konsolidasian. Penerimaan kembali atas aset keuangan yang diberikan yang telah dihapusbukukan, pada periode berjalan dikreditkan dengan menyesuaikan akun cadangan. Penerimaan kembali atas kredit yang diberikan yang telah dihapusbukukan pada periode sebelumnya dicatat sebagai pendapatan operasional selain bunga. | F9: Pada setiap tanggal pelaporan, Bank mengukur penyisihan kerugian penurunan nilai instrumen keuangan sejumlah kredit ekspektasian sepanjang umurnya, jika risiko kredit atas instrumen keuangan tersebut telah meningkat secara signfikan sejak pengakuan awal. Jika pada tanggal pelaporan, risiko kredit atas instrumen keuangan tidak meningkat secara signifikan sejak pengakuan awal, entitas mengukur penyisihan kerugian untuk instrumen keuangan tersebut sejumlah kerugian ekspektasian 12 bulan. Kerugian dimaksud merepresentasikan kerugian kredit ekspektasian yang timbul dari peristiwa gagal bayar instrumen keuangan yang mungkin terjadi dalam 12 bulan setelah tanggal pelaporan. Bank dan entitas anak menerapkan pendekatan tiga tahap berdasarkan kualitas kredit sejak awal pengakuan: - Tahap 1 : Tahap 1 ini termasuk aset keuangan yang tidak memiliki peningkatan risiko kredit signifikan sejak pengakuan awal atau yang memiliki risiko kredit rendah saat tanggal pelaporan. Kerugian kredit penurunan nilai 12 bulan diakui. - Tahap 2 : Tahap 2 ini termasuk aset keuangan yang memiliki peningkatan risiko kredit signifikan sejak pengakuan awal (kecuali memiliki risiko kredit yang rendah pada tanggal pelaporan) namun tidak memiliki bukti obyektif penurunan nilai. Kerugian kredit penurunan nilai sepanjang masa diakui. - Tahap 3 : Tahap 3 ini termasuk aset keuangan yang memiliki bukti objektif penurunan nilai pada tanggal pelaporan. Kerugian kredit penurunan nilai sepanjang masa diakui. Sesuai dengan siaran pers dari Ikatan Akuntan Indonesia (IAI) pada tanggal 10 Januari 2018 dan ISAK 102 khusus untuk transaksi berbasis Syariah pengukuran penurunan nilai dari kelompok aset keuangan masih belum mengadopsi PSAK 109. Bank dan entitas anak menerapkan persyaratan penurunan nilai untuk aset keuangan yang diukur pada biaya perolehan diamortisasi dan aset keuangan yang diukur pada nilai wajar melalui penghasilan komprehensif lain. Bank mengakui penurunan nilai atas komitmen pinjaman dan kontrak jaminan keuangan. Untuk kontrak jaminan keuangan, Bank mempertimbangkan perubahan risiko bahwa debitur yang ditetapkan dalam kontrak akan mengalami gagal bayar. Untuk komitmen pinjaman, Bank mempertimbangkan perubahan risiko gagal bayar yang terjadi pada pinjaman yang terkait dengan komitmen pinjaman. Pengukuran kerugian kredit ekspektasian untuk kontrak jaminan keuangan adalah pembayaran yang diekspektasi untuk mengganti pemegang jaminan atas kerugian kredit yang terjadi dikurangi jumlah yang diharapkan entitas untuk diterima dari pemegang jaminan, debitur atau pihak lain. Tujuan dari persyaratan penurunan nilai adalah untuk mengakui kerugian kredit ekspektasian sepanjang umurnya atas semua instrumen keuangan yang telah mengalami peningkatan risiko kredit secara signifikan sejak pengakuan awal - baik dinilai secara individu atau kolektif - dengan mempertimbangkan semua informasi yang wajar dan terdukung, termasuk informasi yang bersifat perkiraan masa depan (forward-looking). Dalam beberapa keadaan Bank tidak memiliki informasi yang wajar dan terdukung yang tersedia tanpa biaya atau upaya berlebihan untuk mengukur kerugian kredit ekspektasian sepanjang umurnya pada instrumen secara individual. Kerugian kredit ekspektasian sepanjang umurnya diakui secara kolektif dengan mempertimbangkan informasi risiko kredit komprehensif. Informasi risiko kredit komprehensif tersebut harus memasukan tidak hanya informasi tunggakan tetapi juga seluruh informasi kredit relevan, termasuk informasi makroekonomi forward-looking, untuk mendekati hasil dari pengakuan kerugian kredit ekspektasian sepanjang umurnya ketika terdapat kenaikan signifikan pada risiko kredit sejak pengakuan awal pada level instrumen individu. Cadangan kerugian penurunan nilai secara individual dihitung dengan menggunakan metode diskonto arus kas (discounted cash flows). Sedangkan cadangan kerugian penurunan nilai secara kolektif dihitung dengan menggunakan metode statistik dari data historis berupa probability of default di masa lalu, waktu pengembalian dan jumlah kerugian yang terjadi (Loss Given Default) yang selanjutnya disesuaikan lagi dengan pertimbangan manajemen terkait kondisi ekonomi dan kredit saat ini. Aset keuangan dan cadangan yang terkait tersebut dihapuskan jika tidak ada peluang yang realistis untuk pengembalian di masa datang dan semua jaminan telah direalisasi atau sudah diambil alih oleh Bank dan entitas anak. Aset keuangan tersebut dihapus buku dengan menjurnal balik cadangan kerugian penurunan nilai. Aset keuangan tersebut dapat dihapus buku setelah semua prosedur yang diperlukan telah dilakukan dan jumlah kerugian telah ditentukan. Jika, pada suatu periode berikutnya, jumlah kerugian penurunan nilai berkurang dan pengurangan tersebut dapat dikaitkan secara objektif pada peristiwa yang terjadi setelah penurunan nilai diakui (seperti meningkatnya peringkat kredit debitur atau penerbit), maka kerugian penurunan nilai yang sebelumnya diakui harus dipulihkan, dengan menyesuaikan akun cadangan. Jumlah pemulihan aset keuangan diakui pada laporan laba rugi dan penghasilan komprehensif lain konsolidasian. Penerimaan kembali atas aset keuangan yang diberikan yang telah dihapusbukukan, pada periode berjalan dikreditkan dengan menyesuaikan akun cadangan. Penerimaan kembali atas kredit yang diberikan yang telah dihapusbukukan pada periode sebelumnya dicatat sebagai pendapatan operasional selain bunga.
A10: Beban tangguhan
A11: Pengakuan pendapatan dan beban | C11: Untuk instrumen keuangan yang diukur pada biaya perolehan diamortisasi dan aset keuangan yang diklasifikasikan sebagai yang diukur pada nilai wajar melalui penghasilan komprehensif lain, pendapatan maupun beban bunganya diakui dengan menggunakan metode suku bunga efektif (EIR), yaitu suku bunga yang akan mendiskonto secara tepat estimasi pembayaran atau penerimaan kas di masa datang sepanjang perkiraan umur instrumen keuangan tersebut atau, jika lebih tepat untuk masa yang lebih singkat, sebagai nilai tercatat neto dari aset atau liabilitas keuangan tersebut. Perhitungan dilakukan dengan mempertimbangkan seluruh syarat dan ketentuan kontraktual instrumen keuangan termasuk fee/biaya tambahan yang terkait secara langsung dengan instrumen tersebut yang merupakan bagian tidak terpisahkan dari suku bunga efektif (EIR). Nilai tercatat aset dan liabilitas keuangan disesuaikan jika Bank merevisi estimasi pembayaran maupun penerimaan. Nilai tercatat yang disesuaikan tersebut dihitung dengan menggunakan suku bunga efektif (EIR) awal dan perubahan nilai tercatat dicatat di laporan laba rugi dan penghasilan komprehensif lain konsolidasian. Tetapi untuk aset keuangan yang telah direklasifikasi, dimana pada tahun berikutnya Bank meningkatkan estimasi penerimaan kas sebagai hasil dari peningkatan pengembalian penerimaan kas, dampak peningkatan pemulihan tersebut diakui sebagai penyesuaian suku bunga efektif (EIR) sejak tanggal perubahan estimasi. Jika aset keuangan atau kelompok aset keuangan serupa telah diturunkan nilainya sebagai akibat kerugian penurunan nilai, maka pendapatan bunga yang diperoleh setelahnya diakui atas bagian aset keuangan yang tidak mengalami penurunan nilai dari aset keuangan yang mengalami penurunan nilai, berdasarkan suku bunga yang digunakan untuk mendiskonto arus kas masa datang dalam menghitung kerugian penurunan nilai. Pendapatan syariah terdiri dari pendapatan dari piutang murabahah, bagi hasil pembiayaan musyarakah dan mudharabah, dan pendapatan atas investasi pada efek-efek syariah. Pendapatan murabahah yang termasuk margin ditangguhkan dan pendapatan administrasi, diakui dengan menggunakan metode setara tingkat imbal hasil efektif, yaitu tingkat imbal hasil setara yang akan mendiskonto secara tepat estimasi pembayaran atau penerimaan kas di masa datang sepanjang perkiraan umur instrumen keuangan tersebut atau, jika lebih tepat untuk masa yang lebih singkat untuk nilai tercatat bersih dari aset keuangan atau liabilitas keuangan. Perhitungan dilakukan dengan memperhitungkan seluruh syarat dan ketentuan kontraktual dari instrumen keuangan dan biaya tambahan yang timbul secara langsung untuk instrumen tersebut dan merupakan bagian tidak terpisahkan dari tingkat imbal hasil efektif margin pembiayaan. Pendapatan bagi hasil musyarakah yang menjadi hak mitra pasif diakui dalam periode terjadinya hak bagi hasil sesuai nisbah yang disepakati. Pendapatan bagi hasil pembiayaan mudharabah diakui pada saat diterima atau dalam periode terjadinya hak bagi hasil sesuai nisbah yang disepakati. Pendapatan pembiayaan konsumen entitas anak dinyatakan sebesar pendapatan bersih setelah dikurangi dengan bagian pendapatan dari bank-bank yang terkait dengan transaksi kerjasama penerusan pinjaman, pembiayaan bersama dan pengambilalihan piutang serta penunjukkan selaku pengelola piutang yang diambil alih tersebut (Catatan 2n). Untuk kredit yang diberikan dan pembiayaan konsumen yang pembayaran angsuran pokok atau bunganya telah lewat 90 hari atau lebih setelah jatuh tempo, atau kredit dan pembiayaan konsumen yang telah dikategorikan sebagai yang mengalami penurunan nilai, pendapatan bunga yang sudah diakui tetapi belum ditagih akan dibatalkan pengakuannya. Pendapatan denda atas keterlambatan pembayaran angsuran pembiayaan konsumen diakui pada saat realisasi. Pelunasan sebelum masa pembiayaan konsumen berakhir diperlakukan sebagai suatu pembatalan kontrak pembiayaan konsumen dan laba atau rugi yang timbul, diakui dalam laporan laba rugi dan penghasilan komprehensif lain konsolidasian tahun berjalan. Entitas anak berhak menentukan tingkat bunga yang lebih tinggi kepada konsumen daripada tingkat bunga yang ditetapkan oleh bank-bank sehubungan dengan transaksi kerja sama penerusan pinjaman, pembiayaan bersama dan pengambilalihan piutang serta penunjukan selaku pengelola piutang. Selisih bunga yang terjadi dari transaksi tersebut diakui sebagai pendapatan dan disajikan sebagai Pendapatan Pembiayaan Konsumen pada pendapatan bunga dalam laporan laba rugi dan penghasilan komprehensif lain konsolidasian tahun berjalan. Beban syariah terdiri dari beban bagi hasil dari simpanan nasabah dengan akad mudharabah dan bonus atas simpanan dengan akad wadiah. Beban, kecuali beban yang timbul pertama kali yang terkait langsung dengan piutang pembiayaan konsumen seperti dijelaskan pada Catatan 2n, diakui pada saat terjadinya. | D11: Untuk instrumen keuangan yang diukur pada biaya perolehan diamortisasi dan aset keuangan yang diklasifikasikan sebagai yang diukur pada nilai wajar melalui penghasilan komprehensif lain, pendapatan maupun beban bunganya diakui dengan menggunakan metode suku bunga efektif (EIR), yaitu suku bunga yang akan mendiskonto secara tepat estimasi pembayaran atau penerimaan kas di masa datang sepanjang perkiraan umur instrumen keuangan tersebut atau, jika lebih tepat untuk masa yang lebih singkat, sebagai nilai tercatat neto dari aset atau liabilitas keuangan tersebut. Perhitungan dilakukan dengan mempertimbangkan seluruh syarat dan ketentuan kontraktual instrumen keuangan termasuk fee/biaya tambahan yang terkait secara langsung dengan instrumen tersebut yang merupakan bagian tidak terpisahkan dari suku bunga efektif (EIR). Nilai tercatat aset dan liabilitas keuangan disesuaikan jika Bank merevisi estimasi pembayaran maupun penerimaan. Nilai tercatat yang disesuaikan tersebut dihitung dengan menggunakan suku bunga efektif (EIR) awal dan perubahan nilai tercatat dicatat di laporan laba rugi dan penghasilan komprehensif lain konsolidasian. Tetapi untuk aset keuangan yang telah direklasifikasi, dimana pada tahun berikutnya Bank meningkatkan estimasi penerimaan kas sebagai hasil dari peningkatan pengembalian penerimaan kas, dampak peningkatan pemulihan tersebut diakui sebagai penyesuaian suku bunga efektif (EIR) sejak tanggal perubahan estimasi. Jika aset keuangan atau kelompok aset keuangan serupa telah diturunkan nilainya sebagai akibat kerugian penurunan nilai, maka pendapatan bunga yang diperoleh setelahnya diakui atas bagian aset keuangan yang tidak mengalami penurunan nilai dari aset keuangan yang mengalami penurunan nilai, berdasarkan suku bunga yang digunakan untuk mendiskonto arus kas masa datang dalam menghitung kerugian penurunan nilai. Pendapatan syariah terdiri dari pendapatan dari piutang murabahah, bagi hasil pembiayaan musyarakah dan mudharabah, dan pendapatan atas investasi pada efek-efek syariah. Pendapatan murabahah yang termasuk margin ditangguhkan dan pendapatan administrasi, diakui dengan menggunakan metode setara tingkat imbal hasil efektif, yaitu tingkat imbal hasil setara yang akan mendiskonto secara tepat estimasi pembayaran atau penerimaan kas di masa datang sepanjang perkiraan umur instrumen keuangan tersebut atau, jika lebih tepat untuk masa yang lebih singkat untuk nilai tercatat bersih dari aset keuangan atau liabilitas keuangan. Perhitungan dilakukan dengan memperhitungkan seluruh syarat dan ketentuan kontraktual dari instrumen keuangan dan biaya tambahan yang timbul secara langsung untuk instrumen tersebut dan merupakan bagian tidak terpisahkan dari tingkat imbal hasil efektif margin pembiayaan. Pendapatan bagi hasil musyarakah yang menjadi hak mitra pasif diakui dalam periode terjadinya hak bagi hasil sesuai nisbah yang disepakati. Pendapatan bagi hasil pembiayaan mudharabah diakui pada saat diterima atau dalam periode terjadinya hak bagi hasil sesuai nisbah yang disepakati. Pendapatan pembiayaan konsumen entitas anak dinyatakan sebesar pendapatan bersih setelah dikurangi dengan bagian pendapatan dari bank-bank yang terkait dengan transaksi kerjasama penerusan pinjaman, pembiayaan bersama dan pengambilalihan piutang serta penunjukkan selaku pengelola piutang yang diambil alih tersebut (Catatan 2n). Untuk kredit yang diberikan dan pembiayaan konsumen yang pembayaran angsuran pokok atau bunganya telah lewat 90 hari atau lebih setelah jatuh tempo, atau kredit dan pembiayaan konsumen yang telah dikategorikan sebagai yang mengalami penurunan nilai, pendapatan bunga yang sudah diakui tetapi belum ditagih akan dibatalkan pengakuannya. Pendapatan denda atas keterlambatan pembayaran angsuran pembiayaan konsumen diakui pada saat realisasi. Pelunasan sebelum masa pembiayaan konsumen berakhir diperlakukan sebagai suatu pembatalan kontrak pembiayaan konsumen dan laba atau rugi yang timbul, diakui dalam laporan laba rugi dan penghasilan komprehensif lain konsolidasian tahun berjalan. Entitas anak berhak menentukan tingkat bunga yang lebih tinggi kepada konsumen daripada tingkat bunga yang ditetapkan oleh bank-bank sehubungan dengan transaksi kerja sama penerusan pinjaman, pembiayaan bersama dan pengambilalihan piutang serta penunjukan selaku pengelola piutang. Selisih bunga yang terjadi dari transaksi tersebut diakui sebagai pendapatan dan disajikan sebagai Pendapatan Pembiayaan Konsumen pada pendapatan bunga dalam laporan laba rugi dan penghasilan komprehensif lain konsolidasian tahun berjalan. Beban syariah terdiri dari beban bagi hasil dari simpanan nasabah dengan akad mudharabah dan bonus atas simpanan dengan akad wadiah. Beban, kecuali beban yang timbul pertama kali yang terkait langsung dengan piutang pembiayaan konsumen seperti dijelaskan pada Catatan 2n, diakui pada saat terjadinya. | E11: Untuk instrumen keuangan yang diukur pada biaya perolehan diamortisasi dan aset keuangan yang diklasifikasikan sebagai yang diukur pada nilai wajar melalui penghasilan komprehensif lain, pendapatan maupun beban bunganya diakui dengan menggunakan metode suku bunga efektif (EIR), yaitu suku bunga yang akan mendiskonto secara tepat estimasi pembayaran atau penerimaan kas di masa datang sepanjang perkiraan umur instrumen keuangan tersebut atau, jika lebih tepat untuk masa yang lebih singkat, sebagai nilai tercatat neto dari aset atau liabilitas keuangan tersebut. Perhitungan dilakukan dengan mempertimbangkan seluruh syarat dan ketentuan kontraktual instrumen keuangan termasuk fee/biaya tambahan yang terkait secara langsung dengan instrumen tersebut yang merupakan bagian tidak terpisahkan dari suku bunga efektif (EIR). Nilai tercatat aset dan liabilitas keuangan disesuaikan jika Bank merevisi estimasi pembayaran maupun penerimaan. Nilai tercatat yang disesuaikan tersebut dihitung dengan menggunakan suku bunga efektif (EIR) awal dan perubahan nilai tercatat dicatat di laporan laba rugi dan penghasilan komprehensif lain konsolidasian. Tetapi untuk aset keuangan yang telah direklasifikasi, dimana pada tahun berikutnya Bank meningkatkan estimasi penerimaan kas sebagai hasil dari peningkatan pengembalian penerimaan kas, dampak peningkatan pemulihan tersebut diakui sebagai penyesuaian suku bunga efektif (EIR) sejak tanggal perubahan estimasi. Jika aset keuangan atau kelompok aset keuangan serupa telah diturunkan nilainya sebagai akibat kerugian penurunan nilai, maka pendapatan bunga yang diperoleh setelahnya diakui atas bagian aset keuangan yang tidak mengalami penurunan nilai dari aset keuangan yang mengalami penurunan nilai, berdasarkan suku bunga yang digunakan untuk mendiskonto arus kas masa datang dalam menghitung kerugian penurunan nilai. Pendapatan syariah terdiri dari pendapatan dari piutang murabahah, bagi hasil pembiayaan musyarakah dan mudharabah, dan pendapatan atas investasi pada efek-efek syariah. Pendapatan murabahah yang termasuk margin ditangguhkan dan pendapatan administrasi, diakui dengan menggunakan metode setara tingkat imbal hasil efektif, yaitu tingkat imbal hasil setara yang akan mendiskonto secara tepat estimasi pembayaran atau penerimaan kas di masa datang sepanjang perkiraan umur instrumen keuangan tersebut atau, jika lebih tepat untuk masa yang lebih singkat untuk nilai tercatat bersih dari aset keuangan atau liabilitas keuangan. Perhitungan dilakukan dengan memperhitungkan seluruh syarat dan ketentuan kontraktual dari instrumen keuangan dan biaya tambahan yang timbul secara langsung untuk instrumen tersebut dan merupakan bagian tidak terpisahkan dari tingkat imbal hasil efektif margin pembiayaan. Pendapatan bagi hasil musyarakah yang menjadi hak mitra pasif diakui dalam periode terjadinya hak bagi hasil sesuai nisbah yang disepakati. Pendapatan bagi hasil pembiayaan mudharabah diakui pada saat diterima atau dalam periode terjadinya hak bagi hasil sesuai nisbah yang disepakati. Pendapatan pembiayaan konsumen entitas anak dinyatakan sebesar pendapatan bersih setelah dikurangi dengan bagian pendapatan dari bank-bank yang terkait dengan transaksi kerjasama penerusan pinjaman, pembiayaan bersama dan pengambilalihan piutang serta penunjukkan selaku pengelola piutang yang diambil alih tersebut (Catatan 2n). Untuk kredit yang diberikan dan pembiayaan konsumen yang pembayaran angsuran pokok atau bunganya telah lewat 90 hari atau lebih setelah jatuh tempo, atau kredit dan pembiayaan konsumen yang telah dikategorikan sebagai yang mengalami penurunan nilai, pendapatan bunga yang sudah diakui tetapi belum ditagih akan dibatalkan pengakuannya. Pendapatan denda atas keterlambatan pembayaran angsuran pembiayaan konsumen diakui pada saat realisasi. Pelunasan sebelum masa pembiayaan konsumen berakhir diperlakukan sebagai suatu pembatalan kontrak pembiayaan konsumen dan laba atau rugi yang timbul, diakui dalam laporan laba rugi dan penghasilan komprehensif lain konsolidasian tahun berjalan. Entitas anak berhak menentukan tingkat bunga yang lebih tinggi kepada konsumen daripada tingkat bunga yang ditetapkan oleh bank-bank sehubungan dengan transaksi kerja sama penerusan pinjaman, pembiayaan bersama dan pengambilalihan piutang serta penunjukan selaku pengelola piutang. Selisih bunga yang terjadi dari transaksi tersebut diakui sebagai pendapatan dan disajikan sebagai Pendapatan Pembiayaan Konsumen pada pendapatan bunga dalam laporan laba rugi dan penghasilan komprehensif lain konsolidasian tahun berjalan. Beban syariah terdiri dari beban bagi hasil dari simpanan nasabah dengan akad mudharabah dan bonus atas simpanan dengan akad wadiah. Beban, kecuali beban yang timbul pertama kali yang terkait langsung dengan piutang pembiayaan konsumen seperti dijelaskan pada Catatan 2n, diakui pada saat terjadinya. | F11: Untuk instrumen keuangan yang diukur pada biaya perolehan diamortisasi dan aset keuangan yang diklasifikasikan sebagai yang diukur pada nilai wajar melalui penghasilan komprehensif lain, pendapatan maupun beban bunganya diakui dengan menggunakan metode suku bunga efektif (EIR), yaitu suku bunga yang akan mendiskonto secara tepat estimasi pembayaran atau penerimaan kas di masa datang sepanjang perkiraan umur instrumen keuangan tersebut atau, jika lebih tepat untuk masa yang lebih singkat, sebagai nilai tercatat neto dari aset atau liabilitas keuangan tersebut. Perhitungan dilakukan dengan mempertimbangkan seluruh syarat dan ketentuan kontraktual instrumen keuangan termasuk fee/biaya tambahan yang terkait secara langsung dengan instrumen tersebut yang merupakan bagian tidak terpisahkan dari suku bunga efektif (EIR). Nilai tercatat aset dan liabilitas keuangan disesuaikan jika Bank merevisi estimasi pembayaran maupun penerimaan. Nilai tercatat yang disesuaikan tersebut dihitung dengan menggunakan suku bunga efektif (EIR) awal dan perubahan nilai tercatat dicatat di laporan laba rugi dan penghasilan komprehensif lain konsolidasian. Tetapi untuk aset keuangan yang telah direklasifikasi, dimana pada tahun berikutnya Bank meningkatkan estimasi penerimaan kas sebagai hasil dari peningkatan pengembalian penerimaan kas, dampak peningkatan pemulihan tersebut diakui sebagai penyesuaian suku bunga efektif (EIR) sejak tanggal perubahan estimasi. Jika aset keuangan atau kelompok aset keuangan serupa telah diturunkan nilainya sebagai akibat kerugian penurunan nilai, maka pendapatan bunga yang diperoleh setelahnya diakui atas bagian aset keuangan yang tidak mengalami penurunan nilai dari aset keuangan yang mengalami penurunan nilai, berdasarkan suku bunga yang digunakan untuk mendiskonto arus kas masa datang dalam menghitung kerugian penurunan nilai. Pendapatan syariah terdiri dari pendapatan dari piutang murabahah, bagi hasil pembiayaan musyarakah dan mudharabah, dan pendapatan atas investasi pada efek-efek syariah. Pendapatan murabahah yang termasuk margin ditangguhkan dan pendapatan administrasi, diakui dengan menggunakan metode setara tingkat imbal hasil efektif, yaitu tingkat imbal hasil setara yang akan mendiskonto secara tepat estimasi pembayaran atau penerimaan kas di masa datang sepanjang perkiraan umur instrumen keuangan tersebut atau, jika lebih tepat untuk masa yang lebih singkat untuk nilai tercatat bersih dari aset keuangan atau liabilitas keuangan. Perhitungan dilakukan dengan memperhitungkan seluruh syarat dan ketentuan kontraktual dari instrumen keuangan dan biaya tambahan yang timbul secara langsung untuk instrumen tersebut dan merupakan bagian tidak terpisahkan dari tingkat imbal hasil efektif margin pembiayaan. Pendapatan bagi hasil musyarakah yang menjadi hak mitra pasif diakui dalam periode terjadinya hak bagi hasil sesuai nisbah yang disepakati. Pendapatan bagi hasil pembiayaan mudharabah diakui pada saat diterima atau dalam periode terjadinya hak bagi hasil sesuai nisbah yang disepakati. Pendapatan pembiayaan konsumen entitas anak dinyatakan sebesar pendapatan bersih setelah dikurangi dengan bagian pendapatan dari bank-bank yang terkait dengan transaksi kerjasama penerusan pinjaman, pembiayaan bersama dan pengambilalihan piutang serta penunjukkan selaku pengelola piutang yang diambil alih tersebut (Catatan 2n). Untuk kredit yang diberikan dan pembiayaan konsumen yang pembayaran angsuran pokok atau bunganya telah lewat 90 hari atau lebih setelah jatuh tempo, atau kredit dan pembiayaan konsumen yang telah dikategorikan sebagai yang mengalami penurunan nilai, pendapatan bunga yang sudah diakui tetapi belum ditagih akan dibatalkan pengakuannya. Pendapatan denda atas keterlambatan pembayaran angsuran pembiayaan konsumen diakui pada saat realisasi. Pelunasan sebelum masa pembiayaan konsumen berakhir diperlakukan sebagai suatu pembatalan kontrak pembiayaan konsumen dan laba atau rugi yang timbul, diakui dalam laporan laba rugi dan penghasilan komprehensif lain konsolidasian tahun berjalan. Entitas anak berhak menentukan tingkat bunga yang lebih tinggi kepada konsumen daripada tingkat bunga yang ditetapkan oleh bank-bank sehubungan dengan transaksi kerja sama penerusan pinjaman, pembiayaan bersama dan pengambilalihan piutang serta penunjukan selaku pengelola piutang. Selisih bunga yang terjadi dari transaksi tersebut diakui sebagai pendapatan dan disajikan sebagai Pendapatan Pembiayaan Konsumen pada pendapatan bunga dalam laporan laba rugi dan penghasilan komprehensif lain konsolidasian tahun berjalan. Beban syariah terdiri dari beban bagi hasil dari simpanan nasabah dengan akad mudharabah dan bonus atas simpanan dengan akad wadiah. Beban, kecuali beban yang timbul pertama kali yang terkait langsung dengan piutang pembiayaan konsumen seperti dijelaskan pada Catatan 2n, diakui pada saat terjadinya.
A12: Penjabaran mata uang asing | C12: i. Mata uang penyajian Laporan keuangan konsolidasian dijabarkan dalam mata uang Rupiah, yang merupakan mata uang fungsional Bank dan entitas anak. Ii. Transaksi dan saldo dalam mata uang asing Transaksi dalam mata uang asing dijabarkan ke mata uang Rupiah dengan menggunakan kurs yang berlaku pada tanggal transaksi. Pada tanggal pelaporan, aset dan liabilitas moneter dalam mata uang asing dijabarkan ke mata uang Rupiah dengan menggunakan kurs yang berlaku pada tanggal pelaporan tersebut. Keuntungan dan kerugian selisih kurs yang timbul dari transaksi dalam mata uang asing dan dari penjabaran aset dan liabilitas moneter dalam mata uang asing, diakui pada laporan laba rugi dan penghasilan komprehensif lain konsolidasian, kecuali apabila ditangguhkan pada ekuitas karena memenuhi kualifikasi/kriteria sebagai lindung nilai arus kas (cash flow hedges). Selisih penjabaran mata uang asing atas efek utang dan aset moneter keuangan lain yang diukur berdasarkan nilai wajar dicatat sebagai bagian dari keuntungan dan kerugian selisih kurs. iii. Kantor cabang luar negeri Cabang Bank yang berkedudukan di luar negeri menyelenggarakan pembukuannya dalam mata uang negara tempat kedudukannya. Untuk tujuan konsolidasian, laporan keuangan kantor cabang luar negeri dijabarkan dalam Rupiah, dengan kurs sebagai berikut: • Aset dan liabilitas serta komitmen dan kontinjensi menggunakan kurs spot Reuters pukul 16.00 Waktu Indonesia Barat pada tanggal laporan posisi keuangan konsolidasian; • Pendapatan, beban, keuntungan dan kerugian menggunakan rata-rata kurs tengah Reuters pukul 16.00 Waktu Indonesia Barat yang berlaku selama periode laporan; • Akun modal dijabarkan dengan menggunakan kurs historis; dan • Selisih yang timbul dari proses penjabaran tersebut disajikan dalam laporan posisi keuangan konsolidasian pada sisi ekuitas dan pendapatan komprehensif lainnya sebagai selisih kurs karena penjabaran laporan keuangan dalam mata uang asing. Berikut ini adalah kurs mata uang asing utama yang digunakan untuk penjabaran ke dalam Rupiah pada tanggal 31 Desember 2022 dan 2021 yang menggunakan kurs tengah Reuters (Pukul 16.00 Waktu Indonesia Barat) (Rupiah penuh): 31 Desember 2022: 1 Dolar Amerika Serikat (USD)/Rp 15.568 100 Yen Jepang (JPY)/Rp 11.781 1 Dolar Singapura (SGD)/Rp 11.593 1 Euro Eropa (EUR)/Rp 16.582 31 Desember 2021: 1 Dolar Amerika Serikat (USD)/Rp 14.253 100 Yen Jepang (JPY)/Rp 12.377 1 Dolar Singapura (SGD)/Rp 10.555 1 Euro Eropa (EUR)/Rp 16.112 | D12: i. Mata uang penyajian Laporan keuangan konsolidasian dijabarkan dalam mata uang Rupiah, yang merupakan mata uang fungsional Bank dan entitas anak. ii. Transaksi dan saldo dalam mata uang asing Transaksi dalam mata uang asing dijabarkan ke mata uang Rupiah dengan menggunakan kurs yang berlaku pada tanggal transaksi. Pada tanggal pelaporan, aset dan liabilitas moneter dalam mata uang asing dijabarkan ke mata uang Rupiah dengan menggunakan kurs yang berlaku pada tanggal pelaporan tersebut. Keuntungan dan kerugian selisih kurs yang timbul dari transaksi dalam mata uang asing dan dari penjabaran aset dan liabilitas moneter dalam mata uang asing, diakui pada laporan laba rugi dan penghasilan komprehensif lain konsolidasian, kecuali apabila ditangguhkan pada ekuitas karena memenuhi kualifikasi/kriteria sebagai lindung nilai arus kas (cash flow hedges). Selisih penjabaran mata uang asing atas efek utang dan aset moneter keuangan lain yang diukur berdasarkan nilai wajar dicatat sebagai bagian dari keuntungan dan kerugian selisih kurs. iii. Kantor cabang luar negeri Cabang Bank yang berkedudukan di luar negeri menyelenggarakan pembukuannya dalam mata uang negara tempat kedudukannya. Untuk tujuan konsolidasian, laporan keuangan kantor cabang luar negeri dijabarkan dalam Rupiah, dengan kurs sebagai berikut:  Aset dan liabilitas serta komitmen dan kontinjensi menggunakan kurs spot Reuters pukul 16.00 Waktu Indonesia Barat pada tanggal laporan posisi keuangan konsolidasian;  Pendapatan, beban, keuntungan dan kerugian menggunakan rata-rata kurs tengah Reuters pukul 16.00 Waktu Indonesia Barat yang berlaku selama periode laporan;  Akun modal dijabarkan dengan menggunakan kurs historis; dan  Selisih yang timbul dari proses penjabaran tersebut disajikan dalam laporan posisi keuangan konsolidasian pada sisi ekuitas dan pendapatan komprehensif lainnya sebagai selisih kurs karena penjabaran laporan keuangan dalam mata uang asing. Berikut ini adalah kurs mata uang asing utama yang digunakan untuk penjabaran ke dalam Rupiah pada tanggal 30 September 2023 dan 31 Desember 2022 yang menggunakan kurs tengah Reuters (Pukul 16.00 Waktu Indonesia Barat) (Rupiah penuh): 1 Dolar Amerika Serikat (USD)/Rp 15.455 100 Yen Jepang (JPY)/Rp 10.389 1 Dolar Singapura (SGD)/Rp 11.349 100 Rupee India (INR)/Rp 18.604 31 Desember 2022: 1 Dolar Amerika Serikat (USD)/Rp 15.568 100 Yen Jepang (JPY)/Rp 11.781 1 Dolar Singapura (SGD)/Rp 11.593 100 Rupee India (INR)/Rp 18.811 | E12: i. Mata uang penyajian Laporan keuangan konsolidasian dijabarkan dalam mata uang Rupiah, yang merupakan mata uang fungsional Bank dan entitas anak. ii. Transaksi dan saldo dalam mata uang asing Transaksi dalam mata uang asing dijabarkan ke mata uang Rupiah dengan menggunakan kurs yang berlaku pada tanggal transaksi. Pada tanggal pelaporan, aset dan liabilitas moneter dalam mata uang asing dijabarkan ke mata uang Rupiah dengan menggunakan kurs yang berlaku pada tanggal pelaporan tersebut. Keuntungan dan kerugian selisih kurs yang timbul dari transaksi dalam mata uang asing dan dari penjabaran aset dan liabilitas moneter dalam mata uang asing, diakui pada laporan laba rugi dan penghasilan komprehensif lain konsolidasian, kecuali apabila ditangguhkan pada ekuitas karena memenuhi kualifikasi/kriteria sebagai lindung nilai arus kas (cash flow hedges). Selisih penjabaran mata uang asing atas efek utang dan aset moneter keuangan lain yang diukur berdasarkan nilai wajar dicatat sebagai bagian dari keuntungan dan kerugian selisih kurs. iii. Kantor cabang luar negeri Cabang Bank yang berkedudukan di luar negeri menyelenggarakan pembukuannya dalam mata uang negara tempat kedudukannya. Untuk tujuan konsolidasian, laporan keuangan kantor cabang luar negeri dijabarkan dalam Rupiah, dengan kurs sebagai berikut:  Aset dan liabilitas serta komitmen dan kontinjensi menggunakan kurs spot Reuters pukul 16.00 Waktu Indonesia Barat pada tanggal laporan posisi keuangan konsolidasian;  Pendapatan, beban, keuntungan dan kerugian menggunakan rata-rata kurs tengah Reuters pukul 16.00 Waktu Indonesia Barat yang berlaku selama periode laporan;  Akun modal dijabarkan dengan menggunakan kurs historis; dan  Selisih yang timbul dari proses penjabaran tersebut disajikan dalam laporan posisi keuangan konsolidasian pada sisi ekuitas dan pendapatan komprehensif lainnya sebagai selisih kurs karena penjabaran laporan keuangan dalam mata uang asing. Berikut ini adalah kurs mata uang asing utama yang digunakan untuk penjabaran ke dalam Rupiah pada tanggal 31 Desember 2024 dan 31 Desember 2023 yang menggunakan kurs tengah Reuters (Pukul 16.00 Waktu Indonesia Barat) (Rupiah penuh): 31 Desember 2024: 1 Dolar Amerika Serikat (USD)/Rp 16.095 100 Yen Jepang (JPY)/Rp 10.303 1 Dolar Singapura (SGD)/Rp 11.845 100 Rupee India (INR)/Rp 18.798 31 Desember 2023: 1 Dolar Amerika Serikat (USD)/Rp 15.397 100 Yen Jepang (JPY)/Rp 10.888 1 Dolar Singapura (SGD)/Rp 11.676 100 Rupee India (INR)/Rp 18.518 | F12: (i) Mata uang penyajian Laporan keuangan konsolidasian dijabarkan dalam mata uang Rupiah, yang merupakan mata uang fungsional Bank dan entitas anak. ii.Transaksi dan saldo dalam mata uang asing Transaksi dalam mata uang asing dijabarkan ke mata uang Rupiah dengan menggunakan kurs yang berlaku pada tanggal transaksi. Pada tanggal pelaporan, aset dan liabilitas moneter dalam mata uang asing dijabarkan ke mata uang Rupiah dengan menggunakan kurs yang berlaku pada tanggal pelaporan tersebut. Keuntungan dan kerugian selisih kurs yang timbul dari transaksi dalam mata uang asing dan dari penjabaran aset dan liabilitas moneter dalam mata uang asing, diakui pada laporan laba rugi dan penghasilan komprehensif lain konsolidasian, kecuali apabila ditangguhkan pada ekuitas karena memenuhi kualifikasi/kriteria sebagai lindung nilai arus kas (cash flow hedges). Selisih penjabaran mata uang asing atas efek utang dan aset moneter keuangan lain yang diukur berdasarkan nilai wajar dicatat sebagai bagian dari keuntungan dan kerugian selisih kurs. (iii) Kantor cabang luar negeri Cabang Bank yang berkedudukan di luar negeri menyelenggarakan pembukuannya dalam mata uang negara tempat kedudukannya. Untuk tujuan konsolidasian, laporan keuangan kantor cabang luar negeri dijabarkan dalam Rupiah, dengan kurs sebagai berikut: dan liabilitas serta komitmen dan kontinjensi menggunakan kurs spot Reuters pukul 16.00 Waktu Indonesia Barat pada tanggal laporan posisi keuangan konsolidasian; beban, keuntungan dan kerugian menggunakan rata-rata kurs tengah Reuters pukul 16.00 Waktu Indonesia Barat yang berlaku selama periode laporan; modal dijabarkan dengan menggunakan kurs historis; dan yang timbul dari proses penjabaran tersebut disajikan dalam laporan posisi keuangan konsolidasian pada sisi ekuitas dan pendapatan komprehensif lainnya sebagai selisih kurs karena penjabaran laporan keuangan dalam mata uang asing. Berikut ini adalah kurs mata uang asing utama yang digunakan untuk penjabaran ke dalam Rupiah pada tanggal 30 September 2025 dan 31 Desember 2024 yang menggunakan kurs tengah Reuters (Pukul 16.00 Waktu Indonesia Barat) (Rupiah penuh): 30 September 2025: 1 Dolar Amerika Serikat (USD)/Rp 16.665 100 Yen Jepang (JPY)/Rp 11.256 1 Dolar Singapura (SGD)/Rp 12.920 100 Rupee India (INR)/Rp 18.768 31 Desember 2024: 1 Dolar Amerika Serikat (USD)/Rp 16.095 100 Yen Jepang (JPY)/Rp 10.303 1 Dolar Singapura (SGD)/Rp 11.845 100 Rupee India (INR)/Rp 18.798
A13: Transaksi dengan pihak berelasi | C13: Bank dan entitas anak melakukan transaksi dengan pihak berelasi sesuai dengan ketentuan Pernyataan Standar Akuntansi Keuangan (PSAK) No. 7 mengenai “Pengungkapan Pihak-Pihak Berelasi”. Jenis transaksi dan saldo dengan pihak berelasi, baik yang dilaksanakan dengan ataupun tidak dilaksanakan dengan syarat serta kondisi normal yang sama untuk pihak yang tidak berelasi, diungkapkan dalam catatan atas laporan keuangan konsolidasian. Pihak berelasi adalah orang atau entitas yang terkait dengan entitas yang menyiapkan laporan keuangannya (entitas pelapor). Yang termasuk pihak berelasi adalah sebagai berikut: 1) Orang atau anggota keluarga terdekat mempunyai relasi dengan entitas pelapor jika orang tersebut: a) Memiliki pengendalian atau pengendalian bersama atas entitas pelapor; b) Memiliki pengaruh signifikan atas entitas pelapor; atau c) Merupakan personil manajemen kunci entitas pelapor atau entitas induk entitas pelapor. 2) Suatu entitas berelasi dengan entitas pelapor jika memenuhi salah satu hal sebagai berikut: a) Entitas dan entitas pelapor adalah anggota dari kelompok usaha yang sama (artinya entitas induk, entitas anak dan entitas anak berikutnya terkait dengan entitas lain); b) Suatu entitas adalah entitas asosiasi atau ventura bersama dari entitas lain (atau entitas asosiasi atau ventura Bersama yang merupakan anggota suatu kelompok usaha, yang mana entitas lain tersebut adalah anggotanya); c) Kedua entitas tersebut adalah ventura bersama dari pihak ketiga yang sama; d) Suatu entitas adalah ventura bersama dari entitas ketiga dan entitas yang lain adalah entitas asosiasi dari entitas ketiga; e) Entitas tersebut adalah suatu program imbalan pascakerja untuk imbalan kerja dari salah satu entitas pelapor atau entitas yang terkait dengan entitas pelapor; f) Entitas yang dikendalikan atau dikendalikan bersama oleh orang yang diidentifikasi sebagaimana dimaksud dalam angka 1); atau g) Orang yang diidentifikasi sebagaimana dimaksud dalam angka 1) huruf a) memiliki pengaruh signifikan atas entitas atau merupakan personil manajemen kunci entitas (atau entitas induk dari entitas). 3) Pihak yang bukan merupakan pihak berelasi adalah sebagai berikut: a) Dua entitas hanya karena mereka memiliki direktur atau personil manajemen kunci yang sama atau karena personil manajemen kunci dari satu entitas mempunyai pengaruh signifikan atas entitas lain; b) Dua venturer hanya karena mereka mengendalikan bersama atas ventura bersama; c) Penyandang dana, serikat dagang, entitas pelayanan publik dan departemen dan instansi pemerintah yang tidak mengendalikan, mengendalikan bersama atau memiliki pengaruh signifikan atas entitas pelapor, semata-mata dalam pelaksanaan urusan normal dengan entitas (meskipun pihak-pihak tersebut dapat membatasi kebebasan entitas atau ikut serta dalam proses pengambilan keputusan); d) Pelanggan, pemasok, pemegang hak waralaba, distributor atau agen umum dengan siapa entitas mengadakan transaksi usaha dengan volume signifikan, semata-mata karena ketergantungan ekonomis yang diakibatkan oleh keadaan. | D13: Bank dan entitas anak melakukan transaksi dengan pihak berelasi sesuai dengan ketentuan Pernyataan Standar Akuntansi Keuangan (PSAK) No. 7 mengenai “Pengungkapan Pihak-Pihak Berelasi”. Jenis transaksi dan saldo dengan pihak berelasi, baik yang dilaksanakan dengan ataupun tidak dilaksanakan dengan syarat serta kondisi normal yang sama untuk pihak yang tidak berelasi, diungkapkan dalam catatan atas laporan keuangan konsolidasian. Pihak berelasi adalah orang atau entitas yang terkait dengan entitas yang menyiapkan laporan keuangannya (entitas pelapor). Yang termasuk pihak berelasi adalah sebagai berikut: 1) Orang atau anggota keluarga terdekat mempunyai relasi dengan entitas pelapor jika orang tersebut: a) Memiliki pengendalian atau pengendalian bersama atas entitas pelapor; b) Memiliki pengaruh signifikan atas entitas pelapor; atau c) Merupakan personil manajemen kunci entitas pelapor atau entitas induk entitas pelapor. 2) Suatu entitas berelasi dengan entitas pelapor jika memenuhi salah satu hal sebagai berikut: a) Entitas dan entitas pelapor adalah anggota dari kelompok usaha yang sama (artinya entitas induk, entitas anak dan entitas anak berikutnya terkait dengan entitas lain); b) Suatu entitas adalah entitas asosiasi atau ventura bersama dari entitas lain (atau entitas asosiasi atau ventura Bersama yang merupakan anggota suatu kelompok usaha, yang mana entitas lain tersebut adalah anggotanya); c) Kedua entitas tersebut adalah ventura bersama dari pihak ketiga yang sama; d) Suatu entitas adalah ventura bersama dari entitas ketiga dan entitas yang lain adalah entitas asosiasi dari entitas ketiga; e) Entitas tersebut adalah suatu program imbalan pascakerja untuk imbalan kerja dari salah satu entitas pelapor atau entitas yang terkait dengan entitas pelapor; f) Entitas yang dikendalikan atau dikendalikan bersama oleh orang yang diidentifikasi sebagaimana dimaksud dalam angka 1); atau g) Orang yang diidentifikasi sebagaimana dimaksud dalam angka 1) huruf a) memiliki pengaruh signifikan atas entitas atau merupakan personil manajemen kunci entitas (atau entitas induk dari entitas). 3) Pihak yang bukan merupakan pihak berelasi adalah sebagai berikut: a) Dua entitas hanya karena mereka memiliki direktur atau personil manajemen kunci yang sama atau karena personil manajemen kunci dari satu entitas mempunyai pengaruh signifikan atas entitas lain; b) Dua venturer hanya karena mereka mengendalikan bersama atas ventura bersama; c) Penyandang dana, serikat dagang, entitas pelayanan publik dan departemen dan instansi pemerintah yang tidak mengendalikan, mengendalikan bersama atau memiliki pengaruh signifikan atas entitas pelapor, semata-mata dalam pelaksanaan urusan normal dengan entitas (meskipun pihak-pihak tersebut dapat membatasi kebebasan entitas atau ikut serta dalam proses pengambilan keputusan); dan d) Pelanggan, pemasok, pemegang hak waralaba, distributor atau agen umum dengan siapa entitas mengadakan transaksi usaha dengan volume signifikan, semata-mata karena ketergantungan ekonomis yang diakibatkan oleh keadaan. | E13: Bank dan entitas anak melakukan transaksi dengan pihak berelasi sesuai dengan ketentuan Pernyataan Standar Akuntansi Keuangan (PSAK) No. 7 mengenai Pihak-Pihak Berelasi. Jenis transaksi dan saldo dengan pihak berelasi, baik yang dilaksanakan dengan ataupun tidak dilaksanakan dengan syarat serta kondisi normal yang sama untuk pihak yang tidak berelasi, diungkapkan dalam catatan atas laporan keuangan konsolidasian. Pihak berelasi adalah orang atau entitas yang terkait dengan entitas yang menyiapkan laporan keuangannya (entitas pelapor). Yang termasuk pihak berelasi adalah sebagai berikut: 1) Orang atau anggota keluarga terdekat mempunyai relasi dengan entitas pelapor jika orang tersebut: a) Memiliki pengendalian atau pengendalian bersama atas entitas pelapor; b) Memiliki pengaruh signifikan atas entitas pelapor; atau c) Merupakan personil manajemen kunci entitas pelapor atau entitas induk entitas pelapor. 2) Suatu entitas berelasi dengan entitas pelapor jika memenuhi salah satu hal sebagai berikut: a) Entitas dan entitas pelapor adalah anggota dari kelompok usaha yang sama (artinya entitas induk, entitas anak dan entitas anak berikutnya terkait dengan entitas lain); b) Suatu entitas adalah entitas asosiasi atau ventura bersama dari entitas lain (atau entitas asosiasi atau ventura Bersama yang merupakan anggota suatu kelompok usaha, yang mana entitas lain tersebut adalah anggotanya); c) Kedua entitas tersebut adalah ventura bersama dari pihak ketiga yang sama; d) Suatu entitas adalah ventura bersama dari entitas ketiga dan entitas yang lain adalah entitas asosiasi dari entitas ketiga; e) Entitas tersebut adalah suatu program imbalan pascakerja untuk imbalan kerja dari salah satu entitas pelapor atau entitas yang terkait dengan entitas pelapor; f) Entitas yang dikendalikan atau dikendalikan bersama oleh orang yang diidentifikasi sebagaimana dimaksud dalam angka 1); atau g) Orang yang diidentifikasi sebagaimana dimaksud dalam angka 1) huruf a) memiliki pengaruh signifikan atas entitas atau merupakan personil manajemen kunci entitas (atau entitas induk dari entitas). 3) Pihak yang bukan merupakan pihak berelasi adalah sebagai berikut: a) Dua entitas hanya karena mereka memiliki direktur atau personil manajemen kunci yang sama atau karena personil manajemen kunci dari satu entitas mempunyai pengaruh signifikan atas entitas lain; b) Dua venturer hanya karena mereka mengendalikan bersama atas ventura bersama; c) Penyandang dana, serikat dagang, entitas pelayanan publik dan departemen dan instansi pemerintah yang tidak mengendalikan, mengendalikan bersama atau memiliki pengaruh signifikan atas entitas pelapor, semata-mata dalam pelaksanaan urusan normal dengan entitas (meskipun pihak-pihak tersebut dapat membatasi kebebasan entitas atau ikut serta dalam proses pengambilan keputusan); dan d) Pelanggan, pemasok, pemegang hak waralaba, distributor atau agen umum dengan siapa entitas mengadakan transaksi usaha dengan volume signifikan, semata-mata karena ketergantungan ekonomis yang diakibatkan oleh keadaan. | F13: Bank dan entitas anak melakukan transaksi dengan pihak berelasi sesuai dengan ketentuan Pernyataan Standar Akuntansi Keuangan (PSAK) No. 224 mengenai Pihak-Pihak Berelasi. Jenis transaksi dan saldo dengan pihak berelasi, baik yang dilaksanakan dengan ataupun tidak dilaksanakan dengan syarat serta kondisi normal yang sama untuk pihak yang tidak berelasi, diungkapkan dalam catatan atas laporan keuangan konsolidasian. Pihak berelasi adalah orang atau entitas yang terkait dengan entitas yang menyiapkan laporan keuangannya (entitas pelapor). Yang termasuk pihak berelasi adalah sebagai berikut: 1) Orang atau anggota keluarga terdekat mempunyai relasi dengan entitas pelapor jika orang tersebut: a) Memiliki pengendalian atau pengendalian bersama atas entitas pelapor; b) Memiliki pengaruh signifikan atas entitas pelapor; atau c) Merupakan personil manajemen kunci entitas pelapor atau entitas induk entitas pelapor. Suatu entitas berelasi dengan entitas pelapor jika memenuhi salah satu hal sebagai berikut: a) Entitas dan entitas pelapor adalah anggota dari kelompok usaha yang sama (artinya entitas induk, entitas anak dan entitas anak berikutnya terkait dengan entitas lain); b) Suatu entitas adalah entitas asosiasi atau ventura bersama dari entitas lain (atau entitas asosiasi atau ventura Bersama yang merupakan anggota suatu kelompok usaha, yang mana entitas lain tersebut adalah anggotanya); c) Kedua entitas tersebut adalah ventura bersama dari pihak ketiga yang sama; d) Suatu entitas adalah ventura bersama dari entitas ketiga dan entitas yang lain adalah entitas asosiasi dari entitas ketiga; e) Entitas tersebut adalah suatu program imbalan paskakerja untuk imbalan kerja dari salah satu entitas pelapor atau entitas yang terkait dengan entitas pelapor; f) Entitas yang dikendalikan atau dikendalikan bersama oleh orang yang diidentifikasi sebagaimana dimaksud dalam angka 1); atau g) Orang yang diidentifikasi sebagaimana dimaksud dalam angka 1) huruf a) memiliki pengaruh signifikan atas entitas atau merupakan personil manajemen kunci entitas (atau entitas induk dari entitas). 3) Pihak yang bukan merupakan pihak berelasi adalah sebagai berikut: a) Dua entitas hanya karena mereka memiliki direktur atau personil manajemen kunci yang sama atau karena personil manajemen kunci dari satu entitas mempunyai pengaruh signifikan atas entitas lain; b) Dua venturer hanya karena mereka mengendalikan bersama atas ventura bersama; c) Penyandang dana, serikat dagang, entitas pelayanan publik dan departemen dan instansi pemerintah yang tidak mengendalikan, mengendalikan bersama atau memiliki pengaruh signifikan atas entitas pelapor, semata-mata dalam pelaksanaan urusan normal dengan entitas (meskipun pihak-pihak tersebut dapat membatasi kebebasan entitas atau ikut serta dalam proses pengambilan keputusan); dan d) Pelanggan, pemasok, pemegang hak waralaba, distributor atau agen umum dengan siapa entitas mengadakan transaksi usaha dengan volume signifikan, semata-mata karena ketergantungan ekonomis yang diakibatkan oleh keadaan.
A14: Pajak penghasilan | C14: Sesuai dengan PSAK No. 46 (Revisi 2014) tentang “Pajak Penghasilan”, aset dan liabilitas pajak tangguhan diakui atas perbedaan temporer aset dan liabilitas antara pelaporan komersial dan pajak pada setiap tanggal pelaporan. Liabilitas pajak tangguhan diakui atas semua perbedaan temporer kena pajak. Aset pajak tangguhan diakui atas semua perbedaan temporer yang dapat dikurangkan dan saldo rugi pajak yang belum digunakan, apabila besar kemungkinannya bahwa jumlah laba fiskal di masa datang akan memadai untuk dikompensasi dengan perbedaan temporer yang dapat dikurangkan dan saldo rugi fiskal yang belum digunakan. Aset dan liabilitas pajak tangguhan dihitung dengan tarif pajak (dan peraturan pajak) yang berlaku secara efektif atau secara substansial akan diberlakukan pada tahun dimana aset tersebut direalisasikan atau liabilitas tersebut diselesaikan. Semua perbedaan temporer kena pajak diakui sebagai liabilitas pajak tangguhan, kecuali perbedaan temporer kena pajak yang berasal dari: a. pengakuan awal goodwill; b. pengakuan awal aset atau liabilitas dari transaksi yang bukan kombinasi bisnis; dan pada waktu transaksi tidak mempengaruhi laba akuntansi dan laba kena pajak (rugi pajak). c. investasi pada entitas anak, cabang dan asosiasi, serta bagian partisipasi dalam ventura bersama dimana entitas induk, investor atau venturer mampu mengendalikan waktu pembalikan perbedaan temporer dan kemungkinan besar perbedaan temporer tidak akan dibalik di masa yang akan datang. Semua perbedaan temporer kena pajak diakui sebagai aset pajak tangguhan, kecuali perbedaan temporer kena pajak yang berasal dari: a. Pengakuan awal aset atau liabilitas dari transaksi yang bukan kombinasi bisnis; dan pada waktu transaksi tidak mempengaruhi laba akuntansi dan laba kena pajak (rugi pajak). b. Investasi pada entitas anak, cabang dan asosiasi, serta bagian partisipasi dalam ventura bersama diakui sebagai aset pajak tangguhan sepanjang kemungkinan besar terjadi perbedaan temporer akan dibalik di masa depan yang dapat diperkirakan; dan laba kena pajak akan tersedia dalam jumlah yang memadai sehingga perbedaan temporer dapat dimanfaatkan. Taksiran pajak penghasilan Bank dan entitas anak dihitung untuk masing-masing perusahaan sebagai badan hukum terpisah. Aset pajak kini (current tax assets) dan liabilitas pajak kini (current tax liabilities) untuk badan hukum yang berbeda tidak disalinghapuskan (offset) dalam laporan keuangan konsolidasian. Koreksi terhadap liabilitas perpajakan dicatat pada saat diterimanya surat ketetapan, atau apabila diajukan permohonan keberatan atau banding, ketika hasil keberatan atau banding sudah ditetapkan. Beban pajak kini ditentukan berdasarkan penghasilan kena pajak untuk tahun berjalan dan dihitung menggunakan tarif pajak yang berlaku. Bank harus memperhitungkan konsekuensi pajak kini dan pajak masa depan atas pemulihan di masa depan (penyelesaian) dari jumlah tercatat aset (liabilitas) yang diakui dalam laporan posisi keuangan konsolidasian dan transaksi-transaksi serta peristiwa lain yang terjadi dalam periode berjalan yang diakui dalam laporan keuangan. | D14: Sesuai dengan PSAK No. 46 (Revisi 2014) tentang “Pajak Penghasilan”, aset dan liabilitas pajak tangguhan diakui atas perbedaan temporer aset dan liabilitas antara pelaporan komersial dan pajak pada setiap tanggal pelaporan. Liabilitas pajak tangguhan diakui atas semua perbedaan temporer kena pajak. Aset pajak tangguhan diakui atas semua perbedaan temporer yang dapat dikurangkan dan saldo rugi pajak yang belum digunakan, apabila besar kemungkinannya bahwa jumlah laba fiskal di masa datang akan memadai untuk dikompensasi dengan perbedaan temporer yang dapat dikurangkan dan saldo rugi fiskal yang belum digunakan. Aset dan liabilitas pajak tangguhan dihitung dengan tarif pajak (dan peraturan pajak) yang berlaku secara efektif atau secara substansial akan diberlakukan pada tahun dimana aset tersebut direalisasikan atau liabilitas tersebut diselesaikan. Semua perbedaan temporer kena pajak diakui sebagai liabilitas pajak tangguhan, kecuali perbedaan temporer kena pajak yang berasal dari: a. pengakuan awal goodwill. b. pengakuan awal aset atau liabilitas dari transaksi yang bukan kombinasi bisnis; dan pada waktu transaksi tidak mempengaruhi laba akuntansi dan laba kena pajak (rugi pajak). c. investasi pada entitas anak, cabang dan asosiasi, serta bagian partisipasi dalam ventura bersama dimana entitas induk, investor atau venturer mampu mengendalikan waktu pembalikan perbedaan temporer dan kemungkinan besar perbedaan temporer tidak akan dibalik di masa yang akan datang. Semua perbedaan temporer kena pajak diakui sebagai aset pajak tangguhan, kecuali perbedaan temporer kena pajak yang berasal dari: a. Pengakuan awal aset atau liabilitas dari transaksi yang bukan kombinasi bisnis; dan pada waktu transaksi tidak mempengaruhi laba akuntansi dan laba kena pajak (rugi pajak). b. Investasi pada entitas anak, cabang dan asosiasi, serta bagian partisipasi dalam ventura bersama diakui sebagai aset pajak tangguhan sepanjang kemungkinan besar terjadi perbedaan temporer akan dibalik di masa depan yang dapat diperkirakan; dan laba kena pajak akan tersedia dalam jumlah yang memadai sehingga perbedaan temporer dapat dimanfaatkan. Taksiran pajak penghasilan Bank dan entitas anak dihitung untuk masing-masing perusahaan sebagai badan hukum terpisah. Aset pajak kini (current tax assets) dan liabilitas pajak kini (current tax liabilities) untuk badan hukum yang berbeda tidak disalinghapuskan (offset) dalam laporan keuangan konsolidasian. Koreksi terhadap liabilitas perpajakan dicatat pada saat diterimanya surat ketetapan, atau apabila diajukan permohonan keberatan atau banding, ketika hasil keberatan atau banding sudah ditetapkan. Beban pajak kini ditentukan berdasarkan penghasilan kena pajak untuk tahun berjalan dan dihitung menggunakan tarif pajak yang berlaku. Bank harus memperhitungkan konsekuensi pajak kini dan pajak masa depan atas pemulihan di masa depan (penyelesaian) dari jumlah tercatat aset (liabilitas) yang diakui dalam laporan posisi keuangan konsolidasian dan transaksi-transaksi serta peristiwa lain yang terjadi dalam periode berjalan yang diakui dalam laporan keuangan. | E14: Sesuai dengan PSAK No. 46 (Revisi 2014) tentang Penghasilan aset dan liabilitas pajak tangguhan diakui atas perbedaan temporer aset dan liabilitas antara pelaporan komersial dan pajak pada setiap tanggal pelaporan. Liabilitas pajak tangguhan diakui atas semua perbedaan temporer kena pajak. Aset pajak tangguhan diakui atas semua perbedaan temporer yang dapat dikurangkan dan saldo rugi pajak yang belum digunakan, apabila besar kemungkinannya bahwa jumlah laba fiskal di masa datang akan memadai untuk dikompensasi dengan perbedaan temporer yang dapat dikurangkan dan saldo rugi fiskal yang belum digunakan. Aset dan liabilitas pajak tangguhan dihitung dengan tarif pajak (dan peraturan pajak) yang berlaku secara efektif atau secara substansial akan diberlakukan pada tahun dimana aset tersebut direalisasikan atau liabilitas tersebut diselesaikan. Semua perbedaan temporer kena pajak diakui sebagai liabilitas pajak tangguhan, kecuali perbedaan temporer kena pajak yang berasal dari: a. pengakuan awal goodwill. b. pengakuan awal aset atau liabilitas dari transaksi yang bukan kombinasi bisnis; dan pada waktu transaksi tidak mempengaruhi laba akuntansi dan laba kena pajak (rugi pajak). c. investasi pada entitas anak, cabang dan asosiasi, serta bagian partisipasi dalam ventura bersama dimana entitas induk, investor atau venturer mampu mengendalikan waktu pembalikan perbedaan temporer dan kemungkinan besar perbedaan temporer tidak akan dibalik di masa yang akan datang. Semua perbedaan temporer kena pajak diakui sebagai aset pajak tangguhan, kecuali perbedaan temporer kena pajak yang berasal dari: a. Pengakuan awal aset atau liabilitas dari transaksi yang bukan kombinasi bisnis; dan pada waktu transaksi tidak mempengaruhi laba akuntansi dan laba kena pajak (rugi pajak). b. Investasi pada entitas anak, cabang dan asosiasi, serta bagian partisipasi dalam ventura bersama diakui sebagai aset pajak tangguhan sepanjang kemungkinan besar terjadi perbedaan temporer akan dibalik di masa depan yang dapat diperkirakan; dan laba kena pajak akan tersedia dalam jumlah yang memadai sehingga perbedaan temporer dapat dimanfaatkan. Taksiran pajak penghasilan Bank dan entitas anak dihitung untuk masing-masing perusahaan sebagai badan hukum terpisah. Aset pajak kini (current tax assets) dan liabilitas pajak kini (current tax liabilities) untuk badan hukum yang berbeda tidak disalinghapuskan (offset) dalam laporan keuangan konsolidasian. Koreksi terhadap liabilitas perpajakan dicatat pada saat diterimanya surat ketetapan, atau apabila diajukan permohonan keberatan atau banding, ketika hasil keberatan atau banding sudah ditetapkan. Beban pajak kini ditentukan berdasarkan penghasilan kena pajak untuk tahun berjalan dan dihitung menggunakan tarif pajak yang berlaku. Bank harus memperhitungkan konsekuensi pajak kini dan pajak masa depan atas pemulihan di masa depan (penyelesaian) dari jumlah tercatat aset (liabilitas) yang diakui dalam laporan posisi keuangan konsolidasian dan transaksi-transaksi serta peristiwa lain yang terjadi dalam periode berjalan yang diakui dalam laporan keuangan. | F14: Sesuai dengan PSAK No. 212 (Revisi 2014) tentang Penghasilan aset dan liabilitas pajak tangguhan diakui atas perbedaan temporer aset dan liabilitas antara pelaporan komersial dan pajak pada setiap tanggal pelaporan. Liabilitas pajak tangguhan diakui atas semua perbedaan temporer kena pajak. Aset pajak tangguhan diakui atas semua perbedaan temporer yang dapat dikurangkan dan saldo rugi pajak yang belum digunakan, apabila besar kemungkinannya bahwa jumlah laba fiskal di masa datang akan memadai untuk dikompensasi dengan perbedaan temporer yang dapat dikurangkan dan saldo rugi fiskal yang belum digunakan. Aset dan liabilitas pajak tangguhan dihitung dengan tarif pajak (dan peraturan pajak) yang berlaku secara efektif atau secara substansial akan diberlakukan pada tahun dimana aset tersebut direalisasikan atau liabilitas tersebut diselesaikan. Semua perbedaan temporer kena pajak diakui sebagai liabilitas pajak tangguhan, kecuali perbedaan temporer kena pajak yang berasal dari: a. pengakuan awal goodwill. b. pengakuan awal aset atau liabilitas dari transaksi yang bukan kombinasi bisnis; dan pada waktu transaksi tidak mempengaruhi laba akuntansi dan laba kena pajak (rugi pajak). c. investasi pada entitas anak, cabang dan asosiasi, serta bagian partisipasi dalam ventura bersama dimana entitas induk, investor atau venturer mampu mengendalikan waktu pembalikan perbedaan temporer dan kemungkinan besar perbedaan temporer tidak akan dibalik di masa yang akan datang. Semua perbedaan temporer kena pajak diakui sebagai aset pajak tangguhan, kecuali perbedaan temporer kena pajak yang berasal dari: a. Pengakuan awal aset atau liabilitas dari transaksi yang bukan kombinasi bisnis; dan pada waktu transaksi tidak mempengaruhi laba akuntansi dan laba kena pajak (rugi pajak). b. Investasi pada entitas anak, cabang dan asosiasi, serta bagian partisipasi dalam ventura bersama diakui sebagai aset pajak tangguhan sepanjang kemungkinan besar terjadi perbedaan temporer akan dibalik di masa depan yang dapat diperkirakan; dan laba kena pajak akan tersedia dalam jumlah yang memadai sehingga perbedaan temporer dapat dimanfaatkan. Taksiran pajak penghasilan Bank dan entitas anak dihitung untuk masing-masing perusahaan sebagai badan hukum terpisah. Aset pajak kini (current tax assets) dan liabilitas pajak kini (current tax liabilities) untuk badan hukum yang berbeda tidak disalinghapuskan (offset) dalam laporan keuangan konsolidasian. Koreksi terhadap liabilitas perpajakan dicatat pada saat diterimanya surat ketetapan, atau apabila diajukan permohonan keberatan atau banding, ketika hasil keberatan atau banding sudah ditetapkan kecuali jika ada ketidakpastian yang signifikan mengenai hasil dari banding tersebut, di mana dampak dari amandemen kewajiban pajak berdasarkan ketetapan pajak tersebut diakui pada saat mengajukan banding. Beban pajak kini ditentukan berdasarkan penghasilan kena pajak untuk tahun berjalan dan dihitung menggunakan tarif pajak yang berlaku. Bank harus memperhitungkan konsekuensi pajak kini dan pajak masa depan atas pemulihan di masa depan (penyelesaian) dari jumlah tercatat aset (liabilitas) yang diakui dalam laporan posisi keuangan konsolidasian dan transaksi-transaksi serta peristiwa lain yang terjadi dalam periode berjalan yang diakui dalam laporan keuangan.
